Workbook

Sheet Смета 12 гр. по ФЕР
A1: =Source!B1 -> Smeta.RU (495) 974-1589 | H1: ПРИЛОЖЕНИЕ 1 к ФОРМЕ 7
I2: Форма № 1
B4: СМЕТА
C7: по капитальному ремонту оконных проемов с заменой деревянных оконных блоков на оконные блоки из ПВХ в спортивном зале второго этажа, библиотеке, читальном зале, кабинетах № 27,№ 34, № 37, аудиториях № 21, № 33, № 23, № 25, № 36,№ 39, препараторских № 24,№ 26 третьего этажа, аудитории № 2 четвертого этажа здания учебного корпуса Нововоронежского политехнического колледжа - филиала НИЯУ МИФИ (НВПК НИЯУ МИФИ) по адреcу: Воронежская обл., г. Нововоронеж, ул. Октябрьская, д.1
C8: по капитальному ремонту оконных проемов с заменой деревянных оконных блоков на оконные блоки из ПВХ в спортивном зале второго этажа, библиотеке, читальном зале, кабинетах № 27,№ 34, № 37, аудиториях № 21, № 33, № 23, № 25, № 36,№ 39, препараторских № 24,№ 26 третьего этажа, аудитории № 2 четвертого этажа здания учебного корпуса Нововоронежского политехнического колледжа - филиала НИЯУ МИФИ (НВПК НИЯУ МИФИ) по адреcу: Воронежская обл., г. Нововоронеж, ул. Октябрьская, д.1
G10: базовая цена | I10: текущая цена
C11: Сметная стоимость | G11: =SUM(O1:O95)/1000 -> 0 | I11: =([1]Source!P119/1000) -> 1903.4328 | K11: тыс. руб.
C12: Строительные работы | G12: =SUM(W1:W95)/1000 -> 138.51539 | I12: =([1]Source!P106)/1000 -> 1613.0786 | K12: тыс. руб.
C13: Монтажные работы | G13: =SUM(X1:X95)/1000 -> 0 | I13: =([1]Source!P107)/1000 -> 0 | K13: тыс. руб.
C14: Оборудование | G14: =SUM(Y1:Y95)/1000 -> 0 | I14: =([1]Source!P98)/1000 -> 0 | K14: тыс. руб.
C15: Прочие работы | G15: =SUM(Z1:Z95)/1000 -> 0 | I15: =([1]Source!P108+[1]Source!P109)/1000 -> 0 | K15: тыс. руб.
C16: Нормативная трудоемкость | G16: =I16 -> 1395.7997 | I16: =([1]Source!P111+[1]Source!P112) -> 1395.7997 | K16: чел. -ч.
C17: Средства на оплату труда | G17: =SUM(R1:R95)/1000 -> 6.97786 | I17: =(([1]Source!P104 + [1]Source!P103)/1000) -> 77.54667 | K17: тыс. руб.
A19: Составлена в ценах IV квартал 2017 года
A20: № п/п | B20: Шифр расценки и коды ресурсов | C20: Наименование работ и затрат | D20: Ед. изм. | E20: Кол-во единиц | F20: Цена на ед. изм. | G20: Попра-вочные коэфф. | H20: Стоимость в ценах 2001г. | I20: Пункт коэфф. пересчета | J20: Коэфф. пересчета | K20: Стоимость в текущих ценах | L20: ЗТР всего чел.-час
A21: 1 | B21: 2 | C21: 3 | D21: 4 | E21: 5 | F21: 6 | G21: 7 | H21: 8 | I21: 9 | J21: 10 | K21: 11 | L21: 12
A22: =[1]Source!E25 -> 1 | B22: =[1]Source!F25 -> 46-04-012-01 | C22: =[1]Source!G25 -> Разборка деревянных заполнений проемов оконных с подоконными досками | D22: =[1]Source!H25 -> 100 м2 | E22: =[1]Source!I25 -> 2.607 | F22: =[1]Source!AL25+[1]Source!AM25+[1]Source!AO25 -> 1767.24 | I22: =[1]Source!BO25
C23: ="Объем: "&[1]Source!I25&"=260,7/"&"100" -> Объем: 2,607=260,7/100
C24: Зарплата | F24: =[1]Source!AO25 -> 1525.29 | G24: =[1]Source!DG25 | H24: =ROUND([1]Source!AF25*[1]Source!I25, 2) -> 3976.43 | J24: =IF([1]Source!BA25<> 0, [1]Source!BA25, 1) -> 6.38 | K24: =[1]Source!S25 -> 25369.63
C25: Эксплуатация машин | F25: =[1]Source!AM25 -> 241.95 | G25: =[1]Source!DE25 | H25: =ROUND([1]Source!AD25*[1]Source!I25, 2) -> 630.76 | J25: =IF([1]Source!BB25<> 0, [1]Source!BB25, 1) -> 6.38 | K25: =[1]Source!Q25 -> 4024.27
C26: в т.ч. зарплата машинистов | F26: =[1]Source!AN25 -> 104.49 | G26: =[1]Source!DF25 | H26: =ROUND([1]Source!AE25*[1]Source!I25, 2) -> 272.41 | J26: =IF([1]Source!BS25<> 0, [1]Source!BS25, 1) -> 6.38 | K26: =[1]Source!R25 -> 1737.95 | S26: =ROUND((Source!FX28/100)*((ROUND(Source!AF28*Source!I28, 2)+ROUND(Source!AE28*Source!I28, 2))), 2) -> 420.8 | T26: =Source!X28 -> 2962.41 | U26: =ROUND((Source!FY28/100)*((ROUND(Source!AF28*Source!I28, 2)+ROUND(Source!AE28*Source!I28, 2))), 2) -> 252.9 | V26: =Source!Y28 -> 1795.4
C27: НР от ФОТ | D27: % | E27: =[1]Source!BZ25 -> 110 | F27: =CONCATENATE(" )", [1]Source!DL25, [1]Source!FT25, "=", [1]Source!FX25) -> )*0,9=99 | H27: =SUM(S22:S29) -> 420.8 | J27: =[1]Source!AT25 -> 99 | K27: =SUM(T22:T29) -> 2962.41
C28: СП от ФОТ | D28: % | E28: =[1]Source!CA25 -> 70 | F28: =CONCATENATE(" )", [1]Source!DM25, [1]Source!FU25, "=", [1]Source!FY25) -> )*0,85=59,5 | H28: =SUM(U22:U29) -> 252.9 | J28: =[1]Source!AU25 -> 60 | K28: =SUM(V22:V29) -> 1795.4 | R28: =H28 -> 252.9
C29: Затраты труда | D29: чел-ч | E29: =[1]Source!AQ25 -> 188.54 | G29: =[1]Source!DI25 | L29: =[1]Source!U25 -> 491.52378
G30: =H24+H25+H27+H28 -> 5280.89 | J30: =K24+K25+K27+K28 -> 34151.71 | L30: =[1]Source!U25 -> 491.52378 | R30: =H30 -> 0
A31: =[1]Source!E27 -> 2 | B31: =[1]Source!F27 -> 10-01-034-08 | C31: =[1]Source!G27 -> Установка в жилых и общественных зданиях оконных блоков из ПВХ профилей поворотных (откидных, поворотно-откидных) с площадью проема более 2 м2 трехстворчатых, в том числе при наличии створок глухого остекления | D31: =[1]Source!H27 -> 100 м2 | E31: =[1]Source!I27 -> 2.607 | F31: =[1]Source!AL27+[1]Source!AM27+[1]Source!AO27 -> 10107.89 | I31: =[1]Source!BO27
C32: ="Объем: "&[1]Source!I27&"=260,7/"&"100" -> Объем: 2,607=260,7/100
C33: Зарплата | F33: =[1]Source!AO27 -> 1303.66 | G33: =[1]Source!DG27 -> )*1,15 | H33: =ROUND([1]Source!AF27*[1]Source!I27, 2) -> 3908.44 | J33: =IF([1]Source!BA27<> 0, [1]Source!BA27, 1) -> 6.38 | K33: =[1]Source!S27 -> 24935.85
C34: Эксплуатация машин | F34: =[1]Source!AM27 -> 255.21 | G34: =[1]Source!DE27 -> )*1,25 | H34: =ROUND([1]Source!AD27*[1]Source!I27, 2) -> 831.66 | J34: =IF([1]Source!BB27<> 0, [1]Source!BB27, 1) -> 6.38 | K34: =[1]Source!Q27 -> 5305.98 | O34: =G34 -> )*1,25 | P34: =J34 -> 6.38 | Q34: =L34 -> 0 | W34: =IF(Source!BI28<=1,H28+H29+H31+H32, 0) -> 252.9 | X34: =IF(Source!BI28=2,H28+H29+H31+H32, 0) -> 0 | Y34: =IF(Source!BI28=3,H28+H29+H31+H32, 0) -> 0 | Z34: =IF(Source!BI28=4,H28+H29+H31+H32, 0) -> 0
C35: в т.ч. зарплата машинистов | F35: =[1]Source!AN27 -> 50.32 | G35: =[1]Source!DF27 -> )*1,25 | H35: =ROUND([1]Source!AE27*[1]Source!I27, 2) -> 163.98 | J35: =IF([1]Source!BS27<> 0, [1]Source!BS27, 1) -> 6.38 | K35: =[1]Source!R27 -> 1046.19 | S35: =ROUND((Source!FX29/100)*((ROUND(Source!AF29*Source!I29, 2)+ROUND(Source!AE29*Source!I29, 2))), 2) -> 17.63 | T35: =Source!X29 -> 124.09 | U35: =ROUND((Source!FY29/100)*((ROUND(Source!AF29*Source!I29, 2)+ROUND(Source!AE29*Source!I29, 2))), 2) -> 13.81 | V35: =Source!Y29 -> 97.18
C36: Материальные ресурсы | F36: =[1]Source!AL27 -> 8549.02 | G36: =[1]Source!DD27 | H36: =ROUND([1]Source!AC27*[1]Source!I27, 2) -> 22287.3 | J36: =IF([1]Source!BC27<> 0, [1]Source!BC27, 1) -> 6.38 | K36: =[1]Source!P27 -> 142192.94
C37: НР от ФОТ | D37: % | E37: =[1]Source!BZ27 -> 118 | F37: =CONCATENATE(" )", [1]Source!DL27, [1]Source!FT27, "=", [1]Source!FX27) -> )*0,9=106,2 | H37: =SUM(S31:S40) -> 17.63 | J37: =[1]Source!AT27 -> 106 | K37: =SUM(T31:T40) -> 124.09 | R37: =H37 -> 17.63
C38: СП от ФОТ | D38: % | E38: =[1]Source!CA27 -> 63 | F38: =CONCATENATE(" )", [1]Source!DM27, [1]Source!FU27, "=", [1]Source!FY27) -> )*0,85=53,55 | H38: =SUM(U31:U40) -> 13.81 | J38: =[1]Source!AU27 -> 54 | K38: =SUM(V31:V40) -> 97.18
C39: Затраты труда | D39: чел-ч | E39: =[1]Source!AQ27 -> 149.16 | G39: =[1]Source!DI27 -> )*1,15 | L39: =[1]Source!U27 -> 447.18914
A40: =[1]Source!E29 -> 2,1 | B40: =[1]Source!F29 -> Среднее цена комерческих предложений | C40: Оконный блок из ПВХ Базисная стоимость: 519,77 = [3 913 / 1,18 / 6,38] | D40: =[1]Source!H29 -> м2 | E40: =[1]Source!I29 -> 260.7 | F40: =[1]Source!AL29+[1]Source!AM29+[1]Source!AO29 -> 519.77 | H40: =ROUND([1]Source!AC29*[1]Source!I29, 2)+ROUND([1]Source!AD29*[1]Source!I29, 2)+ROUND([1]Source!AF29*[1]Source!I29, 2) -> 135504.04 | J40: =IF([1]Source!BC29<> 0, [1]Source!BC29, 1) -> 6.38 | K40: =[1]Source!O29 -> 864515.77
G41: =H33+H34+H36+H37+H38+SUM(H40:H40) -> 162562.88 | J41: =K33+K34+K36+K37+K38+SUM(K40:K40) -> 1037171.8 | L41: =[1]Source!U27 -> 447.18914
A42: =[1]Source!E31 -> 3 | B42: =[1]Source!F31 -> 10-01-035-01 | C42: =[1]Source!G31 -> Установка подоконных досок из ПВХ в каменных стенах толщиной до 0,51 м | D42: =[1]Source!H31 -> 100 м | E42: =[1]Source!I31 -> 1.008 | F42: =[1]Source!AL31+[1]Source!AM31+[1]Source!AO31 -> 4184.06 | I42: =[1]Source!BO31 | O42: =G42 -> 0 | P42: =J42 -> 0 | Q42: =L42 -> 0 | W42: =IF(Source!BI29<=1,H37+H38+H39+H40, 0) -> 135535.48 | X42: =IF(Source!BI29=2,H37+H38+H39+H40, 0) -> 0 | Y42: =IF(Source!BI29=3,H37+H38+H39+H40, 0) -> 0 | Z42: =IF(Source!BI29=4,H37+H38+H39+H40, 0) -> 0
C43: ="Объем: "&[1]Source!I31&"=100,8/"&"100" -> Объем: 1,008=100,8/100 | S43: =ROUND((Source!FX30/100)*((ROUND(Source!AF30*Source!I30, 2)+ROUND(Source!AE30*Source!I30, 2))), 2) -> 1119.43 | T43: =Source!X30 -> 7880.82 | U43: =ROUND((Source!FY30/100)*((ROUND(Source!AF30*Source!I30, 2)+ROUND(Source!AE30*Source!I30, 2))), 2) -> 672.79 | V43: =Source!Y30 -> 4776.25
C44: Зарплата | F44: =[1]Source!AO31 -> 180.75 | G44: =[1]Source!DG31 -> )*1,15 | H44: =ROUND([1]Source!AF31*[1]Source!I31, 2) -> 209.52 | J44: =IF([1]Source!BA31<> 0, [1]Source!BA31, 1) -> 6.38 | K44: =[1]Source!S31 -> 1336.76
C45: Эксплуатация машин | F45: =[1]Source!AM31 -> 11.11 | G45: =[1]Source!DE31 -> )*1,25 | H45: =ROUND([1]Source!AD31*[1]Source!I31, 2) -> 14 | J45: =IF([1]Source!BB31<> 0, [1]Source!BB31, 1) -> 6.38 | K45: =[1]Source!Q31 -> 89.33 | R45: =H45 -> 14
C46: в т.ч. зарплата машинистов | F46: =[1]Source!AN31 -> 2.28 | G46: =[1]Source!DF31 -> )*1,25 | H46: =ROUND([1]Source!AE31*[1]Source!I31, 2) -> 2.87 | J46: =IF([1]Source!BS31<> 0, [1]Source!BS31, 1) -> 6.38 | K46: =[1]Source!R31 -> 18.33
C47: Материальные ресурсы | F47: =[1]Source!AL31 -> 3992.2 | G47: =[1]Source!DD31 | H47: =ROUND([1]Source!AC31*[1]Source!I31, 2) -> 4024.14 | J47: =IF([1]Source!BC31<> 0, [1]Source!BC31, 1) -> 6.38 | K47: =[1]Source!P31 -> 25674 | R47: =H47 -> 4024.14
C48: НР от ФОТ | D48: % | E48: =[1]Source!BZ31 -> 118 | F48: =CONCATENATE(" )", [1]Source!DL31, [1]Source!FT31, "=", [1]Source!FX31) -> )*0,9=106,2 | H48: =SUM(S42:S52) -> 1141.68 | J48: =[1]Source!AT31 -> 106 | K48: =SUM(T42:T52) -> 8037.17
C49: СП от ФОТ | D49: % | E49: =[1]Source!CA31 -> 63 | F49: =CONCATENATE(" )", [1]Source!DM31, [1]Source!FU31, "=", [1]Source!FY31) -> )*0,85=53,55 | H49: =SUM(U42:U52) -> 684.01 | J49: =[1]Source!AU31 -> 54 | K49: =SUM(V42:V52) -> 4855.9
C50: Затраты труда | D50: чел-ч | E50: =[1]Source!AQ31 -> 21.19 | G50: =[1]Source!DI31 -> )*1,15 | L50: =[1]Source!U31 -> 24.563448
A51: =[1]Source!E33 -> 3,1 | B51: =[1]Source!F33 -> Средняя цена комерческих предложений | C51: Подоконная доска шириной 300мм Базисная стоимость: 198,09 = [1 491,33 / 1,18 / 6,38] | D51: =[1]Source!H33 -> м | E51: =[1]Source!I33 -> 17.6 | F51: =[1]Source!AL33+[1]Source!AM33+[1]Source!AO33 -> 198.09 | H51: =ROUND([1]Source!AC33*[1]Source!I33, 2)+ROUND([1]Source!AD33*[1]Source!I33, 2)+ROUND([1]Source!AF33*[1]Source!I33, 2) -> 3486.38 | J51: =IF([1]Source!BC33<> 0, [1]Source!BC33, 1) -> 6.38 | K51: =[1]Source!O33 -> 22243.13 | O51: =G51 | P51: =J51 -> 6.38 | Q51: =L51 -> 0 | W51: =IF(Source!BI30<=1,H45+H46+H48+H49, 0) -> 1842.56 | X51: =IF(Source!BI30=2,H45+H46+H48+H49, 0) -> 0 | Y51: =IF(Source!BI30=3,H45+H46+H48+H49, 0) -> 0 | Z51: =IF(Source!BI30=4,H45+H46+H48+H49, 0) -> 0
A52: =[1]Source!E35 -> 3,2 | B52: =[1]Source!F35 -> Средняя цена комерческих предложений | C52: Подоконная доска шириной 400мм Базисная стоимость: 197,08 = [1 483,67 / 1,18 / 6,38] | D52: =[1]Source!H35 -> м | E52: =[1]Source!I35 -> 83.2 | F52: =[1]Source!AL35+[1]Source!AM35+[1]Source!AO35 -> 197.08 | H52: =ROUND([1]Source!AC35*[1]Source!I35, 2)+ROUND([1]Source!AD35*[1]Source!I35, 2)+ROUND([1]Source!AF35*[1]Source!I35, 2) -> 16397.06 | J52: =IF([1]Source!BC35<> 0, [1]Source!BC35, 1) -> 6.38 | K52: =[1]Source!O35 -> 104613.22 | S52: =ROUND((Source!FX31/100)*((ROUND(Source!AF31*Source!I31, 2)+ROUND(Source!AE31*Source!I31, 2))), 2) -> 22.25 | T52: =Source!X31 -> 156.35 | U52: =ROUND((Source!FY31/100)*((ROUND(Source!AF31*Source!I31, 2)+ROUND(Source!AE31*Source!I31, 2))), 2) -> 11.22 | V52: =Source!Y31 -> 79.65
G53: =H44+H45+H47+H48+H49+SUM(H51:H52) -> 25956.79 | J53: =K44+K45+K47+K48+K49+SUM(K51:K52) -> 166849.51 | L53: =[1]Source!U31 -> 24.563448
A54: =[1]Source!E37 -> 4 | B54: =[1]Source!F37 -> 12-01-010-01 | C54: =[1]Source!G37 -> Устройство мелких покрытий (брандмауэры, парапеты, свесы и т.п.) из листовой оцинкованной стали | D54: =[1]Source!H37 -> 100 м2 | E54: =[1]Source!I37 -> 0.2016 | F54: =[1]Source!AL37+[1]Source!AM37+[1]Source!AO37 -> 9874.22 | I54: =[1]Source!BO37 | R54: =H54 -> 0
C55: ="Объем: "&[1]Source!I37&"=20,16/"&"100" -> Объем: 0,2016=20,16/100
C56: Зарплата | F56: =[1]Source!AO37 -> 961.76 | G56: =[1]Source!DG37 -> )*1,15 | H56: =ROUND([1]Source!AF37*[1]Source!I37, 2) -> 222.97 | J56: =IF([1]Source!BA37<> 0, [1]Source!BA37, 1) -> 6.38 | K56: =[1]Source!S37 -> 1422.57 | R56: =H56 -> 222.97
C57: Эксплуатация машин | F57: =[1]Source!AM37 -> 21.88 | G57: =[1]Source!DE37 -> )*1,25 | H57: =ROUND([1]Source!AD37*[1]Source!I37, 2) -> 5.51 | J57: =IF([1]Source!BB37<> 0, [1]Source!BB37, 1) -> 6.38 | K57: =[1]Source!Q37 -> 35.18
C58: в т.ч. зарплата машинистов | F58: =[1]Source!AN37 -> 3.51 | G58: =[1]Source!DF37 -> )*1,25 | H58: =ROUND([1]Source!AE37*[1]Source!I37, 2) -> 0.89 | J58: =IF([1]Source!BS37<> 0, [1]Source!BS37, 1) -> 6.38 | K58: =[1]Source!R37 -> 5.65
C59: Материальные ресурсы | F59: =[1]Source!AL37 -> 8890.58 | G59: =[1]Source!DD37 | H59: =ROUND([1]Source!AC37*[1]Source!I37, 2) -> 1792.34 | J59: =IF([1]Source!BC37<> 0, [1]Source!BC37, 1) -> 6.38 | K59: =[1]Source!P37 -> 11435.14
C60: НР от ФОТ | D60: % | E60: =[1]Source!BZ37 -> 120 | F60: =CONCATENATE(" )", [1]Source!DL37, [1]Source!FT37, "=", [1]Source!FX37) -> )*0,9=108 | H60: =SUM(S54:S64) -> 5.7 | J60: =[1]Source!AT37 -> 108 | K60: =SUM(T54:T64) -> 40.1 | O60: =G60 -> 0 | P60: =J60 -> 108 | Q60: =L60 -> 0 | W60: =IF(Source!BI31<=1,H54+H55+H57+H58, 0) -> 6.4 | X60: =IF(Source!BI31=2,H54+H55+H57+H58, 0) -> 0 | Y60: =IF(Source!BI31=3,H54+H55+H57+H58, 0) -> 0 | Z60: =IF(Source!BI31=4,H54+H55+H57+H58, 0) -> 0
C61: СП от ФОТ | D61: % | E61: =[1]Source!CA37 -> 65 | F61: =CONCATENATE(" )", [1]Source!DM37, [1]Source!FU37, "=", [1]Source!FY37) -> )*0,85=55,25 | H61: =SUM(U54:U64) -> 4.84 | J61: =[1]Source!AU37 -> 55 | K61: =SUM(V54:V64) -> 34.08 | S61: =ROUND((Source!FX32/100)*((ROUND(Source!AF32*Source!I32, 2)+ROUND(Source!AE32*Source!I32, 2))), 2) -> 5.7 | T61: =Source!X32 -> 40.1 | U61: =ROUND((Source!FY32/100)*((ROUND(Source!AF32*Source!I32, 2)+ROUND(Source!AE32*Source!I32, 2))), 2) -> 4.84 | V61: =Source!Y32 -> 34.08
C62: Затраты труда | D62: чел-ч | E62: =[1]Source!AQ37 -> 112.75 | G62: =[1]Source!DI37 -> )*1,15 | L62: =[1]Source!U37 -> 26.13996
A63: =[1]Source!E39 -> 4,1 | B63: =[1]Source!F39 -> Средняя цена комерческих предложений | C63: Водоотлив оконный шириной до 250мм из оцинкованной стали с полимерным покрытием Базисная стоимость: 19,84 = [149,33 / 1,18 / 6,38] | D63: =[1]Source!H39 -> м | E63: =[1]Source!I39 -> 100.8 | F63: =[1]Source!AL39+[1]Source!AM39+[1]Source!AO39 -> 19.84 | H63: =ROUND([1]Source!AC39*[1]Source!I39, 2)+ROUND([1]Source!AD39*[1]Source!I39, 2)+ROUND([1]Source!AF39*[1]Source!I39, 2) -> 1999.87 | J63: =IF([1]Source!BC39<> 0, [1]Source!BC39, 1) -> 6.38 | K63: =[1]Source!O39 -> 12759.18 | R63: =H63 -> 1999.87
A64: =[1]Source!E41 -> 4,2 | B64: =[1]Source!F41 -> 08.3.05.05-0053 | C64: =[1]Source!G41 -> Сталь листовая оцинкованная толщиной листа 0,7 мм | D64: =[1]Source!H41 -> т | E64: =[1]Source!I41 -> -0.157651 | F64: =[1]Source!AL41+[1]Source!AM41+[1]Source!AO41 -> 11200 | H64: =ROUND([1]Source!AC41*[1]Source!I41, 2)+ROUND([1]Source!AD41*[1]Source!I41, 2)+ROUND([1]Source!AF41*[1]Source!I41, 2) -> -1765.69 | J64: =IF([1]Source!BC41<> 0, [1]Source!BC41, 1) -> 6.38 | K64: =[1]Source!O41 -> -11265.11
G65: =H56+H57+H59+H60+H61+SUM(H63:H64) -> 2265.54 | J65: =K56+K57+K59+K60+K61+SUM(K63:K64) -> 14461.14 | L65: =[1]Source!U37 -> 26.13996
A66: =[1]Source!E43 -> 5 | B66: =[1]Source!F43 -> 15-01-050-04 | C66: =[1]Source!G43 -> Облицовка оконных и дверных откосов декоративным бумажно-слоистым пластиком или листами из синтетических материалов на клее | D66: =[1]Source!H43 -> 100 м2 | E66: =[1]Source!I43 -> 1.76 | F66: =[1]Source!AL43+[1]Source!AM43+[1]Source!AO43 -> 1563.91 | I66: =[1]Source!BO43
C67: ="Объем: "&[1]Source!I43&"=176/"&"100" -> Объем: 1,76=176/100 | O67: =G67 -> 0 | P67: =J67 -> 0 | Q67: =L67 -> 0 | W67: =IF(Source!BI32<=1,H63+H64+H65, 0) -> 234.18 | X67: =IF(Source!BI32=2,H63+H64+H65, 0) -> 0 | Y67: =IF(Source!BI32=3,H63+H64+H65, 0) -> 0 | Z67: =IF(Source!BI32=4,H63+H64+H65, 0) -> 0
C68: Зарплата | F68: =[1]Source!AO43 -> 1528.19 | G68: =[1]Source!DG43 -> )*1,15 | H68: =ROUND([1]Source!AF43*[1]Source!I43, 2) -> 3093.06 | J68: =IF([1]Source!BA43<> 0, [1]Source!BA43, 1) -> 6.38 | K68: =[1]Source!S43 -> 19733.72 | S68: =ROUND((Source!FX33/100)*((ROUND(Source!AF33*Source!I33, 2)+ROUND(Source!AE33*Source!I33, 2))), 2) -> 272.81 | T68: =Source!X33 -> 1920.62 | U68: =ROUND((Source!FY33/100)*((ROUND(Source!AF33*Source!I33, 2)+ROUND(Source!AE33*Source!I33, 2))), 2) -> 231.89 | V68: =Source!Y33 -> 1632.52
C69: Эксплуатация машин | F69: =[1]Source!AM43 -> 35.36 | G69: =[1]Source!DE43 -> )*1,25 | H69: =ROUND([1]Source!AD43*[1]Source!I43, 2) -> 77.79 | J69: =IF([1]Source!BB43<> 0, [1]Source!BB43, 1) -> 6.38 | K69: =[1]Source!Q43 -> 496.31
C70: в т.ч. зарплата машинистов | F70: =[1]Source!AN43 -> 6.88 | G70: =[1]Source!DF43 -> )*1,25 | H70: =ROUND([1]Source!AE43*[1]Source!I43, 2) -> 15.14 | J70: =IF([1]Source!BS43<> 0, [1]Source!BS43, 1) -> 6.38 | K70: =[1]Source!R43 -> 96.57 | R70: =H70 -> 15.14
C71: Материальные ресурсы | F71: =[1]Source!AL43 -> 0.36 | G71: =[1]Source!DD43 | H71: =ROUND([1]Source!AC43*[1]Source!I43, 2) -> 0.63 | J71: =IF([1]Source!BC43<> 0, [1]Source!BC43, 1) -> 6.38 | K71: =[1]Source!P43 -> 4.04
C72: НР от ФОТ | D72: % | E72: =[1]Source!BZ43 -> 105 | F72: =CONCATENATE(" )", [1]Source!DL43, [1]Source!FT43, "=", [1]Source!FX43) -> )*0,9=94,5 | H72: =SUM(S66:S76) -> 272.81 | J72: =[1]Source!AT43 -> 95 | K72: =SUM(T66:T76) -> 1920.62 | R72: =H72 -> 272.81
C73: СП от ФОТ | D73: % | E73: =[1]Source!CA43 -> 55 | F73: =CONCATENATE(" )", [1]Source!DM43, [1]Source!FU43, "=", [1]Source!FY43) -> )*0,85=46,75 | H73: =SUM(U66:U76) -> 231.89 | J73: =[1]Source!AU43 -> 47 | K73: =SUM(V66:V76) -> 1632.52
C74: Затраты труда | D74: чел-ч | E74: =[1]Source!AQ43 -> 166.47 | G74: =[1]Source!DI43 -> )*1,15 | L74: =[1]Source!U43 -> 336.93528
A75: =[1]Source!E45 -> 5,1 | B75: =[1]Source!F45 -> 14.1.02.03-0002 | C75: =[1]Source!G45 -> Клей ПВА | D75: =[1]Source!H45 -> кг | E75: =[1]Source!I45 -> 52.8 | F75: =[1]Source!AL45+[1]Source!AM45+[1]Source!AO45 -> 15.9 | H75: =ROUND([1]Source!AC45*[1]Source!I45, 2)+ROUND([1]Source!AD45*[1]Source!I45, 2)+ROUND([1]Source!AF45*[1]Source!I45, 2) -> 839.52 | J75: =IF([1]Source!BC45<> 0, [1]Source!BC45, 1) -> 6.38 | K75: =[1]Source!O45 -> 5356.14
A76: =[1]Source!E47 -> 5,2 | B76: =[1]Source!F47 -> Средняя цена комерческих предложений | C76: Сандвич панели для откосов из поливинилхлорида размером 2700х250х10мм Базисная стоимость: 79,43 = [598 / 1,18 / 6,38] | D76: =[1]Source!H47 -> м | E76: =[1]Source!I47 -> 440 | F76: =[1]Source!AL47+[1]Source!AM47+[1]Source!AO47 -> 79.43 | H76: =ROUND([1]Source!AC47*[1]Source!I47, 2)+ROUND([1]Source!AD47*[1]Source!I47, 2)+ROUND([1]Source!AF47*[1]Source!I47, 2) -> 34949.2 | J76: =IF([1]Source!BC47<> 0, [1]Source!BC47, 1) -> 6.38 | K76: =[1]Source!O47 -> 222975.9 | O76: =G76 | P76: =J76 -> 6.38 | Q76: =L76 -> 0 | W76: =IF(Source!BI33<=1,H70+H71+H73+H74, 0) -> 247.66 | X76: =IF(Source!BI33=2,H70+H71+H73+H74, 0) -> 0 | Y76: =IF(Source!BI33=3,H70+H71+H73+H74, 0) -> 0 | Z76: =IF(Source!BI33=4,H70+H71+H73+H74, 0) -> 0
G77: =H68+H69+H71+H72+H73+SUM(H75:H76) -> 39464.9 | J77: =K68+K69+K71+K72+K73+SUM(K75:K76) -> 252119.25 | L77: =[1]Source!U43 -> 336.93528 | S77: =ROUND((Source!FX34/100)*((ROUND(Source!AF34*Source!I34, 2)+ROUND(Source!AE34*Source!I34, 2))), 2) -> 244.7 | T77: =Source!X34 -> 1722.66 | U77: =ROUND((Source!FY34/100)*((ROUND(Source!AF34*Source!I34, 2)+ROUND(Source!AE34*Source!I34, 2))), 2) -> 207.99 | V77: =Source!Y34 -> 1464.26
A78: =[1]Source!E49 -> 6 | B78: =[1]Source!F49 -> 10-01-036-01 | C78: =[1]Source!G49 -> Установка уголков ПВХ на клее | D78: =[1]Source!H49 -> 100 м | E78: =[1]Source!I49 -> 4.4 | F78: =[1]Source!AL49+[1]Source!AM49+[1]Source!AO49 -> 93.15 | I78: =[1]Source!BO49
C79: ="Объем: "&[1]Source!I49&"=440/"&"100" -> Объем: 4,4=440/100 | R79: =H79 -> 0
C80: Зарплата | F80: =[1]Source!AO49 -> 57.15 | G80: =[1]Source!DG49 -> )*1,15 | H80: =ROUND([1]Source!AF49*[1]Source!I49, 2) -> 289.17 | J80: =IF([1]Source!BA49<> 0, [1]Source!BA49, 1) -> 6.375 | K80: =[1]Source!S49 -> 1843.45
C81: Материальные ресурсы | F81: =[1]Source!AL49 -> 36 | G81: =[1]Source!DD49 | H81: =ROUND([1]Source!AC49*[1]Source!I49, 2) -> 158.4 | J81: =IF([1]Source!BC49<> 0, [1]Source!BC49, 1) -> 6.375 | K81: =[1]Source!P49 -> 1009.8 | R81: =H81 -> 158.4
C82: НР от ФОТ | D82: % | E82: =[1]Source!BZ49 -> 118 | F82: =CONCATENATE(" )", [1]Source!DL49, [1]Source!FT49, "=", [1]Source!FX49) -> )*0,9=106,2 | H82: =SUM(S78:S85) -> 0 | J82: =[1]Source!AT49 -> 106 | K82: =SUM(T78:T85) -> 0
C83: СП от ФОТ | D83: % | E83: =[1]Source!CA49 -> 63 | F83: =CONCATENATE(" )", [1]Source!DM49, [1]Source!FU49, "=", [1]Source!FY49) -> )*0,85=53,55 | H83: =SUM(U78:U85) -> 0 | J83: =[1]Source!AU49 -> 54 | K83: =SUM(V78:V85) -> 0
C84: Затраты труда | D84: чел-ч | E84: =[1]Source!AQ49 -> 6.7 | G84: =[1]Source!DI49 -> )*1,15 | L84: =[1]Source!U49 -> 33.902
A85: =[1]Source!E51 -> 6,1 | B85: =[1]Source!F51 -> 11.3.03.13-0041 | C85: =[1]Source!G51 -> Уголок ПВХ, размером 20х20 мм | D85: =[1]Source!H51 -> 10 м | E85: =[1]Source!I51 -> 44 | F85: =[1]Source!AL51+[1]Source!AM51+[1]Source!AO51 -> 13.6 | H85: =ROUND([1]Source!AC51*[1]Source!I51, 2)+ROUND([1]Source!AD51*[1]Source!I51, 2)+ROUND([1]Source!AF51*[1]Source!I51, 2) -> 598.4 | J85: =IF([1]Source!BC51<> 0, [1]Source!BC51, 1) -> 6.38 | K85: =[1]Source!O51 -> 3817.79 | O85: =G85 | P85: =J85 -> 6.38 | Q85: =L85 -> 0 | W85: =IF(Source!BI34<=1,H79+H80+H82+H83, 0) -> 289.17 | X85: =IF(Source!BI34=2,H79+H80+H82+H83, 0) -> 0 | Y85: =IF(Source!BI34=3,H79+H80+H82+H83, 0) -> 0 | Z85: =IF(Source!BI34=4,H79+H80+H82+H83, 0) -> 0
G86: =H80+H81+H82+H83+SUM(H85:H85) -> 1045.97 | J86: =K80+K81+K82+K83+SUM(K85:K85) -> 6671.04 | L86: =[1]Source!U49 -> 33.902 | S86: =ROUND((Source!FX35/100)*((ROUND(Source!AF35*Source!I35, 2)+ROUND(Source!AE35*Source!I35, 2))), 2) -> 386.8 | T86: =Source!X35 -> 2723.08 | U86: =ROUND((Source!FY35/100)*((ROUND(Source!AF35*Source!I35, 2)+ROUND(Source!AE35*Source!I35, 2))), 2) -> 328.78 | V86: =Source!Y35 -> 2314.62
A87: =[1]Source!E53 -> 7 | B87: =[1]Source!F53 -> т01-01-01-041 | C87: =[1]Source!G53 -> Погрузочные работы при автомобильных перевозках мусора строительного с погрузкой вручную | D87: =[1]Source!H53 -> 1 Т ГРУЗА | E87: =[1]Source!I53 -> 8 | F87: =[1]Source!AK53 -> 42.98 | G87: =[1]Source!DC53 | H87: =ROUND([1]Source!AB53*[1]Source!I53, 2) -> 343.84 | I87: =[1]Source!BO53 | J87: =[1]Source!AZ53 -> 6.38 | K87: =[1]Source!GM53 -> 2193.7
G88: =H87 -> 343.84 | J88: =K87 -> 2193.7 | L88: =[1]Source!U53 -> 0 | R88: =H88 -> 0
A89: =[1]Source!E55 -> 8 | B89: =[1]Source!F55 -> т03-21-01-015 | C89: =[1]Source!G55 -> Перевозка грузов I класса автомобилями-самосвалами грузоподъемностью 10 т работающих вне карьера на расстояние до 15 км | D89: =[1]Source!H55 -> 1 Т ГРУЗА | E89: =[1]Source!I55 -> 8 | F89: =[1]Source!AK55 -> 13.38 | G89: =[1]Source!DC55 | H89: =ROUND([1]Source!AB55*[1]Source!I55, 2) -> 107.04 | I89: =[1]Source!BO55 | J89: =[1]Source!AZ55 -> 6.38 | K89: =[1]Source!GM55 -> 682.92
G90: =H89 -> 107.04 | J90: =K89 -> 682.92 | L90: =[1]Source!U55 -> 0 | R90: =H90 -> 0
A91: =CONCATENATE("Итого по локальной смете: ",IF([1]Source!G57<>"Новая локальная смета", [1]Source!G57, "")) -> Итого по локальной смете: | G91: =SUM(O22:O90) -> 0 | J91: =SUM(P22:P90) -> 133.52 | L91: =SUM(Q22:Q90) -> 0
C92: =[1]Source!H85 -> Всего | J92: =IF([1]Source!P85=0, "", [1]Source!P85) -> 1613078.6
C93: =[1]Source!H86 -> Итого НДС 18% | J93: =IF([1]Source!P86=0, "", [1]Source!P86) -> 290354.15
C94: =[1]Source!H87 -> Всего по смете | J94: =IF([1]Source!P87=0, "", [1]Source!P87) -> 1903432.8 | O94: =G94 -> 0 | P94: =J94 -> 1903432.8 | Q94: =L94 -> 0 | W94: =IF(Source!BI35<=1,H88+H89+H91+H92, 0) -> 107.04 | X94: =IF(Source!BI35=2,H88+H89+H91+H92, 0) -> 0 | Y94: =IF(Source!BI35=3,H88+H89+H91+H92, 0) -> 0 | Z94: =IF(Source!BI35=4,H88+H89+H91+H92, 0) -> 0
C96: Составил | D96: =IF(Source!AC12<>"", Source!AC12," ") | I96: =IF(Source!AB12<>"", Source!AB12," ")
D97: [должность,подпись(инициалы,фамилия)]
C99: Проверил | D99: =IF(Source!AE12<>"", Source!AE12," ") | I99: =IF(Source!AD12<>"", Source!AD12," ")
D100: [должность,подпись(инициалы,фамилия)]

Sheet Акт КС-2 c НР и СП
A1: =Source!B1 -> Smeta.RU (495) 974-1589
E2: Унифицированная форма № КС-2
E3: Утверждена постановлением Госкомстата России
E4: от 11.11.99. № 100
G6: Код
F7: Форма по ОКУД | G7: 0322005
G8: =IF(Source!AT15 <> "", Source!AT15, "")
A9: Инвестор | C9: =IF(Source!BA15 <> "", Source!BA15, IF(Source!AU15 <> "", Source!AU15, "")) | F9: по ОКПО
C10: организация, адрес, телефон, факс | G10: =IF(Source!AK15 <> "", Source!AK15, "")
A11: Заказчик | C11: =IF(Source!AX12<> "", Source!AX12, IF(Source!AJ12 <> "", Source!AJ12, "")) | F11: по ОКПО
C12: организация, адрес, телефон, факс | G12: =IF(Source!AO15 <> "", Source!AO15, "")
A13: Подрядчик | C13: =IF(Source!AY12<> "", Source!AY12, IF(Source!AN12 <> "", Source!AN12, "")) | F13: по ОКПО
C14: организация, адрес, телефон, факс | G14: =IF(Source!CO15 <> "", Source!CO15, "")
A15: Стройка | C15: Капитальный ремонт общежития №2 НВПК НИЯУ МИФИ | AE15: Капитальный ремонт общежития №2 НВПК НИЯУ МИФИ
C16: наименование, адрес | G16: =IF(Source!CP15 <> "", Source!CP15, "")
A17: Объект | C17: =IF(Source!G12<>"Новый объект", Source!G12, "") -> Капитальный ремонт общежития №2 НВПК НИЯУ МИФИ | AE17: =IF(Source!G12<>"Новый объект", Source!G12, "") -> Капитальный ремонт общежития №2 НВПК НИЯУ МИФИ
C18: наименование
D19: Вид деятельности по ОКДП | G19: =IF(Source!CQ15 <> "", Source!CQ15, "")
D20: Договор подряда | F20: номер | G20: =IF(Source!CR15 <> "", Source!CR15, "")
F21: дата | G21: =IF(Source!CS15 <> 0, Source!CS15, "")
F22: Вид операции | G22: =IF(Source!CT15 <> "", Source!CT15, "")
D24: Номер документа | E24: Дата составления | F24: Отчетный период
F25: с | G25: по
D26: =IF(Source!CN15 <> "", Source!CN15, "") | E26: 43160.616
A28: AKT
A29: О ПРИЕМКЕ ВЫПОЛНЕННЫХ РАБОТ
A31: Сметная (договорная) стоимость в соответствии с договором подряда (субподряда) | F31: =(Source!F530/1000) -> 5410.3515 | H31: тыс.руб
A33: Номер | C33: Наименование работ | D33: Номер единичной расценки | E33: Единица измерения | F33: Выполнено работ
A34: по порядку | B34: поз. по смете | F34: Количество | G34: цена за единицу, руб | H34: стоимость, руб
A35: 1 | B35: 2 | C35: 3 | D35: 4 | E35: 5 | F35: 6 | G35: 7 | H35: 8
A37: =CONCATENATE("Локальная смета: ",IF(Source!G20<>"Новая локальная смета", Source!G20, "")) -> Локальная смета:
A39: =CONCATENATE("Раздел: ",IF(Source!G24<>"Новый раздел", Source!G24, "")) -> Раздел: Общестроительные работы
A40: 1 | B40: =Source!E28 -> 1 | C40: =Source!G28 -> Разборка деревянных заполнений проемов оконных с подоконными досками | D40: =Source!F28 -> 46-04-012-01 | E40: =Source!H28 -> 100 м2 | F40: =Source!I28 -> 0.2608 | G40: =Source!AB28 -> 1767.24 | H40: =Source!O28 -> 3244.71 | T40: =Source!O28+Source!X28+Source!Y28 -> 8002.52 | U40: =Source!P28 -> 0 | V40: =Source!S28 -> 2800.48 | W40: =Source!Q28 -> 444.23 | X40: =Source!R28 -> 191.85 | Y40: =Source!U28 -> 49.171232 | Z40: =Source!V28 -> 2.018592 | AA40: =Source!X28 -> 2962.41 | AB40: =Source!Y28 -> 1795.4
C41: ="Объем: "&Source!I28&"=26,08/"&"100" -> Объем: 0,2608=26,08/100
C42: Коэфф. к ОЗП | D42: =Source!BA28 -> 7.04
C43: Коэфф. к эксплуатации машин | D43: =Source!BB28 -> 7.04
C44: Коэфф. к материалам | D44: =Source!BC28 -> 7.04
C45: Коэфф. к ЗПМ | D45: =Source!BS28 -> 7.04
C46: % НР | F46: =Source!BZ28 -> 110 | G46: =(Source!AF28+Source!AE28)*Source!FX28/100 -> 1613.4822 | H46: =Source!X28 -> 2962.41
C47: % НР с поправкой | G47: =CONCATENATE(Source!DL28,Source!FT28, "=", Source!FX28, "%") -> *0,9=99% | H47: =CONCATENATE(Source!AT28) -> 99
C48: % СП | F48: =Source!CA28 -> 70 | G48: =(Source!AF28+Source!AE28)*Source!FY28/100 -> 969.7191 | H48: =Source!Y28 -> 1795.4
C49: СП с поправкой | G49: =CONCATENATE(Source!DM28,Source!FU28, "=", Source!FY28, "%") -> *0,85=59,5% | H49: =CONCATENATE(Source!AU28) -> 60
C50: Итого с НР и СП | G50: =((Source!AF28+Source!AE28)*Source!FX28/100)+((Source!AF28+Source!AE28)*Source!FY28/100)+Source!AB28 -> 4350.4413 | H50: =Source!O28+Source!X28+Source!Y28 -> 8002.52
A51: 2 | B51: =Source!E29 -> 2 | C51: =Source!G29 -> Разборка мелких покрытий и обделок из листовой стали поясков, сандриков, желобов, отливов, свесов и т.п. | D51: =Source!F29 -> 58-3-1 | E51: =Source!H29 -> 100 м | F51: =Source!I29 -> 0.2992 | G51: =Source!AB29 -> 71.18 | H51: =Source!O29 -> 149.93 | T51: =Source!O29+Source!X29+Source!Y29 -> 371.2 | U51: =Source!P29 -> 0 | V51: =Source!S29 -> 149.51 | W51: =Source!Q29 -> 0.42 | X51: =Source!R29 -> 0 | Y51: =Source!U29 -> 2.72272 | Z51: =Source!V29 -> 0 | AA51: =Source!X29 -> 124.09 | AB51: =Source!Y29 -> 97.18
C52: ="Объем: "&Source!I29&"=29,92/"&"100" -> Объем: 0,2992=29,92/100
C53: Коэфф. к ОЗП | D53: =Source!BA29 -> 7.04
C54: Коэфф. к эксплуатации машин | D54: =Source!BB29 -> 7.04
C55: Коэфф. к материалам | D55: =Source!BC29 -> 7.04
C56: Коэфф. к ЗПМ | D56: =Source!BS29 -> 7.04
C57: % НР | F57: =Source!BZ29 -> 83 | G57: =(Source!AF29+Source!AE29)*Source!FX29/100 -> 58.9134 | H57: =Source!X29 -> 124.09
C58: % СП | F58: =Source!CA29 -> 65 | G58: =(Source!AF29+Source!AE29)*Source!FY29/100 -> 46.137 | H58: =Source!Y29 -> 97.18
C59: Итого с НР и СП | G59: =((Source!AF29+Source!AE29)*Source!FX29/100)+((Source!AF29+Source!AE29)*Source!FY29/100)+Source!AB29 -> 176.2304 | H59: =Source!O29+Source!X29+Source!Y29 -> 371.2
A60: 3 | B60: =Source!E30 -> 3 | C60: =Source!G30 -> Разборка деревянных заполнений проемов дверных и воротных | D60: =Source!F30 -> 46-04-012-03 | E60: =Source!H30 -> 100 м2 | F60: =Source!I30 -> 1.1964 | G60: =Source!AB30 -> 1082.58 | H60: =Source!O30 -> 9118.2 | T60: =Source!O30+Source!X30+Source!Y30 -> 21775.27 | U60: =Source!P30 -> 0 | V60: =Source!S30 -> 7080.34 | W60: =Source!Q30 -> 2037.86 | X60: =Source!R30 -> 880.08 | Y60: =Source!U30 -> 124.31792 | Z60: =Source!V30 -> 9.260136 | AA60: =Source!X30 -> 7880.82 | AB60: =Source!Y30 -> 4776.25
C61: ="Объем: "&Source!I30&"=119,64/"&"100" -> Объем: 1,1964=119,64/100
C62: Коэфф. к ОЗП | D62: =Source!BA30 -> 7.04
C63: Коэфф. к эксплуатации машин | D63: =Source!BB30 -> 7.04
C64: Коэфф. к материалам | D64: =Source!BC30 -> 7.04
C65: Коэфф. к ЗПМ | D65: =Source!BS30 -> 7.04
C66: % НР | F66: =Source!BZ30 -> 110 | G66: =(Source!AF30+Source!AE30)*Source!FX30/100 -> 935.6688 | H66: =Source!X30 -> 7880.82
C67: % НР с поправкой | G67: =CONCATENATE(Source!DL30,Source!FT30, "=", Source!FX30, "%") -> *0,9=99% | H67: =CONCATENATE(Source!AT30) -> 99
C68: % СП | F68: =Source!CA30 -> 70 | G68: =(Source!AF30+Source!AE30)*Source!FY30/100 -> 562.3464 | H68: =Source!Y30 -> 4776.25
C69: СП с поправкой | G69: =CONCATENATE(Source!DM30,Source!FU30, "=", Source!FY30, "%") -> *0,85=59,5% | H69: =CONCATENATE(Source!AU30) -> 60
C70: Итого с НР и СП | G70: =((Source!AF30+Source!AE30)*Source!FX30/100)+((Source!AF30+Source!AE30)*Source!FY30/100)+Source!AB30 -> 2580.5952 | H70: =Source!O30+Source!X30+Source!Y30 -> 21775.27
A71: 4 | B71: =Source!E31 -> 4 | C71: =Source!G31 -> Разборка деревянных встроенных шкафов | D71: =Source!F31 -> 10-01-059-01 | E71: =Source!H31 -> 100 ШТ | F71: =Source!I31 -> 0.04 | G71: =Source!AB31 -> 655.27 | H71: =Source!O31 -> 184.53 | T71: =Source!O31+Source!X31+Source!Y31 -> 420.53 | U71: =Source!P31 -> 0 | V71: =Source!S31 -> 135.78 | W71: =Source!Q31 -> 48.75 | X71: =Source!R31 -> 11.72 | Y71: =Source!U31 -> 2.4048 | Z71: =Source!V31 -> 0.1344 | AA71: =Source!X31 -> 156.35 | AB71: =Source!Y31 -> 79.65
C72: ="Объем: "&Source!I31&"=4/"&"100" -> Объем: 0,04=4/100
C73: Коэфф. к ОЗП | D73: =Source!BA31 -> 7.04
C74: Коэфф. к эксплуатации машин | D74: =Source!BB31 -> 7.04
C75: Коэфф. к материалам | D75: =Source!BC31 -> 7.04
C76: Коэфф. к ЗПМ | D76: =Source!BS31 -> 7.04
C77: Стоимость материалов | D77: )*0
C78: Эксплуатация машин | D78: )*0,8
C79: Оплата труда машинистов | D79: )*0,8
C80: Оплата труда рабочих | D80: )*0,8
C81: Затраты труда рабочих | D81: )*0,8
C82: Затраты труда машинистов | D82: )*0,8
C83: % НР | F83: =Source!BZ31 -> 118 | G83: =(Source!AF31+Source!AE31)*Source!FX31/100 -> 556.24374 | H83: =Source!X31 -> 156.35
C84: % НР с поправкой | G84: =CONCATENATE(Source!DL31,Source!FT31, "=", Source!FX31, "%") -> *0,9=106,2% | H84: =CONCATENATE(Source!AT31) -> 106
C85: % СП | F85: =Source!CA31 -> 63 | G85: =(Source!AF31+Source!AE31)*Source!FY31/100 -> 280.47883 | H85: =Source!Y31 -> 79.65
C86: СП с поправкой | G86: =CONCATENATE(Source!DM31,Source!FU31, "=", Source!FY31, "%") -> *0,85=53,55% | H86: =CONCATENATE(Source!AU31) -> 54
C87: Итого с НР и СП | G87: =((Source!AF31+Source!AE31)*Source!FX31/100)+((Source!AF31+Source!AE31)*Source!FY31/100)+Source!AB31 -> 1491.9926 | H87: =Source!O31+Source!X31+Source!Y31 -> 420.53
A88: 5 | B88: =Source!E32 -> 5 | C88: =Source!G32 -> Разборка оснований покрытия полов лаг из досок и брусков | D88: =Source!F32 -> 57-1-2 | E88: =Source!H32 -> 100 м2 | F88: =Source!I32 -> 0.119 | G88: =Source!AB32 -> 59.83 | H88: =Source!O32 -> 50.12 | T88: =Source!O32+Source!X32+Source!Y32 -> 124.3 | U88: =Source!P32 -> 0 | V88: =Source!S32 -> 50.12 | W88: =Source!Q32 -> 0 | X88: =Source!R32 -> 0 | Y88: =Source!U32 -> 0.91273 | Z88: =Source!V32 -> 0 | AA88: =Source!X32 -> 40.1 | AB88: =Source!Y32 -> 34.08
C89: ="Объем: "&Source!I32&"=11,9/"&"100" -> Объем: 0,119=11,9/100
C90: Коэфф. к ОЗП | D90: =Source!BA32 -> 7.04
C91: Коэфф. к эксплуатации машин | D91: =Source!BB32 -> 7.04
C92: Коэфф. к материалам | D92: =Source!BC32 -> 7.04
C93: Коэфф. к ЗПМ | D93: =Source!BS32 -> 7.04
C94: % НР | F94: =Source!BZ32 -> 80 | G94: =(Source!AF32+Source!AE32)*Source!FX32/100 -> 47.864 | H94: =Source!X32 -> 40.1
C95: % СП | F95: =Source!CA32 -> 68 | G95: =(Source!AF32+Source!AE32)*Source!FY32/100 -> 40.6844 | H95: =Source!Y32 -> 34.08
C96: Итого с НР и СП | G96: =((Source!AF32+Source!AE32)*Source!FX32/100)+((Source!AF32+Source!AE32)*Source!FY32/100)+Source!AB32 -> 148.3784 | H96: =Source!O32+Source!X32+Source!Y32 -> 124.3
A97: 6 | B97: =Source!E33 -> 6 | C97: =Source!G33 -> Разборка покрытий полов из линолеума и релина | D97: =Source!F33 -> 57-2-1 | E97: =Source!H33 -> 100 м2 | F97: =Source!I33 -> 3.764 | G97: =Source!AB33 -> 92.9 | H97: =Source!O33 -> 2461.71 | T97: =Source!O33+Source!X33+Source!Y33 -> 6014.85 | U97: =Source!P33 -> 0 | V97: =Source!S33 -> 2354.13 | W97: =Source!Q33 -> 107.58 | X97: =Source!R33 -> 46.64 | Y97: =Source!U33 -> 42.87196 | Z97: =Source!V33 -> 0.48932 | AA97: =Source!X33 -> 1920.62 | AB97: =Source!Y33 -> 1632.52
C98: ="Объем: "&Source!I33&"=376,4/"&"100" -> Объем: 3,764=376,4/100
C99: Коэфф. к ОЗП | D99: =Source!BA33 -> 7.04
C100: Коэфф. к эксплуатации машин | D100: =Source!BB33 -> 7.04
C101: Коэфф. к материалам | D101: =Source!BC33 -> 7.04
C102: Коэфф. к ЗПМ | D102: =Source!BS33 -> 7.04
C103: % НР | F103: =Source!BZ33 -> 80 | G103: =(Source!AF33+Source!AE33)*Source!FX33/100 -> 72.48 | H103: =Source!X33 -> 1920.62
C104: % СП | F104: =Source!CA33 -> 68 | G104: =(Source!AF33+Source!AE33)*Source!FY33/100 -> 61.608 | H104: =Source!Y33 -> 1632.52
C105: Итого с НР и СП | G105: =((Source!AF33+Source!AE33)*Source!FX33/100)+((Source!AF33+Source!AE33)*Source!FY33/100)+Source!AB33 -> 226.988 | H105: =Source!O33+Source!X33+Source!Y33 -> 6014.85
A106: 7 | B106: =Source!E34 -> 7 | C106: =Source!G34 -> Разборка покрытий полов из керамических плиток | D106: =Source!F34 -> 57-2-3 | E106: =Source!H34 -> 100 м2 | F106: =Source!I34 -> 0.497 | G106: =Source!AB34 -> 641 | H106: =Source!O34 -> 2242.78 | T106: =Source!O34+Source!X34+Source!Y34 -> 5429.7 | U106: =Source!P34 -> 0 | V106: =Source!S34 -> 2085.3 | W106: =Source!Q34 -> 157.48 | X106: =Source!R34 -> 68.02 | Y106: =Source!U34 -> 34.72539 | Z106: =Source!V34 -> 0.71568 | AA106: =Source!X34 -> 1722.66 | AB106: =Source!Y34 -> 1464.26
C107: ="Объем: "&Source!I34&"=49,7/"&"100" -> Объем: 0,497=49,7/100
...

Sheet Source
A1: 0 | B1: Smeta.RU (495) 974-1589 | D1: _PS_ | F1: 0 | G1: 0 | H1: 0 | I1: Smeta.RU | J1: НИЯУ МИФИ Доп. раб. место MCCS-0027251 | K1: 0 | L1: 27251 | M1: 10
A12: 1 | B12: 562 | C12: 0 | D12: =ROW(A500) -> 500 | E12: 0 | F12: Новый объект_(Копия) | G12: Капитальный ремонт общежития №2 НВПК НИЯУ МИФИ | I12: 0 | K12: 0 | O12: 0 | P12: 0 | Q12: 0 | R12: 0 | V12: 0 | BH12: Сметные нормы списания | BI12: Коды ценников | BJ12: 1 | BK12: 1 | BL12: 0 | BM12: 0 | BN12: 1 | BO12: 0 | BP12: 2 | BQ12: 2 | BR12: 1 | BS12: 1 | BT12: 0 | BU12: 0 | BV12: 0 | BW12: 0 | BX12: 0 | BY12: ФЕР-2017 | BZ12: ТР для Версии 10: Центральные регионы (с учетом п-ма 2536-ИП/12/ГС от 22.03.2017 г [ОРЛОВА С,В 20181] | CA12: ФЕР-2017 | CB12: ФЕР-2017 | CC12: ФЕР-2017 | CD12: ФЕР-2017 | CE12: Поправки для ГСН 2017 от 31.03.2017 г | CF12: 0 | CG12: 0 | CH12: 524296 | CK12: 4 | EC12: 0
A15: 15 | B15: 1
A18: 52 | B18: =B500 -> 562 | C18: =C500 -> 1 | D18: =D500 -> 12 | E18: =E500 -> 0 | F18: =F500 -> Новый объект_(Копия) | G18: =G500 -> Капитальный ремонт общежития №2 НВПК НИЯУ МИФИ | O18: =O500 -> 4029884.7 | P18: =P500 -> 3637032.6 | Q18: =Q500 -> 48889.08 | R18: =R500 -> 8608.25 | S18: =S500 -> 343963 | T18: =T500 -> 0 | U18: =U500 -> 5362.6676 | V18: =V500 -> 100.43238 | ... GX18: =GX500 -> 0
A20: 3 | B20: 1 | D20: =ROW(A468) -> 468 | F20: Новая локальная смета | G20: Новая локальная смета | I20: 0 | K20: 0 | V20: 0 | BX20: 0 | CF20: 0 | CG20: 0
A22: 52 | B22: =B468 -> 1 | C22: =C468 -> 3 | D22: =D468 -> 20 | E22: =E468 -> 0 | F22: =F468 -> Новая локальная смета | G22: =G468 -> Новая локальная смета | O22: =O468 -> 4029884.7 | P22: =P468 -> 3637032.6 | Q22: =Q468 -> 48889.08 | R22: =R468 -> 8608.25 | S22: =S468 -> 343963 | T22: =T468 -> 0 | U22: =U468 -> 5362.6676 | V22: =V468 -> 100.43238 | ... GX22: =GX468 -> 0
A24: 4 | B24: 1 | D24: =ROW(A143) -> 143 | F24: Новый раздел | G24: Общестроительные работы | I24: 0 | K24: 0 | V24: 0 | BX24: 0 | CJ24: 0
A26: 52 | B26: =B143 -> 1 | C26: =C143 -> 4 | D26: =D143 -> 24 | E26: =E143 -> 0 | F26: =F143 -> Новый раздел | G26: =G143 -> Общестроительные работы | O26: =O143 -> 2779291.2 | P26: =P143 -> 2546949.4 | Q26: =Q143 -> 23200.97 | R26: =R143 -> 5832.35 | S26: =S143 -> 209140.78 | T26: =T143 -> 0 | U26: =U143 -> 3393.3403 | V26: =V143 -> 69.912608 | ... GX26: =GX143 -> 0
A28: 17 | B28: 1 | C28: =ROW(SmtRes!A3) -> 3 | D28: =ROW(EtalonRes!A3) -> 3 | E28: 1 | F28: 46-04-012-01 | G28: Разборка деревянных заполнений проемов оконных с подоконными досками | H28: 100 м2 | I28: =ROUND(26.08/100,9) -> 0.2608 | J28: 0 | O28: =ROUND(CP28,2) -> 3244.71 | P28: =ROUND(CQ28*I28,2) -> 0 | Q28: =ROUND(CR28*I28,2) -> 444.23 | R28: =ROUND(CS28*I28,2) -> 191.85 | S28: =ROUND(CT28*I28,2) -> 2800.48 | T28: =ROUND(CU28*I28,2) -> 0 | U28: =CV28*I28 -> 49.171232 | V28: =CW28*I28 -> 2.018592 | W28: =ROUND(CX28*I28,2) -> 0 | X28: =ROUND(CY28,2) -> 2962.41 | Y28: =ROUND(CZ28,2) -> 1795.4 | AA28: 16612262 | AB28: =ROUND((AC28+AD28+AF28),2) -> 1767.24 | AC28: =ROUND((ES28),2) -> 0 | AD28: =ROUND((((ET28)-(EU28))+AE28),2) -> 241.95 | AE28: =ROUND((EU28),2) -> 104.49 | AF28: =ROUND((EV28),2) -> 1525.29 | AG28: =ROUND((AP28),2) -> 0 | AH28: =(EW28) -> 188.54 | AI28: =(EX28) -> 7.74 | AJ28: =ROUND((AS28),2) -> 0 | AK28: 1767.24 | AL28: 0 | AM28: 241.95 | AN28: 104.49 | AO28: 1525.29 | AP28: 0 | AQ28: 188.54 | AR28: 7.74 | AS28: 0 | AT28: 99 | AU28: 60 | AV28: 1 | AW28: 1 | AZ28: 7.04 | BA28: 7.04 | BB28: 7.04 | BC28: 7.04 | BH28: 0 | BI28: 1 | BJ28: ФЕР-2001, 46-04-012-01, приказ Минстроя России №1039/пр от 30.12.2016г. | BM28: 46001 | BN28: 0 | BP28: 0 | BQ28: 2 | BR28: 0 | BS28: 7.04 | BT28: 1 | BU28: 1 | BV28: 1 | BW28: 1 | BX28: 1 | BZ28: 110 | CA28: 70 | CF28: 0 | CG28: 0 | CM28: 0 | CO28: 0 | CP28: =(P28+Q28+S28) -> 3244.71 | CQ28: =AC28*BC28 -> 0 | CR28: =AD28*BB28 -> 1703.328 | CS28: =AE28*BS28 -> 735.6096 | CT28: =AF28*BA28 -> 10738.042 | CU28: =AG28 -> 0 | CV28: =AH28 -> 188.54 | CW28: =AI28 -> 7.74 | CX28: =AJ28 -> 0 | CY28: =(((S28+R28)*AT28)/100) -> 2962.4067 | CZ28: =(((S28+R28)*AU28)/100) -> 1795.398 | DN28: 0 | DO28: 0 | DP28: 1 | DQ28: 1 | DU28: 1005 | DV28: 100 м2 | DW28: 100 м2 | DX28: 100 | EE28: 16609168 | EF28: 2 | EG28: Общестроительные работы | EH28: 0 | EJ28: 1 | EK28: 46001 | EL28: Реконструкция зданий и сооружений | EM28: ФЕР-46 | EQ28: 131072 | ER28: 1767.24 | ES28: 0 | ET28: 241.95 | EU28: 104.49 | EV28: 1525.29 | EW28: 188.54 | EX28: 7.74 | EY28: 0 | FQ28: 0 | FR28: =ROUND(IF(AND(BH28=3,BI28=3),P28,0),2) -> 0 | FS28: 0 | FT28: *0,9 | FU28: *0,85 | FX28: 99 | FY28: 59.5 | GD28: 0 | GF28: 1630687704 | GG28: 1 | GH28: 1 | GI28: 4 | GJ28: 0 | GK28: =ROUND(R28*(R12)/100,2) -> 0 | GL28: =ROUND(IF(AND(BH28=3,BI28=3,FS28<>0),P28,0),2) -> 0 | GM28: =ROUND(O28+X28+Y28+GK28,2)+GX28 -> 8002.52 | GN28: =IF(OR(BI28=0,BI28=1),ROUND(O28+X28+Y28+GK28,2),0) -> 8002.52 | GO28: =IF(BI28=2,ROUND(O28+X28+Y28+GK28,2),0) -> 0 | GP28: =IF(BI28=4,ROUND(O28+X28+Y28+GK28,2)+GX28,0) -> 0 | GR28: 0 | GS28: 3 | GT28: 0 | GV28: =ROUND(GT28,2) -> 0 | GW28: 1 | GX28: =ROUND(GV28*GW28*I28,2) -> 0 | HA28: 0 | HB28: 0 | IK28: 0
A29: 17 | B29: 1 | C29: =ROW(SmtRes!A5) -> 5 | D29: =ROW(EtalonRes!A6) -> 6 | E29: 2 | F29: 58-3-1 | G29: Разборка мелких покрытий и обделок из листовой стали поясков, сандриков, желобов, отливов, свесов и т.п. | H29: 100 м | I29: =ROUND(29.92/100,9) -> 0.2992 | J29: 0 | O29: =ROUND(CP29,2) -> 149.93 | P29: =ROUND(CQ29*I29,2) -> 0 | Q29: =ROUND(CR29*I29,2) -> 0.42 | R29: =ROUND(CS29*I29,2) -> 0 | S29: =ROUND(CT29*I29,2) -> 149.51 | T29: =ROUND(CU29*I29,2) -> 0 | U29: =CV29*I29 -> 2.72272 | V29: =CW29*I29 -> 0 | W29: =ROUND(CX29*I29,2) -> 0 | X29: =ROUND(CY29,2) -> 124.09 | Y29: =ROUND(CZ29,2) -> 97.18 | AA29: 16612262 | AB29: =ROUND((AC29+AD29+AF29),2) -> 71.18 | AC29: =ROUND((ES29),2) -> 0 | AD29: =ROUND((((ET29)-(EU29))+AE29),2) -> 0.2 | AE29: =ROUND((EU29),2) -> 0 | AF29: =ROUND((EV29),2) -> 70.98 | AG29: =ROUND((AP29),2) -> 0 | AH29: =(EW29) -> 9.1 | AI29: =(EX29) -> 0 | AJ29: =ROUND((AS29),2) -> 0 | AK29: 71.18 | AL29: 0 | AM29: 0.2 | AN29: 0 | AO29: 70.98 | AP29: 0 | AQ29: 9.1 | AR29: 0 | AS29: 0 | AT29: 83 | AU29: 65 | AV29: 1 | AW29: 1 | AZ29: 7.04 | BA29: 7.04 | BB29: 7.04 | BC29: 7.04 | BH29: 0 | BI29: 1 | BJ29: ФЕР-2001, 58-3-1, приказ Минстроя России №1039/пр от 30.12.2016г. | BM29: 58001 | BN29: 0 | BP29: 0 | BQ29: 6 | BR29: 0 | BS29: 7.04 | BT29: 1 | BU29: 1 | BV29: 1 | BW29: 1 | BX29: 1 | BZ29: 83 | CA29: 65 | CF29: 0 | CG29: 0 | CM29: 0 | CO29: 0 | CP29: =(P29+Q29+S29) -> 149.93 | CQ29: =AC29*BC29 -> 0 | CR29: =AD29*BB29 -> 1.408 | CS29: =AE29*BS29 -> 0 | CT29: =AF29*BA29 -> 499.6992 | CU29: =AG29 -> 0 | CV29: =AH29 -> 9.1 | CW29: =AI29 -> 0 | CX29: =AJ29 -> 0 | CY29: =(((S29+R29)*AT29)/100) -> 124.0933 | CZ29: =(((S29+R29)*AU29)/100) -> 97.1815 | DN29: 0 | DO29: 0 | DP29: 1 | DQ29: 1 | DU29: 1003 | DV29: 100 м | DW29: 100 м | DX29: 100 | EE29: 16609183 | EF29: 6 | EG29: Ремонтно-строительные работы | EH29: 0 | EJ29: 1 | EK29: 58001 | EL29: Крыши, кровля | EM29: рФЕР-58 | EQ29: 131072 | ER29: 71.18 | ES29: 0 | ET29: 0.2 | EU29: 0 | EV29: 70.98 | EW29: 9.1 | EX29: 0 | EY29: 0 | FQ29: 0 | FR29: =ROUND(IF(AND(BH29=3,BI29=3),P29,0),2) -> 0 | FS29: 0 | FX29: 83 | FY29: 65 | GD29: 0 | GF29: -1944869968 | GG29: 1 | GH29: 1 | GI29: 4 | GJ29: 0 | GK29: =ROUND(R29*(R12)/100,2) -> 0 | GL29: =ROUND(IF(AND(BH29=3,BI29=3,FS29<>0),P29,0),2) -> 0 | GM29: =ROUND(O29+X29+Y29+GK29,2)+GX29 -> 371.2 | GN29: =IF(OR(BI29=0,BI29=1),ROUND(O29+X29+Y29+GK29,2),0) -> 371.2 | GO29: =IF(BI29=2,ROUND(O29+X29+Y29+GK29,2),0) -> 0 | GP29: =IF(BI29=4,ROUND(O29+X29+Y29+GK29,2)+GX29,0) -> 0 | GR29: 0 | GS29: 3 | GT29: 0 | GV29: =ROUND(GT29,2) -> 0 | GW29: 1 | GX29: =ROUND(GV29*GW29*I29,2) -> 0 | HA29: 0 | HB29: 0 | IK29: 0
A30: 17 | B30: 1 | C30: =ROW(SmtRes!A8) -> 8 | D30: =ROW(EtalonRes!A9) -> 9 | E30: 3 | F30: 46-04-012-03 | G30: Разборка деревянных заполнений проемов дверных и воротных | H30: 100 м2 | I30: =ROUND(119.64/100,9) -> 1.1964 | J30: 0 | O30: =ROUND(CP30,2) -> 9118.2 | P30: =ROUND(CQ30*I30,2) -> 0 | Q30: =ROUND(CR30*I30,2) -> 2037.86 | R30: =ROUND(CS30*I30,2) -> 880.08 | S30: =ROUND(CT30*I30,2) -> 7080.34 | T30: =ROUND(CU30*I30,2) -> 0 | U30: =CV30*I30 -> 124.31792 | V30: =CW30*I30 -> 9.260136 | W30: =ROUND(CX30*I30,2) -> 0 | X30: =ROUND(CY30,2) -> 7880.82 | Y30: =ROUND(CZ30,2) -> 4776.25 | AA30: 16612262 | AB30: =ROUND((AC30+AD30+AF30),2) -> 1082.58 | AC30: =ROUND((ES30),2) -> 0 | AD30: =ROUND((((ET30)-(EU30))+AE30),2) -> 241.95 | AE30: =ROUND((EU30),2) -> 104.49 | AF30: =ROUND((EV30),2) -> 840.63 | AG30: =ROUND((AP30),2) -> 0 | AH30: =(EW30) -> 103.91 | AI30: =(EX30) -> 7.74 | AJ30: =ROUND((AS30),2) -> 0 | AK30: 1082.58 | AL30: 0 | AM30: 241.95 | AN30: 104.49 | AO30: 840.63 | AP30: 0 | AQ30: 103.91 | AR30: 7.74 | AS30: 0 | AT30: 99 | AU30: 60 | AV30: 1 | AW30: 1 | AZ30: 7.04 | BA30: 7.04 | BB30: 7.04 | BC30: 7.04 | BH30: 0 | BI30: 1 | BJ30: ФЕР-2001, 46-04-012-03, приказ Минстроя России №1039/пр от 30.12.2016г. | BM30: 46001 | BN30: 0 | BP30: 0 | BQ30: 2 | BR30: 0 | BS30: 7.04 | BT30: 1 | BU30: 1 | BV30: 1 | BW30: 1 | BX30: 1 | BZ30: 110 | CA30: 70 | CF30: 0 | CG30: 0 | CM30: 0 | CO30: 0 | CP30: =(P30+Q30+S30) -> 9118.2 | CQ30: =AC30*BC30 -> 0 | CR30: =AD30*BB30 -> 1703.328 | CS30: =AE30*BS30 -> 735.6096 | CT30: =AF30*BA30 -> 5918.0352 | CU30: =AG30 -> 0 | CV30: =AH30 -> 103.91 | CW30: =AI30 -> 7.74 | CX30: =AJ30 -> 0 | CY30: =(((S30+R30)*AT30)/100) -> 7880.8158 | CZ30: =(((S30+R30)*AU30)/100) -> 4776.252 | DN30: 0 | DO30: 0 | DP30: 1 | DQ30: 1 | DU30: 1005 | DV30: 100 м2 | DW30: 100 м2 | DX30: 100 | EE30: 16609168 | EF30: 2 | EG30: Общестроительные работы | EH30: 0 | EJ30: 1 | EK30: 46001 | EL30: Реконструкция зданий и сооружений | EM30: ФЕР-46 | EQ30: 131072 | ER30: 1082.58 | ES30: 0 | ET30: 241.95 | EU30: 104.49 | EV30: 840.63 | EW30: 103.91 | EX30: 7.74 | EY30: 0 | FQ30: 0 | FR30: =ROUND(IF(AND(BH30=3,BI30=3),P30,0),2) -> 0 | FS30: 0 | FT30: *0,9 | FU30: *0,85 | FX30: 99 | FY30: 59.5 | GD30: 0 | GF30: 309229644 | GG30: 1 | GH30: 1 | GI30: 4 | GJ30: 0 | GK30: =ROUND(R30*(R12)/100,2) -> 0 | GL30: =ROUND(IF(AND(BH30=3,BI30=3,FS30<>0),P30,0),2) -> 0 | GM30: =ROUND(O30+X30+Y30+GK30,2)+GX30 -> 21775.27 | GN30: =IF(OR(BI30=0,BI30=1),ROUND(O30+X30+Y30+GK30,2),0) -> 21775.27 | GO30: =IF(BI30=2,ROUND(O30+X30+Y30+GK30,2),0) -> 0 | GP30: =IF(BI30=4,ROUND(O30+X30+Y30+GK30,2)+GX30,0) -> 0 | GR30: 0 | GS30: 3 | GT30: 0 | GV30: =ROUND(GT30,2) -> 0 | GW30: 1 | GX30: =ROUND(GV30*GW30*I30,2) -> 0 | HA30: 0 | HB30: 0 | IK30: 0
A31: 17 | B31: 1 | C31: =ROW(SmtRes!A15) -> 15 | D31: =ROW(EtalonRes!A17) -> 17 | E31: 4 | F31: 10-01-059-01 | G31: Разборка деревянных встроенных шкафов | H31: 100 ШТ | I31: =ROUND(4/100,9) -> 0.04 | J31: 0 | O31: =ROUND(CP31,2) -> 184.53 | P31: =ROUND(CQ31*I31,2) -> 0 | Q31: =ROUND(CR31*I31,2) -> 48.75 | R31: =ROUND(CS31*I31,2) -> 11.72 | S31: =ROUND(CT31*I31,2) -> 135.78 | T31: =ROUND(CU31*I31,2) -> 0 | U31: =CV31*I31 -> 2.4048 | V31: =CW31*I31 -> 0.1344 | W31: =ROUND(CX31*I31,2) -> 0 | X31: =ROUND(CY31,2) -> 156.35 | Y31: =ROUND(CZ31,2) -> 79.65 | AA31: 16612262 | AB31: =ROUND((AC31+AD31+AF31),2) -> 655.27 | AC31: =ROUND(((ES31*0)),2) -> 0 | AD31: =ROUND(((((ET31*0.8))-((EU31*0.8)))+AE31),2) -> 173.11 | AE31: =ROUND(((EU31*0.8)),2) -> 41.61 | AF31: =ROUND(((EV31*0.8)),2) -> 482.16 | AG31: =ROUND((AP31),2) -> 0 | AH31: =((EW31*0.8)) -> 60.12 | AI31: =((EX31*0.8)) -> 3.36 | AJ31: =ROUND((AS31),2) -> 0 | AK31: 2452.44 | AL31: 1633.36 | AM31: 216.38 | AN31: 52.01 | AO31: 602.7 | AP31: 0 | AQ31: 75.15 | AR31: 4.2 | AS31: 0 | AT31: 106 | AU31: 54 | AV31: 1 | AW31: 1 | AZ31: 7.04 | BA31: 7.04 | BB31: 7.04 | BC31: 7.04 | BH31: 0 | BI31: 1 | BJ31: ФЕР-2001, 10-01-059-01, приказ Минстроя России №1039/пр от 30.12.2016г. | BM31: 10001 | BN31: 0 | BP31: 0 | BQ31: 2 | BR31: 0 | BS31: 7.04 | BT31: 1 | BU31: 1 | BV31: 1 | BW31: 1 | BX31: 1 | BZ31: 118 | CA31: 63 | CF31: 0 | CG31: 0 | CM31: 0 | CN31: Поправка: Табл.2, п.2 Наименование: При демонтаже (разборке) сборных деревянных конструкций | CO31: 0 | CP31: =(P31+Q31+S31) -> 184.53 | CQ31: =AC31*BC31 -> 0 | CR31: =AD31*BB31 -> 1218.6944 | CS31: =AE31*BS31 -> 292.9344 | CT31: =AF31*BA31 -> 3394.4064 | CU31: =AG31 -> 0 | CV31: =AH31 -> 60.12 | CW31: =AI31 -> 3.36 | CX31: =AJ31 -> 0 | CY31: =(((S31+R31)*AT31)/100) -> 156.35 | CZ31: =(((S31+R31)*AU31)/100) -> 79.65 | DD31: )*0 | DE31: )*0,8 | DF31: )*0,8 | DG31: )*0,8 | DI31: )*0,8 | DJ31: )*0,8 | DN31: 0 | DO31: 0 | DP31: 1 | DQ31: 1 | DU31: 1013 | DV31: 100 ШТ | DW31: 100 ШТ | DX31: 1 | EE31: 16609107 | EF31: 2 | EG31: Общестроительные работы | EH31: 0 | EJ31: 1 | EK31: 10001 | EL31: Деревянные конструкции | EM31: ФЕР-10 | EO31: Поправка: Табл.2, п.2 | EQ31: 131072 | ER31: 2452.44 | ES31: 1633.36 | ET31: 216.38 | EU31: 52.01 | EV31: 602.7 | EW31: 75.15 | EX31: 4.2 | EY31: 0 | FQ31: 0 | FR31: =ROUND(IF(AND(BH31=3,BI31=3),P31,0),2) -> 0 | FS31: 0 | FT31: *0,9 | FU31: *0,85 | FX31: 106.2 | FY31: 53.55 | GD31: 0 | GF31: -742076266 | GG31: 1 | GH31: 1 | GI31: 4 | GJ31: 0 | GK31: =ROUND(R31*(R12)/100,2) -> 0 | GL31: =ROUND(IF(AND(BH31=3,BI31=3,FS31<>0),P31,0),2) -> 0 | GM31: =ROUND(O31+X31+Y31+GK31,2)+GX31 -> 420.53 | GN31: =IF(OR(BI31=0,BI31=1),ROUND(O31+X31+Y31+GK31,2),0) -> 420.53 | GO31: =IF(BI31=2,ROUND(O31+X31+Y31+GK31,2),0) -> 0 | GP31: =IF(BI31=4,ROUND(O31+X31+Y31+GK31,2)+GX31,0) -> 0 | GR31: 0 | GS31: 3 | GT31: 0 | GV31: =ROUND(GT31,2) -> 0 | GW31: 1 | GX31: =ROUND(GV31*GW31*I31,2) -> 0 | HA31: 0 | HB31: 0 | IK31: 0
A32: 17 | B32: 1 | C32: =ROW(SmtRes!A16) -> 16 | D32: =ROW(EtalonRes!A19) -> 19 | E32: 5 | F32: 57-1-2 | G32: Разборка оснований покрытия полов лаг из досок и брусков | H32: 100 м2 | I32: =ROUND(11.9/100,9) -> 0.119 | J32: 0 | O32: =ROUND(CP32,2) -> 50.12 | P32: =ROUND(CQ32*I32,2) -> 0 | Q32: =ROUND(CR32*I32,2) -> 0 | R32: =ROUND(CS32*I32,2) -> 0 | S32: =ROUND(CT32*I32,2) -> 50.12 | T32: =ROUND(CU32*I32,2) -> 0 | U32: =CV32*I32 -> 0.91273 | V32: =CW32*I32 -> 0 | W32: =ROUND(CX32*I32,2) -> 0 | X32: =ROUND(CY32,2) -> 40.1 | Y32: =ROUND(CZ32,2) -> 34.08 | AA32: 16612262 | AB32: =ROUND((AC32+AD32+AF32),2) -> 59.83 | AC32: =ROUND((ES32),2) -> 0 | AD32: =ROUND((((ET32)-(EU32))+AE32),2) -> 0 | AE32: =ROUND((EU32),2) -> 0 | AF32: =ROUND((EV32),2) -> 59.83 | AG32: =ROUND((AP32),2) -> 0 | AH32: =(EW32) -> 7.67 | AI32: =(EX32) -> 0 | AJ32: =ROUND((AS32),2) -> 0 | AK32: 59.83 | AL32: 0 | AM32: 0 | AN32: 0 | AO32: 59.83 | AP32: 0 | AQ32: 7.67 | AR32: 0 | AS32: 0 | AT32: 80 | AU32: 68 | AV32: 1 | AW32: 1 | AZ32: 7.04 | BA32: 7.04 | BB32: 7.04 | BC32: 7.04 | BH32: 0 | BI32: 1 | BJ32: ФЕР-2001, 57-1-2, приказ Минстроя России №1039/пр от 30.12.2016г. | BM32: 57001 | BN32: 0 | BP32: 0 | BQ32: 6 | BR32: 0 | BS32: 7.04 | BT32: 1 | BU32: 1 | BV32: 1 | BW32: 1 | BX32: 1 | BZ32: 80 | CA32: 68 | CF32: 0 | CG32: 0 | CM32: 0 | CO32: 0 | CP32: =(P32+Q32+S32) -> 50.12 | CQ32: =AC32*BC32 -> 0 | CR32: =AD32*BB32 -> 0 | CS32: =AE32*BS32 -> 0 | CT32: =AF32*BA32 -> 421.2032 | CU32: =AG32 -> 0 | CV32: =AH32 -> 7.67 | CW32: =AI32 -> 0 | CX32: =AJ32 -> 0 | CY32: =(((S32+R32)*AT32)/100) -> 40.096 | CZ32: =(((S32+R32)*AU32)/100) -> 34.0816 | DN32: 0 | DO32: 0 | DP32: 1 | DQ32: 1 | DU32: 1005 | DV32: 100 м2 | DW32: 100 м2 | DX32: 100 | EE32: 16609182 | EF32: 6 | EG32: Ремонтно-строительные работы | EH32: 0 | EJ32: 1 | EK32: 57001 | EL32: Полы | EM32: рФЕР-57 | EQ32: 131072 | ER32: 59.83 | ES32: 0 | ET32: 0 | EU32: 0 | EV32: 59.83 | EW32: 7.67 | EX32: 0 | EY32: 0 | FQ32: 0 | FR32: =ROUND(IF(AND(BH32=3,BI32=3),P32,0),2) -> 0 | FS32: 0 | FX32: 80 | FY32: 68 | GD32: 0 | GF32: 540249539 | GG32: 1 | GH32: 1 | GI32: 4 | GJ32: 0 | GK32: =ROUND(R32*(R12)/100,2) -> 0 | GL32: =ROUND(IF(AND(BH32=3,BI32=3,FS32<>0),P32,0),2) -> 0 | GM32: =ROUND(O32+X32+Y32+GK32,2)+GX32 -> 124.3 | GN32: =IF(OR(BI32=0,BI32=1),ROUND(O32+X32+Y32+GK32,2),0) -> 124.3 | GO32: =IF(BI32=2,ROUND(O32+X32+Y32+GK32,2),0) -> 0 | GP32: =IF(BI32=4,ROUND(O32+X32+Y32+GK32,2)+GX32,0) -> 0 | GR32: 0 | GS32: 3 | GT32: 0 | GV32: =ROUND(GT32,2) -> 0 | GW32: 1 | GX32: =ROUND(GV32*GW32*I32,2) -> 0 | HA32: 0 | HB32: 0 | IK32: 0
A33: 17 | B33: 1 | C33: =ROW(SmtRes!A19) -> 19 | D33: =ROW(EtalonRes!A23) -> 23 | E33: 6 | F33: 57-2-1 | G33: Разборка покрытий полов из линолеума и релина | H33: 100 м2 | I33: =ROUND(376.4/100,9) -> 3.764 | J33: 0 | O33: =ROUND(CP33,2) -> 2461.71 | P33: =ROUND(CQ33*I33,2) -> 0 | Q33: =ROUND(CR33*I33,2) -> 107.58 | R33: =ROUND(CS33*I33,2) -> 46.64 | S33: =ROUND(CT33*I33,2) -> 2354.13 | T33: =ROUND(CU33*I33,2) -> 0 | U33: =CV33*I33 -> 42.87196 | V33: =CW33*I33 -> 0.48932 | W33: =ROUND(CX33*I33,2) -> 0 | X33: =ROUND(CY33,2) -> 1920.62 | Y33: =ROUND(CZ33,2) -> 1632.52 | AA33: 16612262 | AB33: =ROUND((AC33+AD33+AF33),2) -> 92.9 | AC33: =ROUND((ES33),2) -> 0 | AD33: =ROUND((((ET33)-(EU33))+AE33),2) -> 4.06 | AE33: =ROUND((EU33),2) -> 1.76 | AF33: =ROUND((EV33),2) -> 88.84 | AG33: =ROUND((AP33),2) -> 0 | AH33: =(EW33) -> 11.39 | AI33: =(EX33) -> 0.13 | AJ33: =ROUND((AS33),2) -> 0 | AK33: 92.9 | AL33: 0 | AM33: 4.06 | AN33: 1.76 | AO33: 88.84 | AP33: 0 | AQ33: 11.39 | AR33: 0.13 | AS33: 0 | AT33: 80 | AU33: 68 | AV33: 1 | AW33: 1 | AZ33: 7.04 | BA33: 7.04 | BB33: 7.04 | BC33: 7.04 | BH33: 0 | BI33: 1 | BJ33: ФЕР-2001, 57-2-1, приказ Минстроя России №1039/пр от 30.12.2016г. | BM33: 57001 | BN33: 0 | BP33: 0 | BQ33: 6 | BR33: 0 | BS33: 7.04 | BT33: 1 | BU33: 1 | BV33: 1 | BW33: 1 | BX33: 1 | BZ33: 80 | CA33: 68 | CF33: 0 | CG33: 0 | CM33: 0 | CO33: 0 | CP33: =(P33+Q33+S33) -> 2461.71 | CQ33: =AC33*BC33 -> 0 | CR33: =AD33*BB33 -> 28.5824 | CS33: =AE33*BS33 -> 12.3904 | CT33: =AF33*BA33 -> 625.4336 | CU33: =AG33 -> 0 | CV33: =AH33 -> 11.39 | CW33: =AI33 -> 0.13 | CX33: =AJ33 -> 0 | CY33: =(((S33+R33)*AT33)/100) -> 1920.616 | CZ33: =(((S33+R33)*AU33)/100) -> 1632.5236 | DN33: 0 | DO33: 0 | DP33: 1 | DQ33: 1 | DU33: 1005 | DV33: 100 м2 | DW33: 100 м2 | DX33: 100 | EE33: 16609182 | EF33: 6 | EG33: Ремонтно-строительные работы | EH33: 0 | EJ33: 1 | EK33: 57001 | EL33: Полы | EM33: рФЕР-57 | EQ33: 131072 | ER33: 92.9 | ES33: 0 | ET33: 4.06 | EU33: 1.76 | EV33: 88.84 | EW33: 11.39 | EX33: 0.13 | EY33: 0 | FQ33: 0 | FR33: =ROUND(IF(AND(BH33=3,BI33=3),P33,0),2) -> 0 | FS33: 0 | FX33: 80 | FY33: 68 | GD33: 0 | GF33: -1228944231 | GG33: 1 | GH33: 1 | GI33: 4 | GJ33: 0 | GK33: =ROUND(R33*(R12)/100,2) -> 0 | GL33: =ROUND(IF(AND(BH33=3,BI33=3,FS33<>0),P33,0),2) -> 0 | GM33: =ROUND(O33+X33+Y33+GK33,2)+GX33 -> 6014.85 | GN33: =IF(OR(BI33=0,BI33=1),ROUND(O33+X33+Y33+GK33,2),0) -> 6014.85 | GO33: =IF(BI33=2,ROUND(O33+X33+Y33+GK33,2),0) -> 0 | GP33: =IF(BI33=4,ROUND(O33+X33+Y33+GK33,2)+GX33,0) -> 0 | GR33: 0 | GS33: 3 | GT33: 0 | GV33: =ROUND(GT33,2) -> 0 | GW33: 1 | GX33: =ROUND(GV33*GW33*I33,2) -> 0 | HA33: 0 | HB33: 0 | IK33: 0
A34: 17 | B34: 1 | C34: =ROW(SmtRes!A22) -> 22 | D34: =ROW(EtalonRes!A27) -> 27 | E34: 7 | F34: 57-2-3 | G34: Разборка покрытий полов из керамических плиток | H34: 100 м2 | I34: =ROUND(49.7/100,9) -> 0.497 | J34: 0 | O34: =ROUND(CP34,2) -> 2242.78 | P34: =ROUND(CQ34*I34,2) -> 0 | Q34: =ROUND(CR34*I34,2) -> 157.48 | R34: =ROUND(CS34*I34,2) -> 68.02 | S34: =ROUND(CT34*I34,2) -> 2085.3 | T34: =ROUND(CU34*I34,2) -> 0 | U34: =CV34*I34 -> 34.72539 | V34: =CW34*I34 -> 0.71568 | W34: =ROUND(CX34*I34,2) -> 0 | X34: =ROUND(CY34,2) -> 1722.66 | Y34: =ROUND(CZ34,2) -> 1464.26 | AA34: 16612262 | AB34: =ROUND((AC34+AD34+AF34),2) -> 641 | AC34: =ROUND((ES34),2) -> 0 | AD34: =ROUND((((ET34)-(EU34))+AE34),2) -> 45.01 | AE34: =ROUND((EU34),2) -> 19.44 | AF34: =ROUND((EV34),2) -> 595.99 | AG34: =ROUND((AP34),2) -> 0 | AH34: =(EW34) -> 69.87 | AI34: =(EX34) -> 1.44 | AJ34: =ROUND((AS34),2) -> 0 | AK34: 641 | AL34: 0 | AM34: 45.01 | AN34: 19.44 | AO34: 595.99 | AP34: 0 | AQ34: 69.87 | AR34: 1.44 | AS34: 0 | AT34: 80 | AU34: 68 | AV34: 1 | AW34: 1 | AZ34: 7.04 | BA34: 7.04 | BB34: 7.04 | BC34: 7.04 | BH34: 0 | BI34: 1 | BJ34: ФЕР-2001, 57-2-3, приказ Минстроя России №1039/пр от 30.12.2016г. | BM34: 57001 | BN34: 0 | BP34: 0 | BQ34: 6 | BR34: 0 | BS34: 7.04 | BT34: 1 | BU34: 1 | BV34: 1 | BW34: 1 | BX34: 1 | BZ34: 80 | CA34: 68 | CF34: 0 | CG34: 0 | CM34: 0 | CO34: 0 | CP34: =(P34+Q34+S34) -> 2242.78 | CQ34: =AC34*BC34 -> 0 | CR34: =AD34*BB34 -> 316.8704 | CS34: =AE34*BS34 -> 136.8576 | CT34: =AF34*BA34 -> 4195.7696 | CU34: =AG34 -> 0 | CV34: =AH34 -> 69.87 | CW34: =AI34 -> 1.44 | CX34: =AJ34 -> 0 | CY34: =(((S34+R34)*AT34)/100) -> 1722.656 | CZ34: =(((S34+R34)*AU34)/100) -> 1464.2576 | DN34: 0 | DO34: 0 | DP34: 1 | DQ34: 1 | DU34: 1005 | DV34: 100 м2 | DW34: 100 м2 | DX34: 100 | EE34: 16609182 | EF34: 6 | EG34: Ремонтно-строительные работы | EH34: 0 | EJ34: 1 | EK34: 57001 | EL34: Полы | EM34: рФЕР-57 | EQ34: 131072 | ER34: 641 | ES34: 0 | ET34: 45.01 | EU34: 19.44 | EV34: 595.99 | EW34: 69.87 | EX34: 1.44 | EY34: 0 | FQ34: 0 | FR34: =ROUND(IF(AND(BH34=3,BI34=3),P34,0),2) -> 0 | FS34: 0 | FX34: 80 | FY34: 68 | GD34: 0 | GF34: 1406297217 | GG34: 1 | GH34: 1 | GI34: 4 | GJ34: 0 | GK34: =ROUND(R34*(R12)/100,2) -> 0 | GL34: =ROUND(IF(AND(BH34=3,BI34=3,FS34<>0),P34,0),2) -> 0 | GM34: =ROUND(O34+X34+Y34+GK34,2)+GX34 -> 5429.7 | GN34: =IF(OR(BI34=0,BI34=1),ROUND(O34+X34+Y34+GK34,2),0) -> 5429.7 | GO34: =IF(BI34=2,ROUND(O34+X34+Y34+GK34,2),0) -> 0 | GP34: =IF(BI34=4,ROUND(O34+X34+Y34+GK34,2)+GX34,0) -> 0 | GR34: 0 | GS34: 3 | GT34: 0 | GV34: =ROUND(GT34,2) -> 0 | GW34: 1 | GX34: =ROUND(GV34*GW34*I34,2) -> 0 | HA34: 0 | HB34: 0 | IK34: 0
A35: 17 | B35: 1 | C35: =ROW(SmtRes!A27) -> 27 | D35: =ROW(EtalonRes!A33) -> 33 | E35: 8 | F35: 57-2-4 | G35: Разборка покрытий полов цементных толщиной 45 мм | H35: 100 м2 | I35: =ROUND(49.7/100,9) -> 0.497 | J35: 0 | O35: =ROUND(CP35,2) -> 5904.57 | P35: =ROUND(CQ35*I35,2) -> 0 | Q35: =ROUND(CR35*I35,2) -> 2585.74 | R35: =ROUND(CS35*I35,2) -> 85.02 | S35: =ROUND(CT35*I35,2) -> 3318.83 | T35: =ROUND(CU35*I35,2) -> 0 | U35: =CV35*I35 -> 55.2664 | V35: =CW35*I35 -> 0.8946 | W35: =ROUND(CX35*I35,2) -> 0 | X35: =ROUND(CY35,2) -> 2723.08 | Y35: =ROUND(CZ35,2) -> 2314.62 | AA35: 16612262 | AB35: =ROUND((AC35+AD35+AF35),2) -> 1687.56 | AC35: =ROUND((ES35),2) -> 0 | AD35: =ROUND((((ET35)-(EU35))+AE35),2) -> 739.02 | AE35: =ROUND((EU35),2) -> 24.3 | AF35: =ROUND((EV35),2) -> 948.54 | AG35: =ROUND((AP35),2) -> 0 | AH35: =(EW35) -> 111.2 | AI35: =(EX35) -> 1.8 | AJ35: =ROUND((AS35),2) -> 0 | AK35: 1687.56 | AL35: 0 | AM35: 739.02 | AN35: 24.3 | AO35: 948.54 | AP35: 0 | AQ35: 111.2 | AR35: 1.8 | AS35: 0 | AT35: 80 | AU35: 68 | AV35: 1 | AW35: 1 | AZ35: 7.04 | BA35: 7.04 | BB35: 7.04 | BC35: 7.04 | BH35: 0 | BI35: 1 | BJ35: ФЕР-2001, 57-2-4, приказ Минстроя России №1039/пр от 30.12.2016г. | BM35: 57001 | BN35: 0 | BP35: 0 | BQ35: 6 | BR35: 0 | BS35: 7.04 | BT35: 1 | BU35: 1 | BV35: 1 | BW35: 1 | BX35: 1 | BZ35: 80 | CA35: 68 | CF35: 0 | CG35: 0 | CM35: 0 | CO35: 0 | CP35: =(P35+Q35+S35) -> 5904.57 | CQ35: =AC35*BC35 -> 0 | CR35: =AD35*BB35 -> 5202.7008 | CS35: =AE35*BS35 -> 171.072 | CT35: =AF35*BA35 -> 6677.7216 | CU35: =AG35 -> 0 | CV35: =AH35 -> 111.2 | CW35: =AI35 -> 1.8 | CX35: =AJ35 -> 0 | CY35: =(((S35+R35)*AT35)/100) -> 2723.08 | CZ35: =(((S35+R35)*AU35)/100) -> 2314.618 | DN35: 0 | DO35: 0 | DP35: 1 | DQ35: 1 | DU35: 1005 | DV35: 100 м2 | DW35: 100 м2 | DX35: 100 | EE35: 16609182 | EF35: 6 | EG35: Ремонтно-строительные работы | EH35: 0 | EJ35: 1 | EK35: 57001 | EL35: Полы | EM35: рФЕР-57 | EQ35: 131072 | ER35: 1687.56 | ES35: 0 | ET35: 739.02 | EU35: 24.3 | EV35: 948.54 | EW35: 111.2 | EX35: 1.8 | EY35: 0 | FQ35: 0 | FR35: =ROUND(IF(AND(BH35=3,BI35=3),P35,0),2) -> 0 | FS35: 0 | FX35: 80 | FY35: 68 | GD35: 0 | GF35: 212126470 | GG35: 1 | GH35: 1 | GI35: 4 | GJ35: 0 | GK35: =ROUND(R35*(R12)/100,2) -> 0 | GL35: =ROUND(IF(AND(BH35=3,BI35=3,FS35<>0),P35,0),2) -> 0 | GM35: =ROUND(O35+X35+Y35+GK35,2)+GX35 -> 10942.27 | GN35: =IF(OR(BI35=0,BI35=1),ROUND(O35+X35+Y35+GK35,2),0) -> 10942.27 | GO35: =IF(BI35=2,ROUND(O35+X35+Y35+GK35,2),0) -> 0 | GP35: =IF(BI35=4,ROUND(O35+X35+Y35+GK35,2)+GX35,0) -> 0 | GR35: 0 | GS35: 3 | GT35: 0 | GV35: =ROUND(GT35,2) -> 0 | GW35: 1 | GX35: =ROUND(GV35*GW35*I35,2) -> 0 | HA35: 0 | HB35: 0 | IK35: 0
A36: 17 | B36: 1 | C36: =ROW(SmtRes!A28) -> 28 | D36: =ROW(EtalonRes!A35) -> 35 | E36: 9 | F36: 57-3-2 | G36: Разборка плинтусов цементных и из керамической плитки | H36: 100 м | I36: =ROUND(87.09/100,9) -> 0.8709 | J36: 0 | O36: =ROUND(CP36,2) -> 682.89 | P36: =ROUND(CQ36*I36,2) -> 0 | Q36: =ROUND(CR36*I36,2) -> 0 | R36: =ROUND(CS36*I36,2) -> 0 | S36: =ROUND(CT36*I36,2) -> 682.89 | T36: =ROUND(CU36*I36,2) -> 0 | U36: =CV36*I36 -> 12.436452 | V36: =CW36*I36 -> 0 | W36: =ROUND(CX36*I36,2) -> 0 | X36: =ROUND(CY36,2) -> 546.31 | Y36: =ROUND(CZ36,2) -> 464.37 | AA36: 16612262 | AB36: =ROUND((AC36+AD36+AF36),2) -> 111.38 | AC36: =ROUND((ES36),2) -> 0 | AD36: =ROUND((((ET36)-(EU36))+AE36),2) -> 0 | AE36: =ROUND((EU36),2) -> 0 | AF36: =ROUND((EV36),2) -> 111.38 | AG36: =ROUND((AP36),2) -> 0 | AH36: =(EW36) -> 14.28 | AI36: =(EX36) -> 0 | AJ36: =ROUND((AS36),2) -> 0 | AK36: 111.38 | AL36: 0 | AM36: 0 | AN36: 0 | AO36: 111.38 | AP36: 0 | AQ36: 14.28 | AR36: 0 | AS36: 0 | AT36: 80 | AU36: 68 | AV36: 1 | AW36: 1 | AZ36: 7.04 | BA36: 7.04 | BB36: 7.04 | BC36: 7.04 | BH36: 0 | BI36: 1 | BJ36: ФЕР-2001, 57-3-2, приказ Минстроя России №1039/пр от 30.12.2016г. | BM36: 57001 | BN36: 0 | BP36: 0 | BQ36: 6 | BR36: 0 | BS36: 7.04 | BT36: 1 | BU36: 1 | BV36: 1 | BW36: 1 | BX36: 1 | BZ36: 80 | CA36: 68 | CF36: 0 | CG36: 0 | CM36: 0 | CO36: 0 | CP36: =(P36+Q36+S36) -> 682.89 | CQ36: =AC36*BC36 -> 0 | CR36: =AD36*BB36 -> 0 | CS36: =AE36*BS36 -> 0 | CT36: =AF36*BA36 -> 784.1152 | CU36: =AG36 -> 0 | CV36: =AH36 -> 14.28 | CW36: =AI36 -> 0 | CX36: =AJ36 -> 0 | CY36: =(((S36+R36)*AT36)/100) -> 546.312 | CZ36: =(((S36+R36)*AU36)/100) -> 464.3652 | DN36: 0 | DO36: 0 | DP36: 1 | DQ36: 1 | DU36: 1003 | DV36: 100 м | DW36: 100 м | DX36: 100 | EE36: 16609182 | EF36: 6 | EG36: Ремонтно-строительные работы | EH36: 0 | EJ36: 1 | EK36: 57001 | EL36: Полы | EM36: рФЕР-57 | EQ36: 131072 | ER36: 111.38 | ES36: 0 | ET36: 0 | EU36: 0 | EV36: 111.38 | EW36: 14.28 | EX36: 0 | EY36: 0 | FQ36: 0 | FR36: =ROUND(IF(AND(BH36=3,BI36=3),P36,0),2) -> 0 | FS36: 0 | FX36: 80 | FY36: 68 | GD36: 0 | GF36: -1480636884 | GG36: 1 | GH36: 1 | GI36: 4 | GJ36: 0 | GK36: =ROUND(R36*(R12)/100,2) -> 0 | GL36: =ROUND(IF(AND(BH36=3,BI36=3,FS36<>0),P36,0),2) -> 0 | GM36: =ROUND(O36+X36+Y36+GK36,2)+GX36 -> 1693.57 | GN36: =IF(OR(BI36=0,BI36=1),ROUND(O36+X36+Y36+GK36,2),0) -> 1693.57 | GO36: =IF(BI36=2,ROUND(O36+X36+Y36+GK36,2),0) -> 0 | GP36: =IF(BI36=4,ROUND(O36+X36+Y36+GK36,2)+GX36,0) -> 0 | GR36: 0 | GS36: 3 | GT36: 0 | GV36: =ROUND(GT36,2) -> 0 | GW36: 1 | GX36: =ROUND(GV36*GW36*I36,2) -> 0 | HA36: 0 | HB36: 0 | IK36: 0
A37: 17 | B37: 1 | C37: =ROW(SmtRes!A29) -> 29 | D37: =ROW(EtalonRes!A37) -> 37 | E37: 10 | F37: 57-3-1 | G37: Разборка плинтусов деревянных и из пластмассовых материалов | H37: 100 м | I37: =ROUND(336.74/100,9) -> 3.3674 | J37: 0 | O37: =ROUND(CP37,2) -> 697.21 | P37: =ROUND(CQ37*I37,2) -> 0 | Q37: =ROUND(CR37*I37,2) -> 0 | R37: =ROUND(CS37*I37,2) -> 0 | S37: =ROUND(CT37*I37,2) -> 697.21 | T37: =ROUND(CU37*I37,2) -> 0 | U37: =CV37*I37 -> 12.695098 | V37: =CW37*I37 -> 0 | W37: =ROUND(CX37*I37,2) -> 0 | X37: =ROUND(CY37,2) -> 557.77 | Y37: =ROUND(CZ37,2) -> 474.1 | AA37: 16612262 | AB37: =ROUND((AC37+AD37+AF37),2) -> 29.41 | AC37: =ROUND((ES37),2) -> 0 | AD37: =ROUND((((ET37)-(EU37))+AE37),2) -> 0 | AE37: =ROUND((EU37),2) -> 0 | AF37: =ROUND((EV37),2) -> 29.41 | AG37: =ROUND((AP37),2) -> 0 | AH37: =(EW37) -> 3.77 | AI37: =(EX37) -> 0 | AJ37: =ROUND((AS37),2) -> 0 | AK37: 29.41 | AL37: 0 | AM37: 0 | AN37: 0 | AO37: 29.41 | AP37: 0 | AQ37: 3.77 | AR37: 0 | AS37: 0 | AT37: 80 | AU37: 68 | AV37: 1 | AW37: 1 | AZ37: 7.04 | BA37: 7.04 | BB37: 7.04 | BC37: 7.04 | BH37: 0 | BI37: 1 | BJ37: ФЕР-2001, 57-3-1, приказ Минстроя России №1039/пр от 30.12.2016г. | BM37: 57001 | BN37: 0 | BP37: 0 | BQ37: 6 | BR37: 0 | BS37: 7.04 | BT37: 1 | BU37: 1 | BV37: 1 | BW37: 1 | BX37: 1 | BZ37: 80 | CA37: 68 | CF37: 0 | CG37: 0 | CM37: 0 | CO37: 0 | CP37: =(P37+Q37+S37) -> 697.21 | CQ37: =AC37*BC37 -> 0 | CR37: =AD37*BB37 -> 0 | CS37: =AE37*BS37 -> 0 | CT37: =AF37*BA37 -> 207.0464 | CU37: =AG37 -> 0 | CV37: =AH37 -> 3.77 | CW37: =AI37 -> 0 | CX37: =AJ37 -> 0 | CY37: =(((S37+R37)*AT37)/100) -> 557.768 | CZ37: =(((S37+R37)*AU37)/100) -> 474.1028 | DN37: 0 | DO37: 0 | DP37: 1 | DQ37: 1 | DU37: 1003 | DV37: 100 м | DW37: 100 м | DX37: 100 | EE37: 16609182 | EF37: 6 | EG37: Ремонтно-строительные работы | EH37: 0 | EJ37: 1 | EK37: 57001 | EL37: Полы | EM37: рФЕР-57 | EQ37: 131072 | ER37: 29.41 | ES37: 0 | ET37: 0 | EU37: 0 | EV37: 29.41 | EW37: 3.77 | EX37: 0 | EY37: 0 | FQ37: 0 | FR37: =ROUND(IF(AND(BH37=3,BI37=3),P37,0),2) -> 0 | FS37: 0 | FX37: 80 | FY37: 68 | GD37: 0 | GF37: -1431764135 | GG37: 1 | GH37: 1 | GI37: 4 | GJ37: 0 | GK37: =ROUND(R37*(R12)/100,2) -> 0 | GL37: =ROUND(IF(AND(BH37=3,BI37=3,FS37<>0),P37,0),2) -> 0 | GM37: =ROUND(O37+X37+Y37+GK37,2)+GX37 -> 1729.08 | GN37: =IF(OR(BI37=0,BI37=1),ROUND(O37+X37+Y37+GK37,2),0) -> 1729.08 | GO37: =IF(BI37=2,ROUND(O37+X37+Y37+GK37,2),0) -> 0 | GP37: =IF(BI37=4,ROUND(O37+X37+Y37+GK37,2)+GX37,0) -> 0 | GR37: 0 | GS37: 3 | GT37: 0 | GV37: =ROUND(GT37,2) -> 0 | GW37: 1 | GX37: =ROUND(GV37*GW37*I37,2) -> 0 | HA37: 0 | HB37: 0 | IK37: 0
A38: 17 | B38: 1 | C38: =ROW(SmtRes!A34) -> 34 | D38: =ROW(EtalonRes!A42) -> 42 | E38: 11 | F38: 63-7-5 | G38: Разборка облицовки стен из керамических глазурованных плиток | H38: 100 м2 | I38: =ROUND(116.69/100,9) -> 1.1669 | J38: 0 | O38: =ROUND(CP38,2) -> 5372.6 | P38: =ROUND(CQ38*I38,2) -> 0 | Q38: =ROUND(CR38*I38,2) -> 568.97 | R38: =ROUND(CS38*I38,2) -> 38.86 | S38: =ROUND(CT38*I38,2) -> 4803.63 | T38: =ROUND(CU38*I38,2) -> 0 | U38: =CV38*I38 -> 86.70067 | V38: =CW38*I38 -> 0.408415 | W38: =ROUND(CX38*I38,2) -> 0 | X38: =ROUND(CY38,2) -> 3728.72 | Y38: =ROUND(CZ38,2) -> 2421.25 | AA38: 16612262 | AB38: =ROUND((AC38+AD38+AF38),2) -> 654 | AC38: =ROUND((ES38),2) -> 0 | AD38: =ROUND((((ET38)-(EU38))+AE38),2) -> 69.26 | AE38: =ROUND((EU38),2) -> 4.73 | AF38: =ROUND((EV38),2) -> 584.74 | AG38: =ROUND((AP38),2) -> 0 | AH38: =(EW38) -> 74.3 | AI38: =(EX38) -> 0.35 | AJ38: =ROUND((AS38),2) -> 0 | AK38: 654 | AL38: 0 | AM38: 69.26 | AN38: 4.73 | AO38: 584.74 | AP38: 0 | AQ38: 74.3 | AR38: 0.35 | AS38: 0 | AT38: 77 | AU38: 50 | AV38: 1 | AW38: 1 | AZ38: 7.04 | BA38: 7.04 | BB38: 7.04 | BC38: 7.04 | BH38: 0 | BI38: 1 | BJ38: ФЕР-2001, 63-7-5, приказ Минстроя России №1039/пр от 30.12.2016г. | BM38: 63001 | BN38: 0 | BP38: 0 | BQ38: 6 | BR38: 0 | BS38: 7.04 | BT38: 1 | BU38: 1 | BV38: 1 | BW38: 1 | BX38: 1 | BZ38: 77 | CA38: 50 | CF38: 0 | CG38: 0 | CM38: 0 | CO38: 0 | CP38: =(P38+Q38+S38) -> 5372.6 | CQ38: =AC38*BC38 -> 0 | CR38: =AD38*BB38 -> 487.5904 | CS38: =AE38*BS38 -> 33.2992 | CT38: =AF38*BA38 -> 4116.5696 | CU38: =AG38 -> 0 | CV38: =AH38 -> 74.3 | CW38: =AI38 -> 0.35 | CX38: =AJ38 -> 0 | CY38: =(((S38+R38)*AT38)/100) -> 3728.7173 | CZ38: =(((S38+R38)*AU38)/100) -> 2421.245 | DN38: 0 | DO38: 0 | DP38: 1 | DQ38: 1 | DU38: 1005 | DV38: 100 м2 | DW38: 100 м2 | DX38: 100 | EE38: 16609188 | EF38: 6 | EG38: Ремонтно-строительные работы | EH38: 0 | EJ38: 1 | EK38: 63001 | EL38: Стекольные, обойные, облицовочные работы | EM38: рФЕР-63 | EQ38: 131072 | ER38: 654 | ES38: 0 | ET38: 69.26 | EU38: 4.73 | EV38: 584.74 | EW38: 74.3 | EX38: 0.35 | EY38: 0 | FQ38: 0 | FR38: =ROUND(IF(AND(BH38=3,BI38=3),P38,0),2) -> 0 | FS38: 0 | FX38: 77 | FY38: 50 | GD38: 0 | GF38: -1765919460 | GG38: 1 | GH38: 1 | GI38: 4 | GJ38: 0 | GK38: =ROUND(R38*(R12)/100,2) -> 0 | GL38: =ROUND(IF(AND(BH38=3,BI38=3,FS38<>0),P38,0),2) -> 0 | GM38: =ROUND(O38+X38+Y38+GK38,2)+GX38 -> 11522.57 | GN38: =IF(OR(BI38=0,BI38=1),ROUND(O38+X38+Y38+GK38,2),0) -> 11522.57 | GO38: =IF(BI38=2,ROUND(O38+X38+Y38+GK38,2),0) -> 0 | GP38: =IF(BI38=4,ROUND(O38+X38+Y38+GK38,2)+GX38,0) -> 0 | GR38: 0 | GS38: 3 | GT38: 0 | GV38: =ROUND(GT38,2) -> 0 | GW38: 1 | GX38: =ROUND(GV38*GW38*I38,2) -> 0 | HA38: 0 | HB38: 0 | IK38: 0
A39: 17 | B39: 1 | C39: =ROW(SmtRes!A35) -> 35 | D39: =ROW(EtalonRes!A44) -> 44 | E39: 12 | F39: 63-5-1 | G39: Снятие обоев простых и улучшенных | H39: 100 м2 | I39: =ROUND(752.3/100,9) -> 7.523 | J39: 0 | O39: =ROUND(CP39,2) -> 4296.27 | P39: =ROUND(CQ39*I39,2) -> 0 | Q39: =ROUND(CR39*I39,2) -> 0 | R39: =ROUND(CS39*I39,2) -> 0 | S39: =ROUND(CT39*I39,2) -> 4296.27 | T39: =ROUND(CU39*I39,2) -> 0 | U39: =CV39*I39 -> 78.2392 | V39: =CW39*I39 -> 0 | W39: =ROUND(CX39*I39,2) -> 0 | X39: =ROUND(CY39,2) -> 3308.13 | Y39: =ROUND(CZ39,2) -> 2148.14 | AA39: 16612262 | AB39: =ROUND((AC39+AD39+AF39),2) -> 81.12 | AC39: =ROUND((ES39),2) -> 0 | AD39: =ROUND((((ET39)-(EU39))+AE39),2) -> 0 | AE39: =ROUND((EU39),2) -> 0 | AF39: =ROUND((EV39),2) -> 81.12 | AG39: =ROUND((AP39),2) -> 0 | AH39: =(EW39) -> 10.4 | AI39: =(EX39) -> 0 | AJ39: =ROUND((AS39),2) -> 0 | AK39: 81.12 | AL39: 0 | AM39: 0 | AN39: 0 | AO39: 81.12 | AP39: 0 | AQ39: 10.4 | AR39: 0 | AS39: 0 | AT39: 77 | AU39: 50 | AV39: 1 | AW39: 1 | AZ39: 7.04 | BA39: 7.04 | BB39: 7.04 | BC39: 7.04 | BH39: 0 | BI39: 1 | BJ39: ФЕРр-2001, 63-5-1, приказ Минстроя России №1039/пр от 30.12.2016г. | BM39: 63001 | BN39: 0 | BP39: 0 | BQ39: 6 | BR39: 0 | BS39: 7.04 | BT39: 1 | BU39: 1 | BV39: 1 | BW39: 1 | BX39: 1 | BZ39: 77 | CA39: 50 | CF39: 0 | CG39: 0 | CM39: 0 | CO39: 0 | CP39: =(P39+Q39+S39) -> 4296.27 | CQ39: =AC39*BC39 -> 0 | CR39: =AD39*BB39 -> 0 | CS39: =AE39*BS39 -> 0 | CT39: =AF39*BA39 -> 571.0848 | CU39: =AG39 -> 0 | CV39: =AH39 -> 10.4 | CW39: =AI39 -> 0 | CX39: =AJ39 -> 0 | CY39: =(((S39+R39)*AT39)/100) -> 3308.1279 | CZ39: =(((S39+R39)*AU39)/100) -> 2148.135 | DN39: 0 | DO39: 0 | DP39: 1 | DQ39: 1 | DU39: 1005 | DV39: 100 м2 | DW39: 100 м2 | DX39: 100 | EE39: 16609188 | EF39: 6 | EG39: Ремонтно-строительные работы | EH39: 0 | EJ39: 1 | EK39: 63001 | EL39: Стекольные, обойные, облицовочные работы | EM39: рФЕР-63 | EQ39: 0 | ER39: 81.12 | ES39: 0 | ET39: 0 | EU39: 0 | EV39: 81.12 | EW39: 10.4 | EX39: 0 | EY39: 0 | FQ39: 0 | FR39: =ROUND(IF(AND(BH39=3,BI39=3),P39,0),2) -> 0 | FS39: 0 | FX39: 77 | FY39: 50 | GD39: 0 | GF39: 857715586 | GG39: 1 | GH39: 1 | GI39: 4 | GJ39: 0 | GK39: =ROUND(R39*(R12)/100,2) -> 0 | GL39: =ROUND(IF(AND(BH39=3,BI39=3,FS39<>0),P39,0),2) -> 0 | GM39: =ROUND(O39+X39+Y39+GK39,2)+GX39 -> 9752.54 | GN39: =IF(OR(BI39=0,BI39=1),ROUND(O39+X39+Y39+GK39,2),0) -> 9752.54 | GO39: =IF(BI39=2,ROUND(O39+X39+Y39+GK39,2),0) -> 0 | GP39: =IF(BI39=4,ROUND(O39+X39+Y39+GK39,2)+GX39,0) -> 0 | GR39: 0 | GS39: 3 | GT39: 0 | GV39: =ROUND(GT39,2) -> 0 | GW39: 1 | GX39: =ROUND(GV39*GW39*I39,2) -> 0 | HA39: 0 | HB39: 0 | IK39: 0
A40: 17 | B40: 1 | C40: =ROW(SmtRes!A36) -> 36 | D40: =ROW(EtalonRes!A45) -> 45 | E40: 13 | F40: 46-02-009-02 | G40: Отбивка штукатурки с поверхностей стен и потолков кирпичных | H40: 100 м2 | I40: =ROUND(202.92/100,9) -> 2.0292 | J40: 0 | O40: =ROUND(CP40,2) -> 2542.83 | P40: =ROUND(CQ40*I40,2) -> 0 | Q40: =ROUND(CR40*I40,2) -> 0 | R40: =ROUND(CS40*I40,2) -> 0 | S40: =ROUND(CT40*I40,2) -> 2542.83 | T40: =ROUND(CU40*I40,2) -> 0 | U40: =CV40*I40 -> 46.306344 | V40: =CW40*I40 -> 0 | W40: =ROUND(CX40*I40,2) -> 0 | X40: =ROUND(CY40,2) -> 2517.4 | Y40: =ROUND(CZ40,2) -> 1525.7 | AA40: 16612262 | AB40: =ROUND((AC40+AD40+AF40),2) -> 178 | AC40: =ROUND((ES40),2) -> 0 | AD40: =ROUND((((ET40)-(EU40))+AE40),2) -> 0 | AE40: =ROUND((EU40),2) -> 0 | AF40: =ROUND((EV40),2) -> 178 | AG40: =ROUND((AP40),2) -> 0 | AH40: =(EW40) -> 22.82 | AI40: =(EX40) -> 0 | AJ40: =ROUND((AS40),2) -> 0 | AK40: 178 | AL40: 0 | AM40: 0 | AN40: 0 | AO40: 178 | AP40: 0 | AQ40: 22.82 | AR40: 0 | AS40: 0 | AT40: 99 | AU40: 60 | AV40: 1 | AW40: 1 | AZ40: 7.04 | BA40: 7.04 | BB40: 7.04 | BC40: 7.04 | BH40: 0 | BI40: 1 | BJ40: ФЕР-2001, 46-02-009-02, приказ Минстроя России №1039/пр от 30.12.2016г. | BM40: 46001 | BN40: 0 | BP40: 0 | BQ40: 2 | BR40: 0 | BS40: 7.04 | BT40: 1 | BU40: 1 | BV40: 1 | BW40: 1 | BX40: 1 | BZ40: 110 | CA40: 70 | CF40: 0 | CG40: 0 | CM40: 0 | CO40: 0 | CP40: =(P40+Q40+S40) -> 2542.83 | CQ40: =AC40*BC40 -> 0 | CR40: =AD40*BB40 -> 0 | CS40: =AE40*BS40 -> 0 | CT40: =AF40*BA40 -> 1253.12 | CU40: =AG40 -> 0 | CV40: =AH40 -> 22.82 | CW40: =AI40 -> 0 | CX40: =AJ40 -> 0 | CY40: =(((S40+R40)*AT40)/100) -> 2517.4017 | CZ40: =(((S40+R40)*AU40)/100) -> 1525.698 | DN40: 0 | DO40: 0 | DP40: 1 | DQ40: 1 | DU40: 1005 | DV40: 100 м2 | DW40: 100 м2 | DX40: 100 | EE40: 16609168 | EF40: 2 | EG40: Общестроительные работы | EH40: 0 | EJ40: 1 | EK40: 46001 | EL40: Реконструкция зданий и сооружений | EM40: ФЕР-46 | EQ40: 131072 | ER40: 178 | ES40: 0 | ET40: 0 | EU40: 0 | EV40: 178 | EW40: 22.82 | EX40: 0 | EY40: 0 | FQ40: 0 | FR40: =ROUND(IF(AND(BH40=3,BI40=3),P40,0),2) -> 0 | FS40: 0 | FT40: *0,9 | FU40: *0,85 | FX40: 99 | FY40: 59.5 | GD40: 0 | GF40: 1716417608 | GG40: 1 | GH40: 1 | GI40: 4 | GJ40: 0 | GK40: =ROUND(R40*(R12)/100,2) -> 0 | GL40: =ROUND(IF(AND(BH40=3,BI40=3,FS40<>0),P40,0),2) -> 0 | GM40: =ROUND(O40+X40+Y40+GK40,2)+GX40 -> 6585.93 | GN40: =IF(OR(BI40=0,BI40=1),ROUND(O40+X40+Y40+GK40,2),0) -> 6585.93 | GO40: =IF(BI40=2,ROUND(O40+X40+Y40+GK40,2),0) -> 0 | GP40: =IF(BI40=4,ROUND(O40+X40+Y40+GK40,2)+GX40,0) -> 0 | GR40: 0 | GS40: 3 | GT40: 0 | GV40: =ROUND(GT40,2) -> 0 | GW40: 1 | GX40: =ROUND(GV40*GW40*I40,2) -> 0 | HA40: 0 | HB40: 0 | IK40: 0
A41: 17 | B41: 1 | C41: =ROW(SmtRes!A47) -> 47 | D41: =ROW(EtalonRes!A56) -> 56 | E41: 14 | F41: 10-01-047-02 | G41: Установка блоков из ПВХ в наружных и внутренних дверных проемах в каменных стенах площадью проема более 3 м2 | H41: 100 м2 | I41: =ROUND(6.5/100,9) -> 0.065 | J41: 0 | O41: =ROUND(CP41,2) -> 4381.29 | P41: =ROUND(CQ41*I41,2) -> 3663.31 | Q41: =ROUND(CR41*I41,2) -> 143.48 | R41: =ROUND(CS41*I41,2) -> 27.7 | S41: =ROUND(CT41*I41,2) -> 574.5 | T41: =ROUND(CU41*I41,2) -> 0 | U41: =CV41*I41 -> 9.3370225 | V41: =CW41*I41 -> 0.3323125 | W41: =ROUND(CX41*I41,2) -> 0 | X41: =ROUND(CY41,2) -> 638.33 | Y41: =ROUND(CZ41,2) -> 325.19 | AA41: 16612262 | AB41: =ROUND((AC41+AD41+AF41),2) -> 9574.5 | AC41: =ROUND((ES41),2) -> 8005.48 | AD41: =ROUND(((((ET41*1.25))-((EU41*1.25)))+AE41),2) -> 313.55 | AE41: =ROUND(((EU41*1.25)),2) -> 60.54 | AF41: =ROUND(((EV41*1.15)),2) -> 1255.47 | AG41: =ROUND((AP41),2) -> 0 | AH41: =((EW41*1.15)) -> 143.6465 | AI41: =((EX41*1.25)) -> 5.1125 | AJ41: =ROUND((AS41),2) -> 0 | AK41: 9348.03 | AL41: 8005.48 | AM41: 250.84 | AN41: 48.43 | AO41: 1091.71 | AP41: 0 | AQ41: 124.91 | AR41: 4.09 | AS41: 0 | AT41: 106 | AU41: 54 | AV41: 1 | AW41: 1 | AZ41: 7.04 | BA41: 7.04 | BB41: 7.04 | BC41: 7.04 | BH41: 0 | BI41: 1 | BJ41: ФЕР-2001, 10-01-047-02, приказ Минстроя России №1039/пр от 30.12.2016г. | BM41: 10001 | BN41: 0 | BP41: 0 | BQ41: 2 | BR41: 0 | BS41: 7.04 | BT41: 1 | BU41: 1 | BV41: 1 | BW41: 1 | BX41: 1 | BZ41: 118 | CA41: 63 | CF41: 0 | CG41: 0 | CM41: 0 | CN41: Поправка: МДС 81-35.2004, п.4.7 Наименование: Работы, выполняемые при реконструкции зданий и сооружений работы, аналогичные технологическим процессам в новом строительстве (в том числе возведение новых конструктивных элементов) стоимость которых определена по соответствующим сборникам ФЕР, кроме сборника № 46 «Работы при реконструкции зданий и сооружений» | CO41: 0 | CP41: =(P41+Q41+S41) -> 4381.29 | CQ41: =AC41*BC41 -> 56358.579 | CR41: =AD41*BB41 -> 2207.392 | CS41: =AE41*BS41 -> 426.2016 | CT41: =AF41*BA41 -> 8838.5088 | CU41: =AG41 -> 0 | CV41: =AH41 -> 143.6465 | CW41: =AI41 -> 5.1125 | CX41: =AJ41 -> 0 | CY41: =(((S41+R41)*AT41)/100) -> 638.332 | CZ41: =(((S41+R41)*AU41)/100) -> 325.188 | DE41: )*1,25 | DF41: )*1,25 | DG41: )*1,15 | DI41: )*1,15 | DJ41: )*1,25 | DN41: 0 | DO41: 0 | DP41: 1 | DQ41: 1 | DU41: 1005 | DV41: 100 м2 | DW41: 100 м2 | DX41: 100 | EE41: 16609107 | EF41: 2 | EG41: Общестроительные работы | EH41: 0 | EJ41: 1 | EK41: 10001 | EL41: Деревянные конструкции | EM41: ФЕР-10 | EO41: Поправка: МДС 81-35.2004, п.4.7 | EQ41: 131072 | ER41: 9348.03 | ES41: 8005.48 | ET41: 250.84 | EU41: 48.43 | EV41: 1091.71 | EW41: 124.91 | EX41: 4.09 | EY41: 0 | FQ41: 0 | FR41: =ROUND(IF(AND(BH41=3,BI41=3),P41,0),2) -> 0 | FS41: 0 | FT41: *0,9 | FU41: *0,85 | FX41: 106.2 | FY41: 53.55 | GD41: 0 | GF41: 617100110 | GG41: 1 | GH41: 1 | GI41: 4 | GJ41: 0 | GK41: =ROUND(R41*(R12)/100,2) -> 0 | GL41: =ROUND(IF(AND(BH41=3,BI41=3,FS41<>0),P41,0),2) -> 0 | GM41: =ROUND(O41+X41+Y41+GK41,2)+GX41 -> 5344.81 | GN41: =IF(OR(BI41=0,BI41=1),ROUND(O41+X41+Y41+GK41,2),0) -> 5344.81 | GO41: =IF(BI41=2,ROUND(O41+X41+Y41+GK41,2),0) -> 0 | GP41: =IF(BI41=4,ROUND(O41+X41+Y41+GK41,2)+GX41,0) -> 0 | GR41: 0 | GS41: 3 | GT41: 0 | GV41: =ROUND(GT41,2) -> 0 | GW41: 1 | GX41: =ROUND(GV41*GW41*I41,2) -> 0 | HA41: 0 | HB41: 0 | IK41: 0
A42: 18 | B42: 1 | C42: 45 | E42: 14,1 | F42: 11.3.01.05-0003 | G42: Блоки дверные внутренние светлые (со светопрозрачным заполнением верхней части и глухим заполнением нижней части полотна) (ГОСТ 30970-2002), распашные , размером 2600х2500 мм в комплекте | H42: м2 | I42: =I41*J42 -> 6.5 | J42: 100 | O42: =ROUND(CP42,2) -> 65361.3 | P42: =ROUND(CQ42*I42,2) -> 65361.3 | Q42: =ROUND(CR42*I42,2) -> 0 | R42: =ROUND(CS42*I42,2) -> 0 | S42: =ROUND(CT42*I42,2) -> 0 | T42: =ROUND(CU42*I42,2) -> 0 | U42: =CV42*I42 -> 0 | V42: =CW42*I42 -> 0 | W42: =ROUND(CX42*I42,2) -> 0 | X42: =ROUND(CY42,2) -> 0 | Y42: =ROUND(CZ42,2) -> 0 | AA42: 16612262 | AB42: =ROUND((AC42+AD42+AF42),2) -> 1428.35 | AC42: =ROUND((ES42),2) -> 1428.35 | AD42: =ROUND((((ET42)-(EU42))+AE42),2) -> 0 | AE42: =ROUND((EU42),2) -> 0 | AF42: =ROUND((EV42),2) -> 0 | AG42: =ROUND((AP42),2) -> 0 | AH42: =(EW42) -> 0 | AI42: =(EX42) -> 0 | AJ42: =ROUND((AS42),2) -> 0 | AK42: 1428.35 | AL42: 1428.35 | AM42: 0 | AN42: 0 | AO42: 0 | AP42: 0 | AQ42: 0 | AR42: 0 | AS42: 0 | AT42: 106 | AU42: 54 | AV42: 1 | AW42: 1 | AZ42: 7.04 | BA42: 1 | BB42: 1 | BC42: 7.04 | BH42: 3 | BI42: 1 | BJ42: ФССЦ-2001, 11.3.01.05-0003, приказ Минстроя России №1039/пр от 30.12.2016г. | BM42: 10001 | BN42: 0 | BP42: 0 | BQ42: 2 | BR42: 0 | BS42: 1 | BT42: 1 | BU42: 1 | BV42: 1 | BW42: 1 | BX42: 1 | BZ42: 118 | CA42: 63 | CF42: 0 | CG42: 0 | CM42: 0 | CO42: 0 | CP42: =(P42+Q42+S42) -> 65361.3 | CQ42: =AC42*BC42 -> 10055.584 | CR42: =AD42*BB42 -> 0 | CS42: =AE42*BS42 -> 0 | CT42: =AF42*BA42 -> 0 | CU42: =AG42 -> 0 | CV42: =AH42 -> 0 | CW42: =AI42 -> 0 | CX42: =AJ42 -> 0 | CY42: =(((S42+R42)*AT42)/100) -> 0 | CZ42: =(((S42+R42)*AU42)/100) -> 0 | DN42: 0 | DO42: 0 | DP42: 1 | DQ42: 1 | DU42: 1005 | DV42: м2 | DW42: м2 | DX42: 1 | EE42: 16609107 | EF42: 2 | EG42: Общестроительные работы | EH42: 0 | EJ42: 1 | EK42: 10001 | EL42: Деревянные конструкции | EM42: ФЕР-10 | EQ42: 0 | ER42: 1428.35 | ES42: 1428.35 | ET42: 0 | EU42: 0 | EV42: 0 | EW42: 0 | EX42: 0 | FQ42: 0 | FR42: =ROUND(IF(AND(BH42=3,BI42=3),P42,0),2) -> 0 | FS42: 0 | FT42: *0,9 | FU42: *0,85 | FX42: 106.2 | FY42: 53.55 | GD42: 0 | GF42: -887076693 | GG42: 1 | GH42: 1 | GI42: 4 | GJ42: 0 | GK42: =ROUND(R42*(R12)/100,2) -> 0 | GL42: =ROUND(IF(AND(BH42=3,BI42=3,FS42<>0),P42,0),2) -> 0 | GM42: =ROUND(O42+X42+Y42+GK42,2)+GX42 -> 65361.3 | GN42: =IF(OR(BI42=0,BI42=1),ROUND(O42+X42+Y42+GK42,2),0) -> 65361.3 | GO42: =IF(BI42=2,ROUND(O42+X42+Y42+GK42,2),0) -> 0 | GP42: =IF(BI42=4,ROUND(O42+X42+Y42+GK42,2)+GX42,0) -> 0 | GR42: 0 | GS42: 3 | GT42: 0 | GV42: =ROUND(GT42,2) -> 0 | GW42: 1 | GX42: =ROUND(GV42*GW42*I42,2) -> 0 | HA42: 0 | HB42: 0 | IK42: 0
A43: 17 | B43: 1 | C43: =ROW(SmtRes!A59) -> 59 | D43: =ROW(EtalonRes!A67) -> 67 | E43: 15 | F43: 10-01-047-03 | G43: Установка блоков из ПВХ в наружных и внутренних дверных проемах балконных в каменных стенах | H43: 100 м2 | I43: =ROUND(42.16/100,9) -> 0.4216 | J43: 0 | O43: =ROUND(CP43,2) -> 47866.62 | P43: =ROUND(CQ43*I43,2) -> 41308.33 | Q43: =ROUND(CR43*I43,2) -> 850.26 | R43: =ROUND(CS43*I43,2) -> 189.42 | S43: =ROUND(CT43*I43,2) -> 5708.03 | T43: =ROUND(CU43*I43,2) -> 0 | U43: =CV43*I43 -> 92.768864 | V43: =CW43*I43 -> 2.204968 | W43: =ROUND(CX43*I43,2) -> 0 | X43: =ROUND(CY43,2) -> 6251.3 | Y43: =ROUND(CZ43,2) -> 3184.62 | AA43: 16612262 | AB43: =ROUND((AC43+AD43+AF43),2) -> 16127.22 | AC43: =ROUND((ES43),2) -> 13917.6 | AD43: =ROUND((((ET43)-(EU43))+AE43),2) -> 286.47 | AE43: =ROUND((EU43),2) -> 63.82 | AF43: =ROUND((EV43),2) -> 1923.15 | AG43: =ROUND((AP43),2) -> 0 | AH43: =(EW43) -> 220.04 | AI43: =(EX43) -> 5.23 | AJ43: =ROUND((AS43),2) -> 0 | AK43: 16127.22 | AL43: 13917.6 | AM43: 286.47 | AN43: 63.82 | AO43: 1923.15 | AP43: 0 | AQ43: 220.04 | AR43: 5.23 | AS43: 0 | AT43: 106 | AU43: 54 | AV43: 1 | AW43: 1 | AZ43: 7.04 | BA43: 7.04 | BB43: 7.04 | BC43: 7.04 | BH43: 0 | BI43: 1 | BJ43: ФЕР-2001, 10-01-047-03, приказ Минстроя России №1039/пр от 30.12.2016г. | BM43: 10001 | BN43: 0 | BP43: 0 | BQ43: 2 | BR43: 0 | BS43: 7.04 | BT43: 1 | BU43: 1 | BV43: 1 | BW43: 1 | BX43: 1 | BZ43: 118 | CA43: 63 | CF43: 0 | CG43: 0 | CM43: 0 | CO43: 0 | CP43: =(P43+Q43+S43) -> 47866.62 | CQ43: =AC43*BC43 -> 97979.904 | CR43: =AD43*BB43 -> 2016.7488 | CS43: =AE43*BS43 -> 449.2928 | CT43: =AF43*BA43 -> 13538.976 | CU43: =AG43 -> 0 | CV43: =AH43 -> 220.04 | CW43: =AI43 -> 5.23 | CX43: =AJ43 -> 0 | CY43: =(((S43+R43)*AT43)/100) -> 6251.297 | CZ43: =(((S43+R43)*AU43)/100) -> 3184.623 | DN43: 0 | DO43: 0 | DP43: 1 | DQ43: 1 | DU43: 1005 | DV43: 100 м2 | DW43: 100 м2 | DX43: 100 | EE43: 16609107 | EF43: 2 | EG43: Общестроительные работы | EH43: 0 | EJ43: 1 | EK43: 10001 | EL43: Деревянные конструкции | EM43: ФЕР-10 | EQ43: 131072 | ER43: 16127.22 | ES43: 13917.6 | ET43: 286.47 | EU43: 63.82 | EV43: 1923.15 | EW43: 220.04 | EX43: 5.23 | EY43: 0 | FQ43: 0 | FR43: =ROUND(IF(AND(BH43=3,BI43=3),P43,0),2) -> 0 | FS43: 0 | FT43: *0,9 | FU43: *0,85 | FX43: 106.2 | FY43: 53.55 | GD43: 0 | GF43: -958107770 | GG43: 1 | GH43: 1 | GI43: 4 | GJ43: 0 | GK43: =ROUND(R43*(R12)/100,2) -> 0 | GL43: =ROUND(IF(AND(BH43=3,BI43=3,FS43<>0),P43,0),2) -> 0 | GM43: =ROUND(O43+X43+Y43+GK43,2)+GX43 -> 57302.54 | GN43: =IF(OR(BI43=0,BI43=1),ROUND(O43+X43+Y43+GK43,2),0) -> 57302.54 | GO43: =IF(BI43=2,ROUND(O43+X43+Y43+GK43,2),0) -> 0 | GP43: =IF(BI43=4,ROUND(O43+X43+Y43+GK43,2)+GX43,0) -> 0 | GR43: 0 | GS43: 3 | GT43: 0 | GV43: =ROUND(GT43,2) -> 0 | GW43: 1 | GX43: =ROUND(GV43*GW43*I43,2) -> 0 | HA43: 0 | HB43: 0 | IK43: 0
A44: 18 | B44: 1 | C44: 57 | E44: 15,1 | F44: 11.3.01.03-0007 | G44: Дверь балконная пластиковая, поворотная, двухстворчатая ,комбинированная со светопрозрачным заполненим верхней части и глухим нижней части с двухкамерным стеклопакетом (32 мм), площадью более 1,5 м2 (1360х2200 мм) | H44: м2 | I44: =I43*J44 -> 36 | J44: 85.388994 | O44: =ROUND(CP44,2) -> 254653.98 | P44: =ROUND(CQ44*I44,2) -> 254653.98 | Q44: =ROUND(CR44*I44,2) -> 0 | R44: =ROUND(CS44*I44,2) -> 0 | S44: =ROUND(CT44*I44,2) -> 0 | T44: =ROUND(CU44*I44,2) -> 0 | U44: =CV44*I44 -> 0 | V44: =CW44*I44 -> 0 | W44: =ROUND(CX44*I44,2) -> 0 | X44: =ROUND(CY44,2) -> 0 | Y44: =ROUND(CZ44,2) -> 0 | AA44: 16612262 | AB44: =ROUND((AC44+AD44+AF44),2) -> 1004.79 | AC44: =ROUND((ES44),2) -> 1004.79 | AD44: =ROUND((((ET44)-(EU44))+AE44),2) -> 0 | AE44: =ROUND((EU44),2) -> 0 | AF44: =ROUND((EV44),2) -> 0 | AG44: =ROUND((AP44),2) -> 0 | AH44: =(EW44) -> 0 | AI44: =(EX44) -> 0 | AJ44: =ROUND((AS44),2) -> 0 | AK44: 1004.79 | AL44: 1004.79 | AM44: 0 | AN44: 0 | AO44: 0 | AP44: 0 | AQ44: 0 | AR44: 0 | AS44: 0 | AT44: 106 | AU44: 54 | AV44: 1 | AW44: 1 | AZ44: 7.04 | BA44: 1 | BB44: 1 | BC44: 7.04 | BH44: 3 | BI44: 1 | BJ44: ФССЦ-2001, 11.3.01.03-0007, приказ Минстроя России №1039/пр от 30.12.2016г. | BM44: 10001 | BN44: 0 | BP44: 0 | BQ44: 2 | BR44: 0 | BS44: 1 | BT44: 1 | BU44: 1 | BV44: 1 | BW44: 1 | BX44: 1 | BZ44: 118 | CA44: 63 | CF44: 0 | CG44: 0 | CM44: 0 | CO44: 0 | CP44: =(P44+Q44+S44) -> 254653.98 | CQ44: =AC44*BC44 -> 7073.7216 | CR44: =AD44*BB44 -> 0 | CS44: =AE44*BS44 -> 0 | CT44: =AF44*BA44 -> 0 | CU44: =AG44 -> 0 | CV44: =AH44 -> 0 | CW44: =AI44 -> 0 | CX44: =AJ44 -> 0 | CY44: =(((S44+R44)*AT44)/100) -> 0 | CZ44: =(((S44+R44)*AU44)/100) -> 0 | DN44: 0 | DO44: 0 | DP44: 1 | DQ44: 1 | DU44: 1005 | DV44: м2 | DW44: м2 | DX44: 1 | EE44: 16609107 | EF44: 2 | EG44: Общестроительные работы | EH44: 0 | EJ44: 1 | EK44: 10001 | EL44: Деревянные конструкции | EM44: ФЕР-10 | EQ44: 0 | ER44: 1004.79 | ES44: 1004.79 | ET44: 0 | EU44: 0 | EV44: 0 | EW44: 0 | EX44: 0 | FQ44: 0 | FR44: =ROUND(IF(AND(BH44=3,BI44=3),P44,0),2) -> 0 | FS44: 0 | FT44: *0,9 | FU44: *0,85 | FX44: 106.2 | FY44: 53.55 | GD44: 0 | GF44: -1036501337 | GG44: 1 | GH44: 1 | GI44: 4 | GJ44: 0 | GK44: =ROUND(R44*(R12)/100,2) -> 0 | GL44: =ROUND(IF(AND(BH44=3,BI44=3,FS44<>0),P44,0),2) -> 0 | GM44: =ROUND(O44+X44+Y44+GK44,2)+GX44 -> 254653.98 | GN44: =IF(OR(BI44=0,BI44=1),ROUND(O44+X44+Y44+GK44,2),0) -> 254653.98 | GO44: =IF(BI44=2,ROUND(O44+X44+Y44+GK44,2),0) -> 0 | GP44: =IF(BI44=4,ROUND(O44+X44+Y44+GK44,2)+GX44,0) -> 0 | GR44: 0 | GS44: 3 | GT44: 0 | GV44: =ROUND(GT44,2) -> 0 | GW44: 1 | GX44: =ROUND(GV44*GW44*I44,2) -> 0 | HA44: 0 | HB44: 0 | IK44: 0
A45: 18 | B45: 1 | C45: 56 | E45: 15,2 | F45: 11.2.01.02-0012 | G45: Блоки балконные дверные однопольные комбинированные с листовым стеклом и стеклопакетами БП СП 22-7,5, площадь 1,57 м2 (ГОСТ 30674-99) размер 700х2200 мм | H45: шт. | I45: =I43*J45 -> 4 | J45: 9.487666 | O45: =ROUND(CP45,2) -> 79557.91 | P45: =ROUND(CQ45*I45,2) -> 79557.91 | Q45: =ROUND(CR45*I45,2) -> 0 | R45: =ROUND(CS45*I45,2) -> 0 | S45: =ROUND(CT45*I45,2) -> 0 | T45: =ROUND(CU45*I45,2) -> 0 | U45: =CV45*I45 -> 0 | V45: =CW45*I45 -> 0 | W45: =ROUND(CX45*I45,2) -> 0 | X45: =ROUND(CY45,2) -> 0 | Y45: =ROUND(CZ45,2) -> 0 | AA45: 16612262 | AB45: =ROUND((AC45+AD45+AF45),2) -> 2825.21 | AC45: =ROUND((ES45),2) -> 2825.21 | AD45: =ROUND((((ET45)-(EU45))+AE45),2) -> 0 | AE45: =ROUND((EU45),2) -> 0 | AF45: =ROUND((EV45),2) -> 0 | AG45: =ROUND((AP45),2) -> 0 | AH45: =(EW45) -> 0 | AI45: =(EX45) -> 0 | AJ45: =ROUND((AS45),2) -> 0 | AK45: 2825.21 | AL45: 2825.21 | AM45: 0 | AN45: 0 | AO45: 0 | AP45: 0 | AQ45: 0 | AR45: 0 | AS45: 0 | AT45: 106 | AU45: 54 | AV45: 1 | AW45: 1 | AZ45: 7.04 | BA45: 1 | BB45: 1 | BC45: 7.04 | BH45: 3 | BI45: 1 | BJ45: ФССЦ-2001, 11.2.01.02-0012, приказ Минстроя России №1039/пр от 30.12.2016г. | BM45: 10001 | BN45: 0 | BP45: 0 | BQ45: 2 | BR45: 0 | BS45: 1 | BT45: 1 | BU45: 1 | BV45: 1 | BW45: 1 | BX45: 1 | BZ45: 118 | CA45: 63 | CF45: 0 | CG45: 0 | CM45: 0 | CO45: 0 | CP45: =(P45+Q45+S45) -> 79557.91 | CQ45: =AC45*BC45 -> 19889.478 | CR45: =AD45*BB45 -> 0 | CS45: =AE45*BS45 -> 0 | CT45: =AF45*BA45 -> 0 | CU45: =AG45 -> 0 | CV45: =AH45 -> 0 | CW45: =AI45 -> 0 | CX45: =AJ45 -> 0 | CY45: =(((S45+R45)*AT45)/100) -> 0 | CZ45: =(((S45+R45)*AU45)/100) -> 0 | DN45: 0 | DO45: 0 | DP45: 1 | DQ45: 1 | DU45: 1010 | DV45: шт. | DW45: шт. | DX45: 1 | EE45: 16609107 | EF45: 2 | EG45: Общестроительные работы | EH45: 0 | EJ45: 1 | EK45: 10001 | EL45: Деревянные конструкции | EM45: ФЕР-10 | EQ45: 0 | ER45: 2825.21 | ES45: 2825.21 | ET45: 0 | EU45: 0 | EV45: 0 | EW45: 0 | EX45: 0 | FQ45: 0 | FR45: =ROUND(IF(AND(BH45=3,BI45=3),P45,0),2) -> 0 | FS45: 0 | FT45: *0,9 | FU45: *0,85 | FX45: 106.2 | FY45: 53.55 | GD45: 0 | GF45: 870170025 | GG45: 1 | GH45: 1 | GI45: 4 | GJ45: 0 | GK45: =ROUND(R45*(R12)/100,2) -> 0 | GL45: =ROUND(IF(AND(BH45=3,BI45=3,FS45<>0),P45,0),2) -> 0 | GM45: =ROUND(O45+X45+Y45+GK45,2)+GX45 -> 79557.91 | GN45: =IF(OR(BI45=0,BI45=1),ROUND(O45+X45+Y45+GK45,2),0) -> 79557.91 | GO45: =IF(BI45=2,ROUND(O45+X45+Y45+GK45,2),0) -> 0 | GP45: =IF(BI45=4,ROUND(O45+X45+Y45+GK45,2)+GX45,0) -> 0 | GR45: 0 | GS45: 3 | GT45: 0 | GV45: =ROUND(GT45,2) -> 0 | GW45: 1 | GX45: =ROUND(GV45*GW45*I45,2) -> 0 | HA45: 0 | HB45: 0 | IK45: 0
A46: 17 | B46: 1 | C46: =ROW(SmtRes!A70) -> 70 | D46: =ROW(EtalonRes!A78) -> 78 | E46: 16 | F46: 10-01-034-02 | G46: Установка в жилых и общественных зданиях оконных блоков из ПВХ профилей глухих с площадью проема более 2 м2 | H46: 100 м2 | I46: =ROUND(8.96/100,9) -> 0.0896 | J46: 0 | O46: =ROUND(CP46,2) -> 6030.06 | P46: =ROUND(CQ46*I46,2) -> 4957.52 | Q46: =ROUND(CR46*I46,2) -> 201.23 | R46: =ROUND(CS46*I46,2) -> 39.68 | S46: =ROUND(CT46*I46,2) -> 871.31 | T46: =ROUND(CU46*I46,2) -> 0 | U46: =CV46*I46 -> 14.160787 | V46: =CW46*I46 -> 0.47376 | W46: =ROUND(CX46*I46,2) -> 0 | X46: =ROUND(CY46,2) -> 965.65 | Y46: =ROUND(CZ46,2) -> 491.93 | AA46: 16612262 | AB46: =ROUND((AC46+AD46+AF46),2) -> 9559.62 | AC46: =ROUND((ES46),2) -> 7859.3 | AD46: =ROUND(((((ET46*1.25))-((EU46*1.25)))+AE46),2) -> 319.01 | AE46: =ROUND(((EU46*1.25)),2) -> 62.9 | AF46: =ROUND(((EV46*1.15)),2) -> 1381.31 | AG46: =ROUND((AP46),2) -> 0 | AH46: =((EW46*1.15)) -> 158.0445 | AI46: =((EX46*1.25)) -> 5.2875 | AJ46: =ROUND((AS46),2) -> 0 | AK46: 9315.65 | AL46: 7859.3 | AM46: 255.21 | AN46: 50.32 | AO46: 1201.14 | AP46: 0 | AQ46: 137.43 | AR46: 4.23 | AS46: 0 | AT46: 106 | AU46: 54 | AV46: 1 | AW46: 1 | AZ46: 7.04 | BA46: 7.04 | BB46: 7.04 | BC46: 7.04 | BH46: 0 | BI46: 1 | BJ46: ФЕР-2001, 10-01-034-02, приказ Минстроя России №1039/пр от 30.12.2016г. | BM46: 10001 | BN46: 0 | BP46: 0 | BQ46: 2 | BR46: 0 | BS46: 7.04 | BT46: 1 | BU46: 1 | BV46: 1 | BW46: 1 | BX46: 1 | BZ46: 118 | CA46: 63 | CF46: 0 | CG46: 0 | CM46: 0 | CN46: Поправка: МДС 81-35.2004, п.4.7 Наименование: Работы, выполняемые при реконструкции зданий и сооружений работы, аналогичные технологическим процессам в новом строительстве (в том числе возведение новых конструктивных элементов) стоимость которых определена по соответствующим сборникам ФЕР, кроме сборника № 46 «Работы при реконструкции зданий и сооружений» | CO46: 0 | CP46: =(P46+Q46+S46) -> 6030.06 | CQ46: =AC46*BC46 -> 55329.472 | CR46: =AD46*BB46 -> 2245.8304 | CS46: =AE46*BS46 -> 442.816 | CT46: =AF46*BA46 -> 9724.4224 | CU46: =AG46 -> 0 | CV46: =AH46 -> 158.0445 | CW46: =AI46 -> 5.2875 | CX46: =AJ46 -> 0 | CY46: =(((S46+R46)*AT46)/100) -> 965.6494 | CZ46: =(((S46+R46)*AU46)/100) -> 491.9346 | DE46: )*1,25 | DF46: )*1,25 | DG46: )*1,15 | DI46: )*1,15 | DJ46: )*1,25 | DN46: 0 | DO46: 0 | DP46: 1 | DQ46: 1 | DU46: 1005 | DV46: 100 м2 | DW46: 100 м2 | DX46: 100 | EE46: 16609107 | EF46: 2 | EG46: Общестроительные работы | EH46: 0 | EJ46: 1 | EK46: 10001 | EL46: Деревянные конструкции | EM46: ФЕР-10 | EO46: Поправка: МДС 81-35.2004, п.4.7 | EQ46: 131072 | ER46: 9315.65 | ES46: 7859.3 | ET46: 255.21 | EU46: 50.32 | EV46: 1201.14 | EW46: 137.43 | EX46: 4.23 | EY46: 0 | FQ46: 0 | FR46: =ROUND(IF(AND(BH46=3,BI46=3),P46,0),2) -> 0 | FS46: 0 | FT46: *0,9 | FU46: *0,85 | FX46: 106.2 | FY46: 53.55 | GD46: 0 | GF46: -160637062 | GG46: 1 | GH46: 1 | GI46: 4 | GJ46: 0 | GK46: =ROUND(R46*(R12)/100,2) -> 0 | GL46: =ROUND(IF(AND(BH46=3,BI46=3,FS46<>0),P46,0),2) -> 0 | GM46: =ROUND(O46+X46+Y46+GK46,2)+GX46 -> 7487.64 | GN46: =IF(OR(BI46=0,BI46=1),ROUND(O46+X46+Y46+GK46,2),0) -> 7487.64 | GO46: =IF(BI46=2,ROUND(O46+X46+Y46+GK46,2),0) -> 0 | GP46: =IF(BI46=4,ROUND(O46+X46+Y46+GK46,2)+GX46,0) -> 0 | GR46: 0 | GS46: 3 | GT46: 0 | GV46: =ROUND(GT46,2) -> 0 | GW46: 1 | GX46: =ROUND(GV46*GW46*I46,2) -> 0 | HA46: 0 | HB46: 0 | IK46: 0
A47: 18 | B47: 1 | C47: 68 | E47: 16,1 | F47: 11.3.02.02-0001 | G47: Блок оконный пластиковый глухой, одностворчатый с двухкамерным стеклопакетом (32 мм), площадью более 2 м2 | H47: м2 | I47: =I46*J47 -> 8.96 | J47: 100 | O47: =ROUND(CP47,2) -> 104088.19 | P47: =ROUND(CQ47*I47,2) -> 104088.19 | Q47: =ROUND(CR47*I47,2) -> 0 | R47: =ROUND(CS47*I47,2) -> 0 | S47: =ROUND(CT47*I47,2) -> 0 | T47: =ROUND(CU47*I47,2) -> 0 | U47: =CV47*I47 -> 0 | V47: =CW47*I47 -> 0 | W47: =ROUND(CX47*I47,2) -> 0 | X47: =ROUND(CY47,2) -> 0 | Y47: =ROUND(CZ47,2) -> 0 | AA47: 16612262 | AB47: =ROUND((AC47+AD47+AF47),2) -> 1650.14 | AC47: =ROUND((ES47),2) -> 1650.14 | AD47: =ROUND((((ET47)-(EU47))+AE47),2) -> 0 | AE47: =ROUND((EU47),2) -> 0 | AF47: =ROUND((EV47),2) -> 0 | AG47: =ROUND((AP47),2) -> 0 | AH47: =(EW47) -> 0 | AI47: =(EX47) -> 0 | AJ47: =ROUND((AS47),2) -> 0 | AK47: 1650.14 | AL47: 1650.14 | AM47: 0 | AN47: 0 | AO47: 0 | AP47: 0 | AQ47: 0 | AR47: 0 | AS47: 0 | AT47: 106 | AU47: 54 | AV47: 1 | AW47: 1 | AZ47: 7.04 | BA47: 1 | BB47: 1 | BC47: 7.04 | BH47: 3 | BI47: 1 | BJ47: ФССЦ-2001, 11.3.02.02-0001, приказ Минстроя России №1039/пр от 30.12.2016г. | BM47: 10001 | BN47: 0 | BP47: 0 | BQ47: 2 | BR47: 0 | BS47: 1 | BT47: 1 | BU47: 1 | BV47: 1 | BW47: 1 | BX47: 1 | BZ47: 118 | CA47: 63 | CF47: 0 | CG47: 0 | CM47: 0 | CO47: 0 | CP47: =(P47+Q47+S47) -> 104088.19 | CQ47: =AC47*BC47 -> 11616.986 | CR47: =AD47*BB47 -> 0 | CS47: =AE47*BS47 -> 0 | CT47: =AF47*BA47 -> 0 | CU47: =AG47 -> 0 | CV47: =AH47 -> 0 | CW47: =AI47 -> 0 | CX47: =AJ47 -> 0 | CY47: =(((S47+R47)*AT47)/100) -> 0 | CZ47: =(((S47+R47)*AU47)/100) -> 0 | DN47: 0 | DO47: 0 | DP47: 1 | DQ47: 1 | DU47: 1005 | DV47: м2 | DW47: м2 | DX47: 1 | EE47: 16609107 | EF47: 2 | EG47: Общестроительные работы | EH47: 0 | EJ47: 1 | EK47: 10001 | EL47: Деревянные конструкции | EM47: ФЕР-10 | EQ47: 0 | ER47: 1650.14 | ES47: 1650.14 | ET47: 0 | EU47: 0 | EV47: 0 | EW47: 0 | EX47: 0 | FQ47: 0 | FR47: =ROUND(IF(AND(BH47=3,BI47=3),P47,0),2) -> 0 | FS47: 0 | FT47: *0,9 | FU47: *0,85 | FX47: 106.2 | FY47: 53.55 | GD47: 0 | GF47: -2113639014 | GG47: 1 | GH47: 1 | GI47: 4 | GJ47: 0 | GK47: =ROUND(R47*(R12)/100,2) -> 0 | GL47: =ROUND(IF(AND(BH47=3,BI47=3,FS47<>0),P47,0),2) -> 0 | GM47: =ROUND(O47+X47+Y47+GK47,2)+GX47 -> 104088.19 | GN47: =IF(OR(BI47=0,BI47=1),ROUND(O47+X47+Y47+GK47,2),0) -> 104088.19 | GO47: =IF(BI47=2,ROUND(O47+X47+Y47+GK47,2),0) -> 0 | GP47: =IF(BI47=4,ROUND(O47+X47+Y47+GK47,2)+GX47,0) -> 0 | GR47: 0 | GS47: 3 | GT47: 0 | GV47: =ROUND(GT47,2) -> 0 | GW47: 1 | GX47: =ROUND(GV47*GW47*I47,2) -> 0 | HA47: 0 | HB47: 0 | IK47: 0
A48: 17 | B48: 1 | C48: =ROW(SmtRes!A81) -> 81 | D48: =ROW(EtalonRes!A89) -> 89 | E48: 17 | F48: 10-01-034-06 | G48: Установка в жилых и общественных зданиях оконных блоков из ПВХ профилей поворотных (откидных, поворотно-откидных) с площадью проема более 2 м2 двухстворчатых | H48: 100 м2 | I48: =ROUND(17.12/100,9) -> 0.1712 | J48: 0 | O48: =ROUND(CP48,2) -> 12151.3 | P48: =ROUND(CQ48*I48,2) -> 10001.57 | Q48: =ROUND(CR48*I48,2) -> 384.49 | R48: =ROUND(CS48*I48,2) -> 75.81 | S48: =ROUND(CT48*I48,2) -> 1765.24 | T48: =ROUND(CU48*I48,2) -> 0 | U48: =CV48*I48 -> 28.689354 | V48: =CW48*I48 -> 0.90522 | W48: =ROUND(CX48*I48,2) -> 0 | X48: =ROUND(CY48,2) -> 1951.51 | Y48: =ROUND(CZ48,2) -> 994.17 | AA48: 16612262 | AB48: =ROUND((AC48+AD48+AF48),2) -> 10081.99 | AC48: =ROUND((ES48),2) -> 8298.35 | AD48: =ROUND(((((ET48*1.25))-((EU48*1.25)))+AE48),2) -> 319.01 | AE48: =ROUND(((EU48*1.25)),2) -> 62.9 | AF48: =ROUND(((EV48*1.15)),2) -> 1464.63 | AG48: =ROUND((AP48),2) -> 0 | AH48: =((EW48*1.15)) -> 167.578 | AI48: =((EX48*1.25)) -> 5.2875 | AJ48: =ROUND((AS48),2) -> 0 | AK48: 9827.15 | AL48: 8298.35 | AM48: 255.21 | AN48: 50.32 | AO48: 1273.59 | AP48: 0 | AQ48: 145.72 | AR48: 4.23 | AS48: 0 | AT48: 106 | AU48: 54 | AV48: 1 | AW48: 1 | AZ48: 7.04 | BA48: 7.04 | BB48: 7.04 | BC48: 7.04 | BH48: 0 | BI48: 1 | BJ48: ФЕР-2001, 10-01-034-06, приказ Минстроя России №1039/пр от 30.12.2016г. | BM48: 10001 | BN48: 0 | BP48: 0 | BQ48: 2 | BR48: 0 | BS48: 7.04 | BT48: 1 | BU48: 1 | BV48: 1 | BW48: 1 | BX48: 1 | BZ48: 118 | CA48: 63 | CF48: 0 | CG48: 0 | CM48: 0 | CN48: Поправка: МДС 81-35.2004, п.4.7 Наименование: Работы, выполняемые при реконструкции зданий и сооружений работы, аналогичные технологическим процессам в новом строительстве (в том числе возведение новых конструктивных элементов) стоимость которых определена по соответствующим сборникам ФЕР, кроме сборника № 46 «Работы при реконструкции зданий и сооружений» | CO48: 0 | CP48: =(P48+Q48+S48) -> 12151.3 | CQ48: =AC48*BC48 -> 58420.384 | CR48: =AD48*BB48 -> 2245.8304 | CS48: =AE48*BS48 -> 442.816 | CT48: =AF48*BA48 -> 10310.995 | CU48: =AG48 -> 0 | CV48: =AH48 -> 167.578 | CW48: =AI48 -> 5.2875 | CX48: =AJ48 -> 0 | CY48: =(((S48+R48)*AT48)/100) -> 1951.513 | CZ48: =(((S48+R48)*AU48)/100) -> 994.167 | DE48: )*1,25 | DF48: )*1,25 | DG48: )*1,15 | DI48: )*1,15 | DJ48: )*1,25 | DN48: 0 | DO48: 0 | DP48: 1 | DQ48: 1 | DU48: 1005 | DV48: 100 м2 | DW48: 100 м2 | DX48: 100 | EE48: 16609107 | EF48: 2 | EG48: Общестроительные работы | EH48: 0 | EJ48: 1 | EK48: 10001 | EL48: Деревянные конструкции | EM48: ФЕР-10 | EO48: Поправка: МДС 81-35.2004, п.4.7 | EQ48: 131072 | ER48: 9827.15 | ES48: 8298.35 | ET48: 255.21 | EU48: 50.32 | EV48: 1273.59 | EW48: 145.72 | EX48: 4.23 | EY48: 0 | FQ48: 0 | FR48: =ROUND(IF(AND(BH48=3,BI48=3),P48,0),2) -> 0 | FS48: 0 | FT48: *0,9 | FU48: *0,85 | FX48: 106.2 | FY48: 53.55 | GD48: 0 | GF48: 1452579699 | GG48: 1 | GH48: 1 | GI48: 4 | GJ48: 0 | GK48: =ROUND(R48*(R12)/100,2) -> 0 | GL48: =ROUND(IF(AND(BH48=3,BI48=3,FS48<>0),P48,0),2) -> 0 | GM48: =ROUND(O48+X48+Y48+GK48,2)+GX48 -> 15096.98 | GN48: =IF(OR(BI48=0,BI48=1),ROUND(O48+X48+Y48+GK48,2),0) -> 15096.98 | GO48: =IF(BI48=2,ROUND(O48+X48+Y48+GK48,2),0) -> 0 | GP48: =IF(BI48=4,ROUND(O48+X48+Y48+GK48,2)+GX48,0) -> 0 | GR48: 0 | GS48: 3 | GT48: 0 | GV48: =ROUND(GT48,2) -> 0 | GW48: 1 | GX48: =ROUND(GV48*GW48*I48,2) -> 0 | HA48: 0 | HB48: 0 | IK48: 0
A49: 18 | B49: 1 | C49: 79 | E49: 17,1 | F49: 11.3.02.01-0017 | G49: Блок оконный пластиковый двустворчатый, с глухой и поворотно-откидной створкой, двухкамерным стеклопакетом (32 мм), площадью до 2,5 м2 | H49: м2 | I49: =I48*J49 -> 17.12 | J49: 100 | O49: =ROUND(CP49,2) -> 355345.68 | P49: =ROUND(CQ49*I49,2) -> 355345.68 | Q49: =ROUND(CR49*I49,2) -> 0 | R49: =ROUND(CS49*I49,2) -> 0 | S49: =ROUND(CT49*I49,2) -> 0 | T49: =ROUND(CU49*I49,2) -> 0 | U49: =CV49*I49 -> 0 | V49: =CW49*I49 -> 0 | W49: =ROUND(CX49*I49,2) -> 0 | X49: =ROUND(CY49,2) -> 0 | Y49: =ROUND(CZ49,2) -> 0 | AA49: 16612262 | AB49: =ROUND((AC49+AD49+AF49),2) -> 2948.32 | AC49: =ROUND((ES49),2) -> 2948.32 | AD49: =ROUND((((ET49)-(EU49))+AE49),2) -> 0 | AE49: =ROUND((EU49),2) -> 0 | AF49: =ROUND((EV49),2) -> 0 | AG49: =ROUND((AP49),2) -> 0 | AH49: =(EW49) -> 0 | AI49: =(EX49) -> 0 | AJ49: =ROUND((AS49),2) -> 0 | AK49: 2948.32 | AL49: 2948.32 | AM49: 0 | AN49: 0 | AO49: 0 | AP49: 0 | AQ49: 0 | AR49: 0 | AS49: 0 | AT49: 106 | AU49: 54 | AV49: 1 | AW49: 1 | AZ49: 7.04 | BA49: 1 | BB49: 1 | BC49: 7.04 | BH49: 3 | BI49: 1 | BJ49: ФССЦ-2001, 11.3.02.01-0017, приказ Минстроя России №1039/пр от 30.12.2016г. | BM49: 10001 | BN49: 0 | BP49: 0 | BQ49: 2 | BR49: 0 | BS49: 1 | BT49: 1 | BU49: 1 | BV49: 1 | BW49: 1 | BX49: 1 | BZ49: 118 | CA49: 63 | CF49: 0 | CG49: 0 | CM49: 0 | CO49: 0 | CP49: =(P49+Q49+S49) -> 355345.68 | CQ49: =AC49*BC49 -> 20756.173 | CR49: =AD49*BB49 -> 0 | CS49: =AE49*BS49 -> 0 | CT49: =AF49*BA49 -> 0 | CU49: =AG49 -> 0 | CV49: =AH49 -> 0 | CW49: =AI49 -> 0 | CX49: =AJ49 -> 0 | CY49: =(((S49+R49)*AT49)/100) -> 0 | CZ49: =(((S49+R49)*AU49)/100) -> 0 | DN49: 0 | DO49: 0 | DP49: 1 | DQ49: 1 | DU49: 1005 | DV49: м2 | DW49: м2 | DX49: 1 | EE49: 16609107 | EF49: 2 | EG49: Общестроительные работы | EH49: 0 | EJ49: 1 | EK49: 10001 | EL49: Деревянные конструкции | EM49: ФЕР-10 | EQ49: 0 | ER49: 2948.32 | ES49: 2948.32 | ET49: 0 | EU49: 0 | EV49: 0 | EW49: 0 | EX49: 0 | FQ49: 0 | FR49: =ROUND(IF(AND(BH49=3,BI49=3),P49,0),2) -> 0 | FS49: 0 | FT49: *0,9 | FU49: *0,85 | FX49: 106.2 | FY49: 53.55 | GD49: 0 | GF49: -1553317174 | GG49: 1 | GH49: 1 | GI49: 4 | GJ49: 0 | GK49: =ROUND(R49*(R12)/100,2) -> 0 | GL49: =ROUND(IF(AND(BH49=3,BI49=3,FS49<>0),P49,0),2) -> 0 | GM49: =ROUND(O49+X49+Y49+GK49,2)+GX49 -> 355345.68 | GN49: =IF(OR(BI49=0,BI49=1),ROUND(O49+X49+Y49+GK49,2),0) -> 355345.68 | GO49: =IF(BI49=2,ROUND(O49+X49+Y49+GK49,2),0) -> 0 | GP49: =IF(BI49=4,ROUND(O49+X49+Y49+GK49,2)+GX49,0) -> 0 | GR49: 0 | GS49: 3 | GT49: 0 | GV49: =ROUND(GT49,2) -> 0 | GW49: 1 | GX49: =ROUND(GV49*GW49*I49,2) -> 0 | HA49: 0 | HB49: 0 | IK49: 0
A50: 17 | B50: 1 | C50: =ROW(SmtRes!A88) -> 88 | D50: =ROW(EtalonRes!A96) -> 96 | E50: 18 | F50: 10-01-035-01 | G50: Установка подоконных досок из ПВХ в каменных стенах толщиной до 0,51 м | H50: 100 м | I50: =ROUND(17.52/100,9) -> 0.1752 | J50: 0 | O50: =ROUND(CP50,2) -> 5197.52 | P50: =ROUND(CQ50*I50,2) -> 4924.01 | Q50: =ROUND(CR50*I50,2) -> 17.13 | R50: =ROUND(CS50*I50,2) -> 3.52 | S50: =ROUND(CT50*I50,2) -> 256.38 | T50: =ROUND(CU50*I50,2) -> 0 | U50: =CV50*I50 -> 4.2693612 | V50: =CW50*I50 -> 0.04161 | W50: =ROUND(CX50*I50,2) -> 0 | X50: =ROUND(CY50,2) -> 275.49 | Y50: =ROUND(CZ50,2) -> 140.35 | AA50: 16612262 | AB50: =ROUND((AC50+AD50+AF50),2) -> 4213.95 | AC50: =ROUND((ES50),2) -> 3992.2 | AD50: =ROUND(((((ET50*1.25))-((EU50*1.25)))+AE50),2) -> 13.89 | AE50: =ROUND(((EU50*1.25)),2) -> 2.85 | AF50: =ROUND(((EV50*1.15)),2) -> 207.86 | AG50: =ROUND((AP50),2) -> 0 | AH50: =((EW50*1.15)) -> 24.3685 | AI50: =((EX50*1.25)) -> 0.2375 | AJ50: =ROUND((AS50),2) -> 0 | AK50: 4184.06 | AL50: 3992.2 | AM50: 11.11 | AN50: 2.28 | AO50: 180.75 | AP50: 0 | AQ50: 21.19 | AR50: 0.19 | AS50: 0 | AT50: 106 | AU50: 54 | AV50: 1 | AW50: 1 | AZ50: 7.04 | BA50: 7.04 | BB50: 7.04 | BC50: 7.04 | BH50: 0 | BI50: 1 | BJ50: ФЕР-2001, 10-01-035-01, приказ Минстроя России №1039/пр от 30.12.2016г. | BM50: 10001 | BN50: 0 | BP50: 0 | BQ50: 2 | BR50: 0 | BS50: 7.04 | BT50: 1 | BU50: 1 | BV50: 1 | BW50: 1 | BX50: 1 | BZ50: 118 | CA50: 63 | CF50: 0 | CG50: 0 | CM50: 0 | CN50: Поправка: МДС 81-35.2004, п.4.7 Наименование: Работы, выполняемые при реконструкции зданий и сооружений работы, аналогичные технологическим процессам в новом строительстве (в том числе возведение новых конструктивных элементов) стоимость которых определена по соответствующим сборникам ФЕР, кроме сборника № 46 «Работы при реконструкции зданий и сооружений» | CO50: 0 | CP50: =(P50+Q50+S50) -> 5197.52 | CQ50: =AC50*BC50 -> 28105.088 | CR50: =AD50*BB50 -> 97.7856 | CS50: =AE50*BS50 -> 20.064 | CT50: =AF50*BA50 -> 1463.3344 | CU50: =AG50 -> 0 | CV50: =AH50 -> 24.3685 | CW50: =AI50 -> 0.2375 | CX50: =AJ50 -> 0 | CY50: =(((S50+R50)*AT50)/100) -> 275.494 | CZ50: =(((S50+R50)*AU50)/100) -> 140.346 | DE50: )*1,25 | DF50: )*1,25 | DG50: )*1,15 | DI50: )*1,15 | DJ50: )*1,25 | DN50: 0 | DO50: 0 | DP50: 1 | DQ50: 1 | DU50: 1003 | DV50: 100 м | DW50: 100 м | DX50: 100 | EE50: 16609107 | EF50: 2 | EG50: Общестроительные работы | EH50: 0 | EJ50: 1 | EK50: 10001 | EL50: Деревянные конструкции | EM50: ФЕР-10 | EO50: Поправка: МДС 81-35.2004, п.4.7 | EQ50: 131072 | ER50: 4184.06 | ES50: 3992.2 | ET50: 11.11 | EU50: 2.28 | EV50: 180.75 | EW50: 21.19 | EX50: 0.19 | EY50: 0 | FQ50: 0 | FR50: =ROUND(IF(AND(BH50=3,BI50=3),P50,0),2) -> 0 | FS50: 0 | FT50: *0,9 | FU50: *0,85 | FX50: 106.2 | FY50: 53.55 | GD50: 0 | GF50: 756108961 | GG50: 1 | GH50: 1 | GI50: 4 | GJ50: 0 | GK50: =ROUND(R50*(R12)/100,2) -> 0 | GL50: =ROUND(IF(AND(BH50=3,BI50=3,FS50<>0),P50,0),2) -> 0 | GM50: =ROUND(O50+X50+Y50+GK50,2)+GX50 -> 5613.36 | GN50: =IF(OR(BI50=0,BI50=1),ROUND(O50+X50+Y50+GK50,2),0) -> 5613.36 | GO50: =IF(BI50=2,ROUND(O50+X50+Y50+GK50,2),0) -> 0 | GP50: =IF(BI50=4,ROUND(O50+X50+Y50+GK50,2)+GX50,0) -> 0 | GR50: 0 | GS50: 3 | GT50: 0 | GV50: =ROUND(GT50,2) -> 0 | GW50: 1 | GX50: =ROUND(GV50*GW50*I50,2) -> 0 | HA50: 0 | HB50: 0 | IK50: 0
A51: 18 | B51: 1 | C51: 86 | E51: 18,1 | F51: 11.3.03.01-0006 | G51: Доски подоконные ПВХ, шириной 350 мм | H51: м | I51: =I50*J51 -> 17.52 | J51: 100 | O51: =ROUND(CP51,2) -> 5748.91 | P51: =ROUND(CQ51*I51,2) -> 5748.91 | Q51: =ROUND(CR51*I51,2) -> 0 | R51: =ROUND(CS51*I51,2) -> 0 | S51: =ROUND(CT51*I51,2) -> 0 | T51: =ROUND(CU51*I51,2) -> 0 | U51: =CV51*I51 -> 0 | V51: =CW51*I51 -> 0 | W51: =ROUND(CX51*I51,2) -> 0 | X51: =ROUND(CY51,2) -> 0 | Y51: =ROUND(CZ51,2) -> 0 | AA51: 16612262 | AB51: =ROUND((AC51+AD51+AF51),2) -> 46.61 | AC51: =ROUND((ES51),2) -> 46.61 | AD51: =ROUND((((ET51)-(EU51))+AE51),2) -> 0 | AE51: =ROUND((EU51),2) -> 0 | AF51: =ROUND((EV51),2) -> 0 | AG51: =ROUND((AP51),2) -> 0 | AH51: =(EW51) -> 0 | AI51: =(EX51) -> 0 | AJ51: =ROUND((AS51),2) -> 0 | AK51: 46.61 | AL51: 46.61 | AM51: 0 | AN51: 0 | AO51: 0 | AP51: 0 | AQ51: 0 | AR51: 0 | AS51: 0 | AT51: 106 | AU51: 54 | AV51: 1 | AW51: 1 | AZ51: 7.04 | BA51: 1 | BB51: 1 | BC51: 7.04 | BH51: 3 | BI51: 1 | BJ51: ФССЦ-2001, 11.3.03.01-0006, приказ Минстроя России №1039/пр от 30.12.2016г. | BM51: 10001 | BN51: 0 | BP51: 0 | BQ51: 2 | BR51: 0 | BS51: 1 | BT51: 1 | BU51: 1 | BV51: 1 | BW51: 1 | BX51: 1 | BZ51: 118 | CA51: 63 | CF51: 0 | CG51: 0 | CM51: 0 | CO51: 0 | CP51: =(P51+Q51+S51) -> 5748.91 | CQ51: =AC51*BC51 -> 328.1344 | CR51: =AD51*BB51 -> 0 | CS51: =AE51*BS51 -> 0 | CT51: =AF51*BA51 -> 0 | CU51: =AG51 -> 0 | CV51: =AH51 -> 0 | CW51: =AI51 -> 0 | CX51: =AJ51 -> 0 | CY51: =(((S51+R51)*AT51)/100) -> 0 | CZ51: =(((S51+R51)*AU51)/100) -> 0 | DN51: 0 | DO51: 0 | DP51: 1 | DQ51: 1 | DU51: 1003 | DV51: м | DW51: м | DX51: 1 | EE51: 16609107 | EF51: 2 | EG51: Общестроительные работы | EH51: 0 | EJ51: 1 | EK51: 10001 | EL51: Деревянные конструкции | EM51: ФЕР-10 | EQ51: 0 | ER51: 46.61 | ES51: 46.61 | ET51: 0 | EU51: 0 | EV51: 0 | EW51: 0 | EX51: 0 | FQ51: 0 | FR51: =ROUND(IF(AND(BH51=3,BI51=3),P51,0),2) -> 0 | FS51: 0 | FT51: *0,9 | FU51: *0,85 | FX51: 106.2 | FY51: 53.55 | GD51: 0 | GF51: 1729479844 | GG51: 1 | GH51: 1 | GI51: 4 | GJ51: 0 | GK51: =ROUND(R51*(R12)/100,2) -> 0 | GL51: =ROUND(IF(AND(BH51=3,BI51=3,FS51<>0),P51,0),2) -> 0 | GM51: =ROUND(O51+X51+Y51+GK51,2)+GX51 -> 5748.91 | GN51: =IF(OR(BI51=0,BI51=1),ROUND(O51+X51+Y51+GK51,2),0) -> 5748.91 | GO51: =IF(BI51=2,ROUND(O51+X51+Y51+GK51,2),0) -> 0 | GP51: =IF(BI51=4,ROUND(O51+X51+Y51+GK51,2)+GX51,0) -> 0 | GR51: 0 | GS51: 3 | GT51: 0 | GV51: =ROUND(GT51,2) -> 0 | GW51: 1 | GX51: =ROUND(GV51*GW51*I51,2) -> 0 | HA51: 0 | HB51: 0 | IK51: 0
A52: 17 | B52: 1 | C52: =ROW(SmtRes!A95) -> 95 | D52: =ROW(EtalonRes!A103) -> 103 | E52: 19 | F52: 12-01-010-01 | G52: Устройство мелких покрытий (брандмауэры, парапеты, свесы и т.п.) из листовой оцинкованной стали | H52: 100 м2 | I52: =ROUND(7.3/100,9) -> 0.073 | J52: 0 | O52: =ROUND(CP52,2) -> 5151.52 | P52: =ROUND(CQ52*I52,2) -> 4569.05 | Q52: =ROUND(CR52*I52,2) -> 14.06 | R52: =ROUND(CS52*I52,2) -> 2.26 | S52: =ROUND(CT52*I52,2) -> 568.41 | T52: =ROUND(CU52*I52,2) -> 0 | U52: =CV52*I52 -> 9.4653625 | V52: =CW52*I52 -> 0.0246375 | W52: =ROUND(CX52*I52,2) -> 0 | X52: =ROUND(CY52,2) -> 616.32 | Y52: =ROUND(CZ52,2) -> 313.87 | AA52: 16612262 | AB52: =ROUND((AC52+AD52+AF52),2) -> 10023.95 | AC52: =ROUND((ES52),2) -> 8890.58 | AD52: =ROUND(((((ET52*1.25))-((EU52*1.25)))+AE52),2) -> 27.35 | AE52: =ROUND(((EU52*1.25)),2) -> 4.39 | AF52: =ROUND(((EV52*1.15)),2) -> 1106.02 | AG52: =ROUND((AP52),2) -> 0 | AH52: =((EW52*1.15)) -> 129.6625 | AI52: =((EX52*1.25)) -> 0.3375 | AJ52: =ROUND((AS52),2) -> 0 | AK52: 9874.22 | AL52: 8890.58 | AM52: 21.88 | AN52: 3.51 | AO52: 961.76 | AP52: 0 | AQ52: 112.75 | AR52: 0.27 | AS52: 0 | AT52: 108 | AU52: 55 | AV52: 1 | AW52: 1 | AZ52: 7.04 | BA52: 7.04 | BB52: 7.04 | BC52: 7.04 | BH52: 0 | BI52: 1 | BJ52: ФЕР-2001, 12-01-010-01, приказ Минстроя России №1039/пр от 30.12.2016г. | BM52: 12001 | BN52: 0 | BP52: 0 | BQ52: 2 | BR52: 0 | BS52: 7.04 | BT52: 1 | BU52: 1 | BV52: 1 | BW52: 1 | BX52: 1 | BZ52: 120 | CA52: 65 | CF52: 0 | CG52: 0 | CM52: 0 | CN52: Поправка: МДС 81-35.2004, п.4.7 Наименование: Работы, выполняемые при реконструкции зданий и сооружений работы, аналогичные технологическим процессам в новом строительстве (в том числе возведение новых конструктивных элементов) стоимость которых определена по соответствующим сборникам ФЕР, кроме сборника № 46 «Работы при реконструкции зданий и сооружений» | CO52: 0 | CP52: =(P52+Q52+S52) -> 5151.52 | CQ52: =AC52*BC52 -> 62589.683 | CR52: =AD52*BB52 -> 192.544 | CS52: =AE52*BS52 -> 30.9056 | CT52: =AF52*BA52 -> 7786.3808 | CU52: =AG52 -> 0 | CV52: =AH52 -> 129.6625 | CW52: =AI52 -> 0.3375 | CX52: =AJ52 -> 0 | CY52: =(((S52+R52)*AT52)/100) -> 616.3236 | CZ52: =(((S52+R52)*AU52)/100) -> 313.8685 | DE52: )*1,25 | DF52: )*1,25 | DG52: )*1,15 | DI52: )*1,15 | DJ52: )*1,25 | DN52: 0 | DO52: 0 | DP52: 1 | DQ52: 1 | DU52: 1005 | DV52: 100 м2 | DW52: 100 м2 | DX52: 100 | EE52: 16609109 | EF52: 2 | EG52: Общестроительные работы | EH52: 0 | EJ52: 1 | EK52: 12001 | EL52: Кровли | EM52: ФЕР-12 | EO52: Поправка: МДС 81-35.2004, п.4.7 | EQ52: 131072 | ER52: 9874.22 | ES52: 8890.58 | ET52: 21.88 | EU52: 3.51 | EV52: 961.76 | EW52: 112.75 | EX52: 0.27 | EY52: 0 | FQ52: 0 | FR52: =ROUND(IF(AND(BH52=3,BI52=3),P52,0),2) -> 0 | FS52: 0 | FT52: *0,9 | FU52: *0,85 | FX52: 108 | FY52: 55.25 | GD52: 0 | GF52: -1197977700 | GG52: 1 | GH52: 1 | GI52: 4 | GJ52: 0 | GK52: =ROUND(R52*(R12)/100,2) -> 0 | GL52: =ROUND(IF(AND(BH52=3,BI52=3,FS52<>0),P52,0),2) -> 0 | GM52: =ROUND(O52+X52+Y52+GK52,2)+GX52 -> 6081.71 | GN52: =IF(OR(BI52=0,BI52=1),ROUND(O52+X52+Y52+GK52,2),0) -> 6081.71 | GO52: =IF(BI52=2,ROUND(O52+X52+Y52+GK52,2),0) -> 0 | GP52: =IF(BI52=4,ROUND(O52+X52+Y52+GK52,2)+GX52,0) -> 0 | GR52: 0 | GS52: 3 | GT52: 0 | GV52: =ROUND(GT52,2) -> 0 | GW52: 1 | GX52: =ROUND(GV52*GW52*I52,2) -> 0 | HA52: 0 | HB52: 0 | IK52: 0
A53: 17 | B53: 1 | C53: =ROW(SmtRes!A100) -> 100 | D53: =ROW(EtalonRes!A109) -> 109 | E53: 20 | F53: 61-7-1 | G53: Ремонт штукатурки откосов внутри здания по камню и бетону цементно-известковым раствором прямолинейных | H53: 100 м2 | I53: =ROUND(8.6/100,9) -> 0.086 | J53: 0 | O53: =ROUND(CP53,2) -> 3482.46 | P53: =ROUND(CQ53*I53,2) -> 1380.19 | Q53: =ROUND(CR53*I53,2) -> 21.95 | R53: =ROUND(CS53*I53,2) -> 9.48 | S53: =ROUND(CT53*I53,2) -> 2080.32 | T53: =ROUND(CU53*I53,2) -> 0 | U53: =CV53*I53 -> 32.94316 | V53: =CW53*I53 -> 0.09976 | W53: =ROUND(CX53*I53,2) -> 0 | X53: =ROUND(CY53,2) -> 1650.94 | Y53: =ROUND(CZ53,2) -> 1044.9 | AA53: 16612262 | AB53: =ROUND((AC53+AD53+AF53),2) -> 5751.96 | AC53: =ROUND((ES53),2) -> 2279.65 | AD53: =ROUND((((ET53)-(EU53))+AE53),2) -> 36.26 | AE53: =ROUND((EU53),2) -> 15.66 | AF53: =ROUND((EV53),2) -> 3436.05 | AG53: =ROUND((AP53),2) -> 0 | AH53: =(EW53) -> 383.06 | AI53: =(EX53) -> 1.16 | AJ53: =ROUND((AS53),2) -> 0 | AK53: 5751.96 | AL53: 2279.65 | AM53: 36.26 | AN53: 15.66 | AO53: 3436.05 | AP53: 0 | AQ53: 383.06 | AR53: 1.16 | AS53: 0 | AT53: 79 | AU53: 50 | AV53: 1 | AW53: 1 | AZ53: 7.04 | BA53: 7.04 | BB53: 7.04 | BC53: 7.04 | BH53: 0 | BI53: 1 | BJ53: ФЕРр-2001, 61-7-1, приказ Минстроя России №1039/пр от 30.12.2016г. | BM53: 61001 | BN53: 0 | BP53: 0 | BQ53: 6 | BR53: 0 | BS53: 7.04 | BT53: 1 | BU53: 1 | BV53: 1 | BW53: 1 | BX53: 1 | BZ53: 79 | CA53: 50 | CF53: 0 | CG53: 0 | CM53: 0 | CO53: 0 | CP53: =(P53+Q53+S53) -> 3482.46 | CQ53: =AC53*BC53 -> 16048.736 | CR53: =AD53*BB53 -> 255.2704 | CS53: =AE53*BS53 -> 110.2464 | CT53: =AF53*BA53 -> 24189.792 | CU53: =AG53 -> 0 | CV53: =AH53 -> 383.06 | CW53: =AI53 -> 1.16 | CX53: =AJ53 -> 0 | CY53: =(((S53+R53)*AT53)/100) -> 1650.942 | CZ53: =(((S53+R53)*AU53)/100) -> 1044.9 | DN53: 0 | DO53: 0 | DP53: 1 | DQ53: 1 | DU53: 1005 | DV53: 100 м2 | DW53: 100 м2 | DX53: 100 | EE53: 16609186 | EF53: 6 | EG53: Ремонтно-строительные работы | EH53: 0 | EJ53: 1 | EK53: 61001 | EL53: Штукатрурные работы | EM53: рФЕР-61 | EQ53: 0 | ER53: 5751.96 | ES53: 2279.65 | ET53: 36.26 | EU53: 15.66 | EV53: 3436.05 | EW53: 383.06 | EX53: 1.16 | EY53: 0 | FQ53: 0 | FR53: =ROUND(IF(AND(BH53=3,BI53=3),P53,0),2) -> 0 | FS53: 0 | FX53: 79 | FY53: 50 | GD53: 0 | GF53: -1742364027 | GG53: 1 | GH53: 1 | GI53: 4 | GJ53: 0 | GK53: =ROUND(R53*(R12)/100,2) -> 0 | GL53: =ROUND(IF(AND(BH53=3,BI53=3,FS53<>0),P53,0),2) -> 0 | GM53: =ROUND(O53+X53+Y53+GK53,2)+GX53 -> 6178.3 | GN53: =IF(OR(BI53=0,BI53=1),ROUND(O53+X53+Y53+GK53,2),0) -> 6178.3 | GO53: =IF(BI53=2,ROUND(O53+X53+Y53+GK53,2),0) -> 0 | GP53: =IF(BI53=4,ROUND(O53+X53+Y53+GK53,2)+GX53,0) -> 0 | GR53: 0 | GS53: 3 | GT53: 0 | GV53: =ROUND(GT53,2) -> 0 | GW53: 1 | GX53: =ROUND(GV53*GW53*I53,2) -> 0 | HA53: 0 | HB53: 0 | IK53: 0
A54: 17 | B54: 1 | C54: =ROW(SmtRes!A107) -> 107 | D54: =ROW(EtalonRes!A117) -> 117 | E54: 21 | F54: 15-01-050-04 | G54: Облицовка оконных и дверных откосов декоративным бумажно-слоистым пластиком или листами из синтетических материалов на клее | H54: 100 м2 | I54: =ROUND(57.64/100,9) -> 0.5764 | J54: 0 | O54: =ROUND(CP54,2) -> 7312.18 | P54: =ROUND(CQ54*I54,2) -> 1.46 | Q54: =ROUND(CR54*I54,2) -> 179.36 | R54: =ROUND(CS54*I54,2) -> 34.9 | S54: =ROUND(CT54*I54,2) -> 7131.36 | T54: =ROUND(CU54*I54,2) -> 0 | U54: =CV54*I54 -> 110.3463 | V54: =CW54*I54 -> 0.41789 | W54: =ROUND(CX54*I54,2) -> 0 | X54: =ROUND(CY54,2) -> 6807.95 | Y54: =ROUND(CZ54,2) -> 3368.14 | AA54: 16612262 | AB54: =ROUND((AC54+AD54+AF54),2) -> 1801.98 | AC54: =ROUND((ES54),2) -> 0.36 | AD54: =ROUND(((((ET54*1.25))-((EU54*1.25)))+AE54),2) -> 44.2 | AE54: =ROUND(((EU54*1.25)),2) -> 8.6 | AF54: =ROUND(((EV54*1.15)),2) -> 1757.42 | AG54: =ROUND((AP54),2) -> 0 | AH54: =((EW54*1.15)) -> 191.4405 | AI54: =((EX54*1.25)) -> 0.725 | AJ54: =ROUND((AS54),2) -> 0 | AK54: 1563.91 | AL54: 0.36 | AM54: 35.36 | AN54: 6.88 | AO54: 1528.19 | AP54: 0 | AQ54: 166.47 | AR54: 0.58 | AS54: 0 | AT54: 95 | AU54: 47 | AV54: 1 | AW54: 1 | AZ54: 7.04 | BA54: 7.04 | BB54: 7.04 | BC54: 7.04 | BH54: 0 | BI54: 1 | BJ54: ФЕР-2001, 15-01-050-04, приказ Минстроя России №1039/пр от 30.12.2016г. | BM54: 15001 | BN54: 0 | BP54: 0 | BQ54: 2 | BR54: 0 | BS54: 7.04 | BT54: 1 | BU54: 1 | BV54: 1 | BW54: 1 | BX54: 1 | BZ54: 105 | CA54: 55 | CF54: 0 | CG54: 0 | CM54: 0 | CN54: Поправка: МДС 81-35.2004, п.4.7 Наименование: Работы, выполняемые при реконструкции зданий и сооружений работы, аналогичные технологическим процессам в новом строительстве (в том числе возведение новых конструктивных элементов) стоимость которых определена по соответствующим сборникам ФЕР, кроме сборника № 46 «Работы при реконструкции зданий и сооружений» | CO54: 0 | CP54: =(P54+Q54+S54) -> 7312.18 | CQ54: =AC54*BC54 -> 2.5344 | CR54: =AD54*BB54 -> 311.168 | CS54: =AE54*BS54 -> 60.544 | CT54: =AF54*BA54 -> 12372.237 | CU54: =AG54 -> 0 | CV54: =AH54 -> 191.4405 | CW54: =AI54 -> 0.725 | CX54: =AJ54 -> 0 | CY54: =(((S54+R54)*AT54)/100) -> 6807.947 | CZ54: =(((S54+R54)*AU54)/100) -> 3368.1422 | DE54: )*1,25 | DF54: )*1,25 | DG54: )*1,15 | DI54: )*1,15 | DJ54: )*1,25 | DN54: 0 | DO54: 0 | DP54: 1 | DQ54: 1 | DU54: 1005 | DV54: 100 м2 | DW54: 100 м2 | DX54: 100 | EE54: 16609130 | EF54: 2 | EG54: Общестроительные работы | EH54: 0 | EJ54: 1 | EK54: 15001 | EL54: Отделочные работы | EM54: ФЕР-15 | EO54: Поправка: МДС 81-35.2004, п.4.7 | EQ54: 131072 | ER54: 1563.91 | ES54: 0.36 | ET54: 35.36 | EU54: 6.88 | EV54: 1528.19 | EW54: 166.47 | EX54: 0.58 | EY54: 0 | FQ54: 0 | FR54: =ROUND(IF(AND(BH54=3,BI54=3),P54,0),2) -> 0 | FS54: 0 | FT54: *0,9 | FU54: *0,85 | FX54: 94.5 | FY54: 46.75 | GD54: 0 | GF54: 251333065 | GG54: 1 | GH54: 1 | GI54: 4 | GJ54: 0 | GK54: =ROUND(R54*(R12)/100,2) -> 0 | GL54: =ROUND(IF(AND(BH54=3,BI54=3,FS54<>0),P54,0),2) -> 0 | GM54: =ROUND(O54+X54+Y54+GK54,2)+GX54 -> 17488.27 | GN54: =IF(OR(BI54=0,BI54=1),ROUND(O54+X54+Y54+GK54,2),0) -> 17488.27 | GO54: =IF(BI54=2,ROUND(O54+X54+Y54+GK54,2),0) -> 0 | GP54: =IF(BI54=4,ROUND(O54+X54+Y54+GK54,2)+GX54,0) -> 0 | GR54: 0 | GS54: 3 | GT54: 0 | GV54: =ROUND(GT54,2) -> 0 | GW54: 1 | GX54: =ROUND(GV54*GW54*I54,2) -> 0 | HA54: 0 | HB54: 0 | IK54: 0
A55: 18 | B55: 1 | C55: 106 | E55: 21,1 | F55: 11.3.03.05-0011 | G55: Сэндвич-панели для откосов (наружные слои – листы из поливинилхлорида, внутреннее наполнение – вспененный пенополистирол) белые, ширина 1,5 м, длина 3,0 м, толщина 10 мм | H55: м2 | I55: =I54*J55 -> 60.522 | J55: 105 | O55: =ROUND(CP55,2) -> 25206.59 | P55: =ROUND(CQ55*I55,2) -> 25206.59 | Q55: =ROUND(CR55*I55,2) -> 0 | R55: =ROUND(CS55*I55,2) -> 0 | S55: =ROUND(CT55*I55,2) -> 0 | T55: =ROUND(CU55*I55,2) -> 0 | U55: =CV55*I55 -> 0 | V55: =CW55*I55 -> 0 | W55: =ROUND(CX55*I55,2) -> 0 | X55: =ROUND(CY55,2) -> 0 | Y55: =ROUND(CZ55,2) -> 0 | AA55: 16612262 | AB55: =ROUND((AC55+AD55+AF55),2) -> 59.16 | AC55: =ROUND((ES55),2) -> 59.16 | AD55: =ROUND((((ET55)-(EU55))+AE55),2) -> 0 | AE55: =ROUND((EU55),2) -> 0 | AF55: =ROUND((EV55),2) -> 0 | AG55: =ROUND((AP55),2) -> 0 | AH55: =(EW55) -> 0 | AI55: =(EX55) -> 0 | AJ55: =ROUND((AS55),2) -> 0 | AK55: 59.16 | AL55: 59.16 | AM55: 0 | AN55: 0 | AO55: 0 | AP55: 0 | AQ55: 0 | AR55: 0 | AS55: 0 | AT55: 95 | AU55: 47 | AV55: 1 | AW55: 1 | AZ55: 7.04 | BA55: 1 | BB55: 1 | BC55: 7.04 | BH55: 3 | BI55: 1 | BJ55: ФССЦ-2001, 11.3.03.05-0011, приказ Минстроя России №1039/пр от 30.12.2016г. | BM55: 15001 | BN55: 0 | BP55: 0 | BQ55: 2 | BR55: 0 | BS55: 1 | BT55: 1 | BU55: 1 | BV55: 1 | BW55: 1 | BX55: 1 | BZ55: 105 | CA55: 55 | CF55: 0 | CG55: 0 | CM55: 0 | CO55: 0 | CP55: =(P55+Q55+S55) -> 25206.59 | CQ55: =AC55*BC55 -> 416.4864 | CR55: =AD55*BB55 -> 0 | CS55: =AE55*BS55 -> 0 | CT55: =AF55*BA55 -> 0 | CU55: =AG55 -> 0 | CV55: =AH55 -> 0 | CW55: =AI55 -> 0 | CX55: =AJ55 -> 0 | CY55: =(((S55+R55)*AT55)/100) -> 0 | CZ55: =(((S55+R55)*AU55)/100) -> 0 | DN55: 0 | DO55: 0 | DP55: 1 | DQ55: 1 | DU55: 1005 | DV55: м2 | DW55: м2 | DX55: 1 | EE55: 16609130 | EF55: 2 | EG55: Общестроительные работы | EH55: 0 | EJ55: 1 | EK55: 15001 | EL55: Отделочные работы | EM55: ФЕР-15 | EQ55: 0 | ER55: 59.16 | ES55: 59.16 | ET55: 0 | EU55: 0 | EV55: 0 | EW55: 0 | EX55: 0 | FQ55: 0 | FR55: =ROUND(IF(AND(BH55=3,BI55=3),P55,0),2) -> 0 | FS55: 0 | FT55: *0,9 | FU55: *0,85 | FX55: 94.5 | FY55: 46.75 | GD55: 0 | GF55: -724546537 | GG55: 1 | GH55: 1 | GI55: 4 | GJ55: 0 | GK55: =ROUND(R55*(R12)/100,2) -> 0 | GL55: =ROUND(IF(AND(BH55=3,BI55=3,FS55<>0),P55,0),2) -> 0 | GM55: =ROUND(O55+X55+Y55+GK55,2)+GX55 -> 25206.59 | GN55: =IF(OR(BI55=0,BI55=1),ROUND(O55+X55+Y55+GK55,2),0) -> 25206.59 | GO55: =IF(BI55=2,ROUND(O55+X55+Y55+GK55,2),0) -> 0 | GP55: =IF(BI55=4,ROUND(O55+X55+Y55+GK55,2)+GX55,0) -> 0 | GR55: 0 | GS55: 3 | GT55: 0 | GV55: =ROUND(GT55,2) -> 0 | GW55: 1 | GX55: =ROUND(GV55*GW55*I55,2) -> 0 | HA55: 0 | HB55: 0 | IK55: 0
A56: 18 | B56: 1 | C56: 107 | E56: 21,2 | F56: 14.1.05.01-0003 | G56: Клеи жидкие гвозди универсальные TITEBOND | H56: кг | I56: =I54*J56 -> 17.292 | J56: 30 | O56: =ROUND(CP56,2) -> 5246.81 | P56: =ROUND(CQ56*I56,2) -> 5246.81 | Q56: =ROUND(CR56*I56,2) -> 0 | R56: =ROUND(CS56*I56,2) -> 0 | S56: =ROUND(CT56*I56,2) -> 0 | T56: =ROUND(CU56*I56,2) -> 0 | U56: =CV56*I56 -> 0 | V56: =CW56*I56 -> 0 | W56: =ROUND(CX56*I56,2) -> 0 | X56: =ROUND(CY56,2) -> 0 | Y56: =ROUND(CZ56,2) -> 0 | AA56: 16612262 | AB56: =ROUND((AC56+AD56+AF56),2) -> 43.1 | AC56: =ROUND((ES56),2) -> 43.1 | AD56: =ROUND((((ET56)-(EU56))+AE56),2) -> 0 | AE56: =ROUND((EU56),2) -> 0 | AF56: =ROUND((EV56),2) -> 0 | AG56: =ROUND((AP56),2) -> 0 | AH56: =(EW56) -> 0 | AI56: =(EX56) -> 0 | AJ56: =ROUND((AS56),2) -> 0 | AK56: 43.1 | AL56: 43.1 | AM56: 0 | AN56: 0 | AO56: 0 | AP56: 0 | AQ56: 0 | AR56: 0 | AS56: 0 | AT56: 95 | AU56: 47 | AV56: 1 | AW56: 1 | AZ56: 7.04 | BA56: 1 | BB56: 1 | BC56: 7.04 | BH56: 3 | BI56: 1 | BJ56: ФССЦ-2001, 14.1.05.01-0003, приказ Минстроя России №1039/пр от 30.12.2016г. | BM56: 15001 | BN56: 0 | BP56: 0 | BQ56: 2 | BR56: 0 | BS56: 1 | BT56: 1 | BU56: 1 | BV56: 1 | BW56: 1 | BX56: 1 | BZ56: 105 | CA56: 55 | CF56: 0 | CG56: 0 | CM56: 0 | CO56: 0 | CP56: =(P56+Q56+S56) -> 5246.81 | CQ56: =AC56*BC56 -> 303.424 | CR56: =AD56*BB56 -> 0 | CS56: =AE56*BS56 -> 0 | CT56: =AF56*BA56 -> 0 | CU56: =AG56 -> 0 | CV56: =AH56 -> 0 | CW56: =AI56 -> 0 | CX56: =AJ56 -> 0 | CY56: =(((S56+R56)*AT56)/100) -> 0 | CZ56: =(((S56+R56)*AU56)/100) -> 0 | DN56: 0 | DO56: 0 | DP56: 1 | DQ56: 1 | DU56: 1009 | DV56: кг | DW56: кг | DX56: 1 | EE56: 16609130 | EF56: 2 | EG56: Общестроительные работы | EH56: 0 | EJ56: 1 | EK56: 15001 | EL56: Отделочные работы | EM56: ФЕР-15 | EQ56: 0 | ER56: 43.1 | ES56: 43.1 | ET56: 0 | EU56: 0 | EV56: 0 | EW56: 0 | EX56: 0 | FQ56: 0 | FR56: =ROUND(IF(AND(BH56=3,BI56=3),P56,0),2) -> 0 | FS56: 0 | FT56: *0,9 | FU56: *0,85 | FX56: 94.5 | FY56: 46.75 | GD56: 0 | GF56: -1130225270 | GG56: 1 | GH56: 1 | GI56: 4 | GJ56: 0 | GK56: =ROUND(R56*(R12)/100,2) -> 0 | GL56: =ROUND(IF(AND(BH56=3,BI56=3,FS56<>0),P56,0),2) -> 0 | GM56: =ROUND(O56+X56+Y56+GK56,2)+GX56 -> 5246.81 | GN56: =IF(OR(BI56=0,BI56=1),ROUND(O56+X56+Y56+GK56,2),0) -> 5246.81 | GO56: =IF(BI56=2,ROUND(O56+X56+Y56+GK56,2),0) -> 0 | GP56: =IF(BI56=4,ROUND(O56+X56+Y56+GK56,2)+GX56,0) -> 0 | GR56: 0 | GS56: 3 | GT56: 0 | GV56: =ROUND(GT56,2) -> 0 | GW56: 1 | GX56: =ROUND(GV56*GW56*I56,2) -> 0 | HA56: 0 | HB56: 0 | IK56: 0
A57: 17 | B57: 1 | C57: =ROW(SmtRes!A110) -> 110 | D57: =ROW(EtalonRes!A120) -> 120 | E57: 22 | F57: 10-01-036-01 | G57: Установка уголков ПВХ на клее | H57: 100 м | I57: =ROUND(144.4/100,9) -> 1.444 | J57: 0 | O57: =ROUND(CP57,2) -> 1034.06 | P57: =ROUND(CQ57*I57,2) -> 365.97 | Q57: =ROUND(CR57*I57,2) -> 0 | R57: =ROUND(CS57*I57,2) -> 0 | S57: =ROUND(CT57*I57,2) -> 668.09 | T57: =ROUND(CU57*I57,2) -> 0 | U57: =CV57*I57 -> 11.12602 | V57: =CW57*I57 -> 0 | W57: =ROUND(CX57*I57,2) -> 0 | X57: =ROUND(CY57,2) -> 708.18 | Y57: =ROUND(CZ57,2) -> 360.77 | AA57: 16612262 | AB57: =ROUND((AC57+AD57+AF57),2) -> 101.72 | AC57: =ROUND((ES57),2) -> 36 | AD57: =ROUND(((((ET57*1.25))-((EU57*1.25)))+AE57),2) -> 0 | AE57: =ROUND(((EU57*1.25)),2) -> 0 | AF57: =ROUND(((EV57*1.15)),2) -> 65.72 | AG57: =ROUND((AP57),2) -> 0 | AH57: =((EW57*1.15)) -> 7.705 | AI57: =((EX57*1.25)) -> 0 | AJ57: =ROUND((AS57),2) -> 0 | AK57: 93.15 | AL57: 36 | AM57: 0 | AN57: 0 | AO57: 57.15 | AP57: 0 | AQ57: 6.7 | AR57: 0 | AS57: 0 | AT57: 106 | AU57: 54 | AV57: 1 | AW57: 1 | AZ57: 7.04 | BA57: 7.04 | BB57: 7.04 | BC57: 7.04 | BH57: 0 | BI57: 1 | BJ57: ФЕР-2001, 10-01-036-01, приказ Минстроя России №1039/пр от 30.12.2016г. | BM57: 10001 | BN57: 0 | BP57: 0 | BQ57: 2 | BR57: 0 | BS57: 7.04 | BT57: 1 | BU57: 1 | BV57: 1 | BW57: 1 | BX57: 1 | BZ57: 118 | CA57: 63 | CF57: 0 | CG57: 0 | CM57: 0 | CN57: Поправка: МДС 81-35.2004, п.4.7 Наименование: Работы, выполняемые при реконструкции зданий и сооружений работы, аналогичные технологическим процессам в новом строительстве (в том числе возведение новых конструктивных элементов) стоимость которых определена по соответствующим сборникам ФЕР, кроме сборника № 46 «Работы при реконструкции зданий и сооружений» | CO57: 0 | CP57: =(P57+Q57+S57) -> 1034.06 | CQ57: =AC57*BC57 -> 253.44 | CR57: =AD57*BB57 -> 0 | CS57: =AE57*BS57 -> 0 | CT57: =AF57*BA57 -> 462.6688 | CU57: =AG57 -> 0 | CV57: =AH57 -> 7.705 | CW57: =AI57 -> 0 | CX57: =AJ57 -> 0 | CY57: =(((S57+R57)*AT57)/100) -> 708.1754 | CZ57: =(((S57+R57)*AU57)/100) -> 360.7686 | DE57: )*1,25 | DF57: )*1,25 | DG57: )*1,15 | DI57: )*1,15 | DJ57: )*1,25 | DN57: 0 | DO57: 0 | DP57: 1 | DQ57: 1 | DU57: 1003 | DV57: 100 м | DW57: 100 м | DX57: 100 | EE57: 16609107 | EF57: 2 | EG57: Общестроительные работы | EH57: 0 | EJ57: 1 | EK57: 10001 | EL57: Деревянные конструкции | EM57: ФЕР-10 | EO57: Поправка: МДС 81-35.2004, п.4.7 | EQ57: 131072 | ER57: 93.15 | ES57: 36 | ET57: 0 | EU57: 0 | EV57: 57.15 | EW57: 6.7 | EX57: 0 | EY57: 0 | FQ57: 0 | FR57: =ROUND(IF(AND(BH57=3,BI57=3),P57,0),2) -> 0 | FS57: 0 | FT57: *0,9 | FU57: *0,85 | FX57: 106.2 | FY57: 53.55 | GD57: 0 | GF57: -1862938563 | GG57: 1 | GH57: 1 | GI57: 4 | GJ57: 0 | GK57: =ROUND(R57*(R12)/100,2) -> 0 | GL57: =ROUND(IF(AND(BH57=3,BI57=3,FS57<>0),P57,0),2) -> 0 | GM57: =ROUND(O57+X57+Y57+GK57,2)+GX57 -> 2103.01 | GN57: =IF(OR(BI57=0,BI57=1),ROUND(O57+X57+Y57+GK57,2),0) -> 2103.01 | GO57: =IF(BI57=2,ROUND(O57+X57+Y57+GK57,2),0) -> 0 | GP57: =IF(BI57=4,ROUND(O57+X57+Y57+GK57,2)+GX57,0) -> 0 | GR57: 0 | GS57: 3 | GT57: 0 | GV57: =ROUND(GT57,2) -> 0 | GW57: 1 | GX57: =ROUND(GV57*GW57*I57,2) -> 0 | HA57: 0 | HB57: 0 | IK57: 0
A58: 18 | B58: 1 | C58: 109 | E58: 22,1 | F58: 11.3.03.13-0047 | G58: Уголок ПВХ, размером 40х40 мм | H58: 10 м | I58: =I57*J58 -> 14.44 | J58: 10 | O58: =ROUND(CP58,2) -> 4503.43 | P58: =ROUND(CQ58*I58,2) -> 4503.43 | Q58: =ROUND(CR58*I58,2) -> 0 | R58: =ROUND(CS58*I58,2) -> 0 | S58: =ROUND(CT58*I58,2) -> 0 | T58: =ROUND(CU58*I58,2) -> 0 | U58: =CV58*I58 -> 0 | V58: =CW58*I58 -> 0 | W58: =ROUND(CX58*I58,2) -> 0 | X58: =ROUND(CY58,2) -> 0 | Y58: =ROUND(CZ58,2) -> 0 | AA58: 16612262 | AB58: =ROUND((AC58+AD58+AF58),2) -> 44.3 | AC58: =ROUND((ES58),2) -> 44.3 | AD58: =ROUND((((ET58)-(EU58))+AE58),2) -> 0 | AE58: =ROUND((EU58),2) -> 0 | AF58: =ROUND((EV58),2) -> 0 | AG58: =ROUND((AP58),2) -> 0 | AH58: =(EW58) -> 0 | AI58: =(EX58) -> 0 | AJ58: =ROUND((AS58),2) -> 0 | AK58: 44.3 | AL58: 44.3 | AM58: 0 | AN58: 0 | AO58: 0 | AP58: 0 | AQ58: 0 | AR58: 0 | AS58: 0 | AT58: 95 | AU58: 47 | AV58: 1 | AW58: 1 | AZ58: 7.04 | BA58: 1 | BB58: 1 | BC58: 7.04 | BH58: 3 | BI58: 1 | BJ58: ФССЦ-2001, 11.3.03.13-0047, приказ Минстроя России №1039/пр от 30.12.2016г. | BM58: 15001 | BN58: 0 | BP58: 0 | BQ58: 2 | BR58: 0 | BS58: 1 | BT58: 1 | BU58: 1 | BV58: 1 | BW58: 1 | BX58: 1 | BZ58: 105 | CA58: 55 | CF58: 0 | CG58: 0 | CM58: 0 | CO58: 0 | CP58: =(P58+Q58+S58) -> 4503.43 | CQ58: =AC58*BC58 -> 311.872 | CR58: =AD58*BB58 -> 0 | CS58: =AE58*BS58 -> 0 | CT58: =AF58*BA58 -> 0 | CU58: =AG58 -> 0 | CV58: =AH58 -> 0 | CW58: =AI58 -> 0 | CX58: =AJ58 -> 0 | CY58: =(((S58+R58)*AT58)/100) -> 0 | CZ58: =(((S58+R58)*AU58)/100) -> 0 | DN58: 0 | DO58: 0 | DP58: 1 | DQ58: 1 | DU58: 1003 | DV58: 10 м | DW58: 10 м | DX58: 10 | EE58: 16609130 | EF58: 2 | EG58: Общестроительные работы | EH58: 0 | EJ58: 1 | EK58: 15001 | EL58: Отделочные работы | EM58: ФЕР-15 | EQ58: 0 | ER58: 44.3 | ES58: 44.3 | ET58: 0 | EU58: 0 | EV58: 0 | EW58: 0 | EX58: 0 | FQ58: 0 | FR58: =ROUND(IF(AND(BH58=3,BI58=3),P58,0),2) -> 0 | FS58: 0 | FT58: *0,9 | FU58: *0,85 | FX58: 94.5 | FY58: 46.75 | GD58: 0 | GF58: -1575274439 | GG58: 1 | GH58: 1 | GI58: 4 | GJ58: 0 | GK58: =ROUND(R58*(R12)/100,2) -> 0 | GL58: =ROUND(IF(AND(BH58=3,BI58=3,FS58<>0),P58,0),2) -> 0 | GM58: =ROUND(O58+X58+Y58+GK58,2)+GX58 -> 4503.43 | GN58: =IF(OR(BI58=0,BI58=1),ROUND(O58+X58+Y58+GK58,2),0) -> 4503.43 | GO58: =IF(BI58=2,ROUND(O58+X58+Y58+GK58,2),0) -> 0 | GP58: =IF(BI58=4,ROUND(O58+X58+Y58+GK58,2)+GX58,0) -> 0 | GR58: 0 | GS58: 3 | GT58: 0 | GV58: =ROUND(GT58,2) -> 0 | GW58: 1 | GX58: =ROUND(GV58*GW58*I58,2) -> 0 | HA58: 0 | HB58: 0 | IK58: 0
A59: 17 | B59: 1 | C59: =ROW(SmtRes!A119) -> 119 | D59: =ROW(EtalonRes!A128) -> 128 | E59: 23 | F59: 62-23-4 | G59: Окраска силикатными красками за 1 раз ранее окрашенных фасадов и потолка лоджии по кирпичу с земли и лесов | H59: 100 м2 | I59: =ROUND(33.6/100,9) -> 0.336 | J59: 0 | O59: =ROUND(CP59,2) -> 455.75 | P59: =ROUND(CQ59*I59,2) -> 94.36 | Q59: =ROUND(CR59*I59,2) -> 6.62 | R59: =ROUND(CS59*I59,2) -> 1.09 | S59: =ROUND(CT59*I59,2) -> 354.77 | T59: =ROUND(CU59*I59,2) -> 0 | U59: =CV59*I59 -> 5.76576 | V59: =CW59*I59 -> 0.01344 | W59: =ROUND(CX59*I59,2) -> 0 | X59: =ROUND(CY59,2) -> 284.69 | Y59: =ROUND(CZ59,2) -> 177.93 | AA59: 16612262 | AB59: =ROUND((AC59+AD59+AF59),2) -> 192.67 | AC59: =ROUND((ES59),2) -> 39.89 | AD59: =ROUND((((ET59)-(EU59))+AE59),2) -> 2.8 | AE59: =ROUND((EU59),2) -> 0.46 | AF59: =ROUND((EV59),2) -> 149.98 | AG59: =ROUND((AP59),2) -> 0 | AH59: =(EW59) -> 17.16 | AI59: =(EX59) -> 0.04 | AJ59: =ROUND((AS59),2) -> 0 | AK59: 192.67 | AL59: 39.89 | AM59: 2.8 | AN59: 0.46 | AO59: 149.98 | AP59: 0 | AQ59: 17.16 | AR59: 0.04 | AS59: 0 | AT59: 80 | AU59: 50 | AV59: 1 | AW59: 1 | AZ59: 7.04 | BA59: 7.04 | BB59: 7.04 | BC59: 7.04 | BH59: 0 | BI59: 1 | BJ59: ФЕР-2001, 62-23-4, приказ Минстроя России №1039/пр от 30.12.2016г. | BM59: 62001 | BN59: 0 | BP59: 0 | BQ59: 6 | BR59: 0 | BS59: 7.04 | BT59: 1 | BU59: 1 | BV59: 1 | BW59: 1 | BX59: 1 | BZ59: 80 | CA59: 50 | CF59: 0 | CG59: 0 | CM59: 0 | CO59: 0 | CP59: =(P59+Q59+S59) -> 455.75 | CQ59: =AC59*BC59 -> 280.8256 | CR59: =AD59*BB59 -> 19.712 | CS59: =AE59*BS59 -> 3.2384 | CT59: =AF59*BA59 -> 1055.8592 | CU59: =AG59 -> 0 | CV59: =AH59 -> 17.16 | CW59: =AI59 -> 0.04 | CX59: =AJ59 -> 0 | CY59: =(((S59+R59)*AT59)/100) -> 284.688 | CZ59: =(((S59+R59)*AU59)/100) -> 177.93 | DN59: 0 | DO59: 0 | DP59: 1 | DQ59: 1 | DU59: 1005 | DV59: 100 м2 | DW59: 100 м2 | DX59: 100 | EE59: 16609187 | EF59: 6 | EG59: Ремонтно-строительные работы | EH59: 0 | EJ59: 1 | EK59: 62001 | EL59: Малярные работы | EM59: рФЕР-62 | EQ59: 131072 | ER59: 192.67 | ES59: 39.89 | ET59: 2.8 | EU59: 0.46 | EV59: 149.98 | EW59: 17.16 | EX59: 0.04 | EY59: 0 | FQ59: 0 | FR59: =ROUND(IF(AND(BH59=3,BI59=3),P59,0),2) -> 0 | FS59: 0 | FX59: 80 | FY59: 50 | GD59: 0 | GF59: 1723598306 | GG59: 1 | GH59: 1 | GI59: 4 | GJ59: 0 | GK59: =ROUND(R59*(R12)/100,2) -> 0 | GL59: =ROUND(IF(AND(BH59=3,BI59=3,FS59<>0),P59,0),2) -> 0 | GM59: =ROUND(O59+X59+Y59+GK59,2)+GX59 -> 918.37 | GN59: =IF(OR(BI59=0,BI59=1),ROUND(O59+X59+Y59+GK59,2),0) -> 918.37 | GO59: =IF(BI59=2,ROUND(O59+X59+Y59+GK59,2),0) -> 0 | GP59: =IF(BI59=4,ROUND(O59+X59+Y59+GK59,2)+GX59,0) -> 0 | GR59: 0 | GS59: 3 | GT59: 0 | GV59: =ROUND(GT59,2) -> 0 | GW59: 1 | GX59: =ROUND(GV59*GW59*I59,2) -> 0 | HA59: 0 | HB59: 0 | IK59: 0
A60: 18 | B60: 1 | C60: 118 | E60: 23,1 | F60: 14.3.02.05 | G60: Краски силикатные | H60: т | I60: =I59*J60 -> 0.004704 | J60: 0.014 | O60: =ROUND(CP60,2) -> 0 | P60: =ROUND(CQ60*I60,2) -> 0 | Q60: =ROUND(CR60*I60,2) -> 0 | R60: =ROUND(CS60*I60,2) -> 0 | S60: =ROUND(CT60*I60,2) -> 0 | T60: =ROUND(CU60*I60,2) -> 0 | U60: =CV60*I60 -> 0 | V60: =CW60*I60 -> 0 | W60: =ROUND(CX60*I60,2) -> 0 | X60: =ROUND(CY60,2) -> 0 | Y60: =ROUND(CZ60,2) -> 0 | AA60: 16612262 | AB60: =ROUND((AC60+AD60+AF60),2) -> 0 | AC60: =ROUND((ES60),2) -> 0 | AD60: =ROUND((((ET60)-(EU60))+AE60),2) -> 0 | AE60: =ROUND((EU60),2) -> 0 | AF60: =ROUND((EV60),2) -> 0 | AG60: =ROUND((AP60),2) -> 0 | AH60: =(EW60) -> 0 | AI60: =(EX60) -> 0 | AJ60: =ROUND((AS60),2) -> 0 | AK60: 0 | AL60: 0 | AM60: 0 | AN60: 0 | AO60: 0 | AP60: 0 | AQ60: 0 | AR60: 0 | AS60: 0 | AT60: 80 | AU60: 50 | AV60: 1 | AW60: 1 | AZ60: 7.04 | BA60: 1 | BB60: 1 | BC60: 7.04 | BH60: 3 | BI60: 1 | BM60: 62001 | BN60: 0 | BP60: 0 | BQ60: 6 | BR60: 0 | BS60: 1 | BT60: 1 | BU60: 1 | BV60: 1 | BW60: 1 | BX60: 1 | BZ60: 80 | CA60: 50 | CF60: 0 | CG60: 0 | CM60: 0 | CO60: 0 | CP60: =(P60+Q60+S60) -> 0 | CQ60: =AC60*BC60 -> 0 | CR60: =AD60*BB60 -> 0 | CS60: =AE60*BS60 -> 0 | CT60: =AF60*BA60 -> 0 | CU60: =AG60 -> 0 | CV60: =AH60 -> 0 | CW60: =AI60 -> 0 | CX60: =AJ60 -> 0 | CY60: =(((S60+R60)*AT60)/100) -> 0 | CZ60: =(((S60+R60)*AU60)/100) -> 0 | DN60: 0 | DO60: 0 | DP60: 1 | DQ60: 1 | DU60: 1009 | DV60: т | DW60: т | DX60: 1000 | EE60: 16609187 | EF60: 6 | EG60: Ремонтно-строительные работы | EH60: 0 | EJ60: 1 | EK60: 62001 | EL60: Малярные работы | EM60: рФЕР-62 | EQ60: 0 | ER60: 0 | ES60: 0 | ET60: 0 | EU60: 0 | EV60: 0 | EW60: 0 | EX60: 0 | FQ60: 0 | FR60: =ROUND(IF(AND(BH60=3,BI60=3),P60,0),2) -> 0 | FS60: 0 | FX60: 80 | FY60: 50 | GD60: 0 | GF60: -2007682757 | GG60: 1 | GH60: 1 | GI60: 4 | GJ60: 0 | GK60: =ROUND(R60*(R12)/100,2) -> 0 | GL60: =ROUND(IF(AND(BH60=3,BI60=3,FS60<>0),P60,0),2) -> 0 | GM60: =ROUND(O60+X60+Y60+GK60,2)+GX60 -> 0 | GN60: =IF(OR(BI60=0,BI60=1),ROUND(O60+X60+Y60+GK60,2),0) -> 0 | GO60: =IF(BI60=2,ROUND(O60+X60+Y60+GK60,2),0) -> 0 | GP60: =IF(BI60=4,ROUND(O60+X60+Y60+GK60,2)+GX60,0) -> 0 | GR60: 0 | GS60: 3 | GT60: 0 | GV60: =ROUND(GT60,2) -> 0 | GW60: 1 | GX60: =ROUND(GV60*GW60*I60,2) -> 0 | HA60: 0 | HB60: 0 | IK60: 0
A61: 18 | B61: 1 | C61: 119 | E61: 23,2 | F61: 14.3.02.05-0102 | G61: Краска силикатная фасадная GERESIT CT | H61: кг | I61: =I59*J61 -> 4.704 | J61: 14 | O61: =ROUND(CP61,2) -> 2591.01 | P61: =ROUND(CQ61*I61,2) -> 2591.01 | Q61: =ROUND(CR61*I61,2) -> 0 | R61: =ROUND(CS61*I61,2) -> 0 | S61: =ROUND(CT61*I61,2) -> 0 | T61: =ROUND(CU61*I61,2) -> 0 | U61: =CV61*I61 -> 0 | V61: =CW61*I61 -> 0 | W61: =ROUND(CX61*I61,2) -> 0 | X61: =ROUND(CY61,2) -> 0 | Y61: =ROUND(CZ61,2) -> 0 | AA61: 16612262 | AB61: =ROUND((AC61+AD61+AF61),2) -> 78.24 | AC61: =ROUND((ES61),2) -> 78.24 | AD61: =ROUND((((ET61)-(EU61))+AE61),2) -> 0 | AE61: =ROUND((EU61),2) -> 0 | AF61: =ROUND((EV61),2) -> 0 | AG61: =ROUND((AP61),2) -> 0 | AH61: =(EW61) -> 0 | AI61: =(EX61) -> 0 | AJ61: =ROUND((AS61),2) -> 0 | AK61: 78.24 | AL61: 78.24 | AM61: 0 | AN61: 0 | AO61: 0 | AP61: 0 | AQ61: 0 | AR61: 0 | AS61: 0 | AT61: 80 | AU61: 50 | AV61: 1 | AW61: 1 | AZ61: 7.04 | BA61: 1 | BB61: 1 | BC61: 7.04 | BH61: 3 | BI61: 1 | BJ61: ФССЦ-2001, 14.3.02.05-0102, приказ Минстроя России №1039/пр от 30.12.2016г. | BM61: 62001 | BN61: 0 | BP61: 0 | BQ61: 6 | BR61: 0 | BS61: 1 | BT61: 1 | BU61: 1 | BV61: 1 | BW61: 1 | BX61: 1 | BZ61: 80 | CA61: 50 | CF61: 0 | CG61: 0 | CM61: 0 | CO61: 0 | CP61: =(P61+Q61+S61) -> 2591.01 | CQ61: =AC61*BC61 -> 550.8096 | CR61: =AD61*BB61 -> 0 | CS61: =AE61*BS61 -> 0 | CT61: =AF61*BA61 -> 0 | CU61: =AG61 -> 0 | CV61: =AH61 -> 0 | CW61: =AI61 -> 0 | CX61: =AJ61 -> 0 | CY61: =(((S61+R61)*AT61)/100) -> 0 | CZ61: =(((S61+R61)*AU61)/100) -> 0 | DN61: 0 | DO61: 0 | DP61: 1 | DQ61: 1 | DU61: 1009 | DV61: кг | DW61: кг | DX61: 1 | EE61: 16609187 | EF61: 6 | EG61: Ремонтно-строительные работы | EH61: 0 | EJ61: 1 | EK61: 62001 | EL61: Малярные работы | EM61: рФЕР-62 | EQ61: 0 | ER61: 78.24 | ES61: 78.24 | ET61: 0 | EU61: 0 | EV61: 0 | EW61: 0 | EX61: 0 | FQ61: 0 | FR61: =ROUND(IF(AND(BH61=3,BI61=3),P61,0),2) -> 0 | FS61: 0 | FX61: 80 | FY61: 50 | GD61: 0 | GF61: -1606209856 | GG61: 1 | GH61: 1 | GI61: 4 | GJ61: 0 | GK61: =ROUND(R61*(R12)/100,2) -> 0 | GL61: =ROUND(IF(AND(BH61=3,BI61=3,FS61<>0),P61,0),2) -> 0 | GM61: =ROUND(O61+X61+Y61+GK61,2)+GX61 -> 2591.01 | GN61: =IF(OR(BI61=0,BI61=1),ROUND(O61+X61+Y61+GK61,2),0) -> 2591.01 | GO61: =IF(BI61=2,ROUND(O61+X61+Y61+GK61,2),0) -> 0 | GP61: =IF(BI61=4,ROUND(O61+X61+Y61+GK61,2)+GX61,0) -> 0 | GR61: 0 | GS61: 3 | GT61: 0 | GV61: =ROUND(GT61,2) -> 0 | GW61: 1 | GX61: =ROUND(GV61*GW61*I61,2) -> 0 | HA61: 0 | HB61: 0 | IK61: 0
A62: 17 | B62: 1 | C62: =ROW(SmtRes!A123) -> 123 | D62: =ROW(EtalonRes!A134) -> 134 | E62: 24 | F62: 09-03-050-01 | G62: Обрамление металлическим уголком ограждения балкона | H62: 100 м | I62: =ROUND(16/100,9) -> 0.16 | J62: 0 | O62: =ROUND(CP62,2) -> 158.68 | P62: =ROUND(CQ62*I62,2) -> 0 | Q62: =ROUND(CR62*I62,2) -> 4.64 | R62: =ROUND(CS62*I62,2) -> 0.82 | S62: =ROUND(CT62*I62,2) -> 154.04 | T62: =ROUND(CU62*I62,2) -> 0 | U62: =CV62*I62 -> 2.3552 | V62: =CW62*I62 -> 0.01 | W62: =ROUND(CX62*I62,2) -> 0 | X62: =ROUND(CY62,2) -> 125.44 | Y62: =ROUND(CZ62,2) -> 111.5 | AA62: 16612262 | AB62: =ROUND((AC62+AD62+AF62),2) -> 140.87 | AC62: =ROUND((ES62),2) -> 0 | AD62: =ROUND(((((ET62*1.25))-((EU62*1.25)))+AE62),2) -> 4.12 | AE62: =ROUND(((EU62*1.25)),2) -> 0.73 | AF62: =ROUND(((EV62*1.15)),2) -> 136.75 | AG62: =ROUND((AP62),2) -> 0 | AH62: =((EW62*1.15)) -> 14.72 | AI62: =((EX62*1.25)) -> 0.0625 | AJ62: =ROUND((AS62),2) -> 0 | AK62: 122.2 | AL62: 0 | AM62: 3.29 | AN62: 0.58 | AO62: 118.91 | AP62: 0 | AQ62: 12.8 | AR62: 0.05 | AS62: 0 | AT62: 81 | AU62: 72 | AV62: 1 | AW62: 1 | AZ62: 7.04 | BA62: 7.04 | BB62: 7.04 | BC62: 7.04 | BH62: 0 | BI62: 1 | BJ62: ФЕР-2001, 09-03-050-01, приказ Минстроя России №1039/пр от 30.12.2016г. | BM62: 9001 | BN62: 0 | BP62: 0 | BQ62: 2 | BR62: 0 | BS62: 7.04 | BT62: 1 | BU62: 1 | BV62: 1 | BW62: 1 | BX62: 1 | BZ62: 90 | CA62: 85 | CF62: 0 | CG62: 0 | CM62: 0 | CN62: Поправка: МДС 81-35.2004, п.4.7 Наименование: Работы, выполняемые при реконструкции зданий и сооружений работы, аналогичные технологическим процессам в новом строительстве (в том числе возведение новых конструктивных элементов) стоимость которых определена по соответствующим сборникам ФЕР, кроме сборника № 46 «Работы при реконструкции зданий и сооружений» | CO62: 0 | CP62: =(P62+Q62+S62) -> 158.68 | CQ62: =AC62*BC62 -> 0 | CR62: =AD62*BB62 -> 29.0048 | CS62: =AE62*BS62 -> 5.1392 | CT62: =AF62*BA62 -> 962.72 | CU62: =AG62 -> 0 | CV62: =AH62 -> 14.72 | CW62: =AI62 -> 0.0625 | CX62: =AJ62 -> 0 | CY62: =(((S62+R62)*AT62)/100) -> 125.4366 | CZ62: =(((S62+R62)*AU62)/100) -> 111.4992 | DE62: )*1,25 | DF62: )*1,25 | DG62: )*1,15 | DI62: )*1,15 | DJ62: )*1,25 | DN62: 0 | DO62: 0 | DP62: 1 | DQ62: 1 | DU62: 1003 | DV62: 100 м | DW62: 100 м | DX62: 100 | EE62: 16609106 | EF62: 2 | EG62: Общестроительные работы | EH62: 0 | EJ62: 1 | EK62: 9001 | EL62: Металлические конструкции | EM62: ФЕР-09 | EO62: Поправка: МДС 81-35.2004, п.4.7 | EQ62: 131072 | ER62: 122.2 | ES62: 0 | ET62: 3.29 | EU62: 0.58 | EV62: 118.91 | EW62: 12.8 | EX62: 0.05 | EY62: 0 | FQ62: 0 | FR62: =ROUND(IF(AND(BH62=3,BI62=3),P62,0),2) -> 0 | FS62: 0 | FT62: *0,9 | FU62: *0,85 | FX62: 81 | FY62: 72.25 | GD62: 0 | GF62: -1646399505 | GG62: 1 | GH62: 1 | GI62: 4 | GJ62: 0 | GK62: =ROUND(R62*(R12)/100,2) -> 0 | GL62: =ROUND(IF(AND(BH62=3,BI62=3,FS62<>0),P62,0),2) -> 0 | GM62: =ROUND(O62+X62+Y62+GK62,2)+GX62 -> 395.62 | GN62: =IF(OR(BI62=0,BI62=1),ROUND(O62+X62+Y62+GK62,2),0) -> 395.62 | GO62: =IF(BI62=2,ROUND(O62+X62+Y62+GK62,2),0) -> 0 | GP62: =IF(BI62=4,ROUND(O62+X62+Y62+GK62,2)+GX62,0) -> 0 | GR62: 0 | GS62: 3 | GT62: 0 | GV62: =ROUND(GT62,2) -> 0 | GW62: 1 | GX62: =ROUND(GV62*GW62*I62,2) -> 0 | HA62: 0 | HB62: 0 | IK62: 0
A63: 18 | B63: 1 | C63: 123 | E63: 24,1 | F63: 01.5.02.01-0151 | G63: Уголки металлические оцинкованные прижимные (ТУ 5262-002- 73088633-09) размером 40х40х4мм | H63: т | I63: =I62*J63 -> 0.00064 | J63: 0.004 | O63: =ROUND(CP63,2) -> 23.01 | P63: =ROUND(CQ63*I63,2) -> 23.01 | Q63: =ROUND(CR63*I63,2) -> 0 | R63: =ROUND(CS63*I63,2) -> 0 | S63: =ROUND(CT63*I63,2) -> 0 | T63: =ROUND(CU63*I63,2) -> 0 | U63: =CV63*I63 -> 0 | V63: =CW63*I63 -> 0 | W63: =ROUND(CX63*I63,2) -> 0 | X63: =ROUND(CY63,2) -> 0 | Y63: =ROUND(CZ63,2) -> 0 | AA63: 16612262 | AB63: =ROUND((AC63+AD63+AF63),2) -> 5106.21 | AC63: =ROUND((ES63),2) -> 5106.21 | AD63: =ROUND((((ET63)-(EU63))+AE63),2) -> 0 | AE63: =ROUND((EU63),2) -> 0 | AF63: =ROUND((EV63),2) -> 0 | AG63: =ROUND((AP63),2) -> 0 | AH63: =(EW63) -> 0 | AI63: =(EX63) -> 0 | AJ63: =ROUND((AS63),2) -> 0 | AK63: 5106.21 | AL63: 5106.21 | AM63: 0 | AN63: 0 | AO63: 0 | AP63: 0 | AQ63: 0 | AR63: 0 | AS63: 0 | AT63: 81 | AU63: 72 | AV63: 1 | AW63: 1 | AZ63: 7.04 | BA63: 1 | BB63: 1 | BC63: 7.04 | BH63: 3 | BI63: 1 | BJ63: ФССЦ-2001, 01.5.02.01-0151, приказ Минстроя России №1039/пр от 30.12.2016г. | BM63: 9001 | BN63: 0 | BP63: 0 | BQ63: 2 | BR63: 0 | BS63: 1 | BT63: 1 | BU63: 1 | BV63: 1 | BW63: 1 | BX63: 1 | BZ63: 90 | CA63: 85 | CF63: 0 | CG63: 0 | CM63: 0 | CO63: 0 | CP63: =(P63+Q63+S63) -> 23.01 | CQ63: =AC63*BC63 -> 35947.718 | CR63: =AD63*BB63 -> 0 | CS63: =AE63*BS63 -> 0 | CT63: =AF63*BA63 -> 0 | CU63: =AG63 -> 0 | CV63: =AH63 -> 0 | CW63: =AI63 -> 0 | CX63: =AJ63 -> 0 | CY63: =(((S63+R63)*AT63)/100) -> 0 | CZ63: =(((S63+R63)*AU63)/100) -> 0 | DN63: 0 | DO63: 0 | DP63: 1 | DQ63: 1 | DU63: 1009 | DV63: т | DW63: т | DX63: 1000 | EE63: 16609106 | EF63: 2 | EG63: Общестроительные работы | EH63: 0 | EJ63: 1 | EK63: 9001 | EL63: Металлические конструкции | EM63: ФЕР-09 | EQ63: 0 | ER63: 5106.21 | ES63: 5106.21 | ET63: 0 | EU63: 0 | EV63: 0 | EW63: 0 | EX63: 0 | FQ63: 0 | FR63: =ROUND(IF(AND(BH63=3,BI63=3),P63,0),2) -> 0 | FS63: 0 | FT63: *0,9 | FU63: *0,85 | FX63: 81 | FY63: 72.25 | GD63: 0 | GF63: 291228826 | GG63: 1 | GH63: 1 | GI63: 4 | GJ63: 0 | GK63: =ROUND(R63*(R12)/100,2) -> 0 | GL63: =ROUND(IF(AND(BH63=3,BI63=3,FS63<>0),P63,0),2) -> 0 | GM63: =ROUND(O63+X63+Y63+GK63,2)+GX63 -> 23.01 | GN63: =IF(OR(BI63=0,BI63=1),ROUND(O63+X63+Y63+GK63,2),0) -> 23.01 | GO63: =IF(BI63=2,ROUND(O63+X63+Y63+GK63,2),0) -> 0 | GP63: =IF(BI63=4,ROUND(O63+X63+Y63+GK63,2)+GX63,0) -> 0 | GR63: 0 | GS63: 3 | GT63: 0 | GV63: =ROUND(GT63,2) -> 0 | GW63: 1 | GX63: =ROUND(GV63*GW63*I63,2) -> 0 | HA63: 0 | HB63: 0 | IK63: 0
A64: 17 | B64: 1 | C64: =ROW(SmtRes!A130) -> 130 | D64: =ROW(EtalonRes!A141) -> 141 | E64: 25 | F64: 15-04-030-04 | G64: Масляная окраска металлических поверхностей решеток, переплетов, труб диаметром менее 50 мм и т.п., количество окрасок 2 | H64: 100 м2 | I64: =ROUND(1.28/100,9) -> 0.0128 | J64: 0 | O64: =ROUND(CP64,2) -> 73.48 | P64: =ROUND(CQ64*I64,2) -> 7.98 | Q64: =ROUND(CR64*I64,2) -> 0.26 | R64: =ROUND(CS64*I64,2) -> 0.05 | S64: =ROUND(CT64*I64,2) -> 65.24 | T64: =ROUND(CU64*I64,2) -> 0 | U64: =CV64*I64 -> 1.0460032 | V64: =CW64*I64 -> 0.00064 | W64: =ROUND(CX64*I64,2) -> 0 | X64: =ROUND(CY64,2) -> 62.03 | Y64: =ROUND(CZ64,2) -> 30.69 | AA64: 16612262 | AB64: =ROUND((AC64+AD64+AF64),2) -> 815.45 | AC64: =ROUND((ES64),2) -> 88.57 | AD64: =ROUND(((((ET64*1.25))-((EU64*1.25)))+AE64),2) -> 2.85 | AE64: =ROUND(((EU64*1.25)),2) -> 0.61 | AF64: =ROUND(((EV64*1.15)),2) -> 724.03 | AG64: =ROUND((AP64),2) -> 0 | AH64: =((EW64*1.15)) -> 81.719 | AI64: =((EX64*1.25)) -> 0.05 | AJ64: =ROUND((AS64),2) -> 0 | AK64: 720.44 | AL64: 88.57 | AM64: 2.28 | AN64: 0.49 | AO64: 629.59 | AP64: 0 | AQ64: 71.06 | AR64: 0.04 | AS64: 0 | AT64: 95 | AU64: 47 | AV64: 1 | AW64: 1 | AZ64: 7.04 | BA64: 7.04 | BB64: 7.04 | BC64: 7.04 | BH64: 0 | BI64: 1 | BJ64: ФЕР-2001, 15-04-030-04, приказ Минстроя России №1039/пр от 30.12.2016г. | BM64: 15001 | BN64: 0 | BP64: 0 | BQ64: 2 | BR64: 0 | BS64: 7.04 | BT64: 1 | BU64: 1 | BV64: 1 | BW64: 1 | BX64: 1 | BZ64: 105 | CA64: 55 | CF64: 0 | CG64: 0 | CM64: 0 | CN64: Поправка: МДС 81-35.2004, п.4.7 Наименование: Работы, выполняемые при реконструкции зданий и сооружений работы, аналогичные технологическим процессам в новом строительстве (в том числе возведение новых конструктивных элементов) стоимость которых определена по соответствующим сборникам ФЕР, кроме сборника № 46 «Работы при реконструкции зданий и сооружений» | CO64: 0 | CP64: =(P64+Q64+S64) -> 73.48 | CQ64: =AC64*BC64 -> 623.5328 | CR64: =AD64*BB64 -> 20.064 | CS64: =AE64*BS64 -> 4.2944 | CT64: =AF64*BA64 -> 5097.1712 | CU64: =AG64 -> 0 | CV64: =AH64 -> 81.719 | CW64: =AI64 -> 0.05 | CX64: =AJ64 -> 0 | CY64: =(((S64+R64)*AT64)/100) -> 62.0255 | CZ64: =(((S64+R64)*AU64)/100) -> 30.6863 | DE64: )*1,25 | DF64: )*1,25 | DG64: )*1,15 | DI64: )*1,15 | DJ64: )*1,25 | DN64: 0 | DO64: 0 | DP64: 1 | DQ64: 1 | DU64: 1005 | DV64: 100 м2 | DW64: 100 м2 | DX64: 100 | EE64: 16609130 | EF64: 2 | EG64: Общестроительные работы | EH64: 0 | EJ64: 1 | EK64: 15001 | EL64: Отделочные работы | EM64: ФЕР-15 | EO64: Поправка: МДС 81-35.2004, п.4.7 | EQ64: 131072 | ER64: 720.44 | ES64: 88.57 | ET64: 2.28 | EU64: 0.49 | EV64: 629.59 | EW64: 71.06 | EX64: 0.04 | EY64: 0 | FQ64: 0 | FR64: =ROUND(IF(AND(BH64=3,BI64=3),P64,0),2) -> 0 | FS64: 0 | FT64: *0,9 | FU64: *0,85 | FX64: 94.5 | FY64: 46.75 | GD64: 0 | GF64: -1311473070 | GG64: 1 | GH64: 1 | GI64: 4 | GJ64: 0 | GK64: =ROUND(R64*(R12)/100,2) -> 0 | GL64: =ROUND(IF(AND(BH64=3,BI64=3,FS64<>0),P64,0),2) -> 0 | GM64: =ROUND(O64+X64+Y64+GK64,2)+GX64 -> 166.2 | GN64: =IF(OR(BI64=0,BI64=1),ROUND(O64+X64+Y64+GK64,2),0) -> 166.2 | GO64: =IF(BI64=2,ROUND(O64+X64+Y64+GK64,2),0) -> 0 | GP64: =IF(BI64=4,ROUND(O64+X64+Y64+GK64,2)+GX64,0) -> 0 | GR64: 0 | GS64: 3 | GT64: 0 | GV64: =ROUND(GT64,2) -> 0 | GW64: 1 | GX64: =ROUND(GV64*GW64*I64,2) -> 0 | HA64: 0 | HB64: 0 | IK64: 0
A65: 18 | B65: 1 | C65: 129 | E65: 25,1 | F65: 14.4.04.08-0004 | G65: Эмаль ПФ-115 | H65: кг | I65: =I64*J65 -> 0.315 | J65: 24.609375 | O65: =ROUND(CP65,2) -> 36.95 | P65: =ROUND(CQ65*I65,2) -> 36.95 | Q65: =ROUND(CR65*I65,2) -> 0 | R65: =ROUND(CS65*I65,2) -> 0 | S65: =ROUND(CT65*I65,2) -> 0 | T65: =ROUND(CU65*I65,2) -> 0 | U65: =CV65*I65 -> 0 | V65: =CW65*I65 -> 0 | W65: =ROUND(CX65*I65,2) -> 0 | X65: =ROUND(CY65,2) -> 0 | Y65: =ROUND(CZ65,2) -> 0 | AA65: 16612262 | AB65: =ROUND((AC65+AD65+AF65),2) -> 16.66 | AC65: =ROUND((ES65),2) -> 16.66 | AD65: =ROUND((((ET65)-(EU65))+AE65),2) -> 0 | AE65: =ROUND((EU65),2) -> 0 | AF65: =ROUND((EV65),2) -> 0 | AG65: =ROUND((AP65),2) -> 0 | AH65: =(EW65) -> 0 | AI65: =(EX65) -> 0 | AJ65: =ROUND((AS65),2) -> 0 | AK65: 16.66 | AL65: 16.66 | AM65: 0 | AN65: 0 | AO65: 0 | AP65: 0 | AQ65: 0 | AR65: 0 | AS65: 0 | AT65: 95 | AU65: 47 | AV65: 1 | AW65: 1 | AZ65: 7.04 | BA65: 1 | BB65: 1 | BC65: 7.04 | BH65: 3 | BI65: 1 | BJ65: ФССЦ-2001, 14.4.04.08-0004, приказ Минстроя России №1039/пр от 30.12.2016г. | BM65: 15001 | BN65: 0 | BP65: 0 | BQ65: 2 | BR65: 0 | BS65: 1 | BT65: 1 | BU65: 1 | BV65: 1 | BW65: 1 | BX65: 1 | BZ65: 105 | CA65: 55 | CF65: 0 | CG65: 0 | CM65: 0 | CO65: 0 | CP65: =(P65+Q65+S65) -> 36.95 | CQ65: =AC65*BC65 -> 117.2864 | CR65: =AD65*BB65 -> 0 | CS65: =AE65*BS65 -> 0 | CT65: =AF65*BA65 -> 0 | CU65: =AG65 -> 0 | CV65: =AH65 -> 0 | CW65: =AI65 -> 0 | CX65: =AJ65 -> 0 | CY65: =(((S65+R65)*AT65)/100) -> 0 | CZ65: =(((S65+R65)*AU65)/100) -> 0 | DN65: 0 | DO65: 0 | DP65: 1 | DQ65: 1 | DU65: 1009 | DV65: кг | DW65: кг | DX65: 1 | EE65: 16609130 | EF65: 2 | EG65: Общестроительные работы | EH65: 0 | EJ65: 1 | EK65: 15001 | EL65: Отделочные работы | EM65: ФЕР-15 | EQ65: 0 | ER65: 16.66 | ES65: 16.66 | ET65: 0 | EU65: 0 | EV65: 0 | EW65: 0 | EX65: 0 | FQ65: 0 | FR65: =ROUND(IF(AND(BH65=3,BI65=3),P65,0),2) -> 0 | FS65: 0 | FT65: *0,9 | FU65: *0,85 | FX65: 94.5 | FY65: 46.75 | GD65: 0 | GF65: -134063439 | GG65: 1 | GH65: 1 | GI65: 4 | GJ65: 0 | GK65: =ROUND(R65*(R12)/100,2) -> 0 | GL65: =ROUND(IF(AND(BH65=3,BI65=3,FS65<>0),P65,0),2) -> 0 | GM65: =ROUND(O65+X65+Y65+GK65,2)+GX65 -> 36.95 | GN65: =IF(OR(BI65=0,BI65=1),ROUND(O65+X65+Y65+GK65,2),0) -> 36.95 | GO65: =IF(BI65=2,ROUND(O65+X65+Y65+GK65,2),0) -> 0 | GP65: =IF(BI65=4,ROUND(O65+X65+Y65+GK65,2)+GX65,0) -> 0 | GR65: 0 | GS65: 3 | GT65: 0 | GV65: =ROUND(GT65,2) -> 0 | GW65: 1 | GX65: =ROUND(GV65*GW65*I65,2) -> 0 | HA65: 0 | HB65: 0 | IK65: 0
A66: 17 | B66: 1 | C66: =ROW(SmtRes!A135) -> 135 | D66: =ROW(EtalonRes!A146) -> 146 | E66: 26 | F66: 09-04-012-02 | G66: Установка дверного доводчика к металлическим дверям | H66: ШТ | I66: 2 | J66: 0 | O66: =ROUND(CP66,2) -> 225.56 | P66: =ROUND(CQ66*I66,2) -> 10.14 | Q66: =ROUND(CR66*I66,2) -> 37.17 | R66: =ROUND(CS66*I66,2) -> 0 | S66: =ROUND(CT66*I66,2) -> 178.25 | T66: =ROUND(CU66*I66,2) -> 0 | U66: =CV66*I66 -> 2.553 | V66: =CW66*I66 -> 0 | W66: =ROUND(CX66*I66,2) -> 0 | X66: =ROUND(CY66,2) -> 144.38 | Y66: =ROUND(CZ66,2) -> 128.34 | AA66: 16612262 | AB66: =ROUND((AC66+AD66+AF66),2) -> 16.02 | AC66: =ROUND((ES66),2) -> 0.72 | AD66: =ROUND(((((ET66*1.25))-((EU66*1.25)))+AE66),2) -> 2.64 | AE66: =ROUND(((EU66*1.25)),2) -> 0 | AF66: =ROUND(((EV66*1.15)),2) -> 12.66 | AG66: =ROUND((AP66),2) -> 0 | AH66: =((EW66*1.15)) -> 1.2765 | AI66: =((EX66*1.25)) -> 0 | AJ66: =ROUND((AS66),2) -> 0 | AK66: 13.84 | AL66: 0.72 | AM66: 2.11 | AN66: 0 | AO66: 11.01 | AP66: 0 | AQ66: 1.11 | AR66: 0 | AS66: 0 | AT66: 81 | AU66: 72 | AV66: 1 | AW66: 1 | AZ66: 7.04 | BA66: 7.04 | BB66: 7.04 | BC66: 7.04 | BH66: 0 | BI66: 1 | BJ66: ФЕР-2001, 09-04-012-02, приказ Минстроя России №1039/пр от 30.12.2016г. | BM66: 9001 | BN66: 0 | BP66: 0 | BQ66: 2 | BR66: 0 | BS66: 7.04 | BT66: 1 | BU66: 1 | BV66: 1 | BW66: 1 | BX66: 1 | BZ66: 90 | CA66: 85 | CF66: 0 | CG66: 0 | CM66: 0 | CN66: Поправка: МДС 81-35.2004, п.4.7 Наименование: Работы, выполняемые при реконструкции зданий и сооружений работы, аналогичные технологическим процессам в новом строительстве (в том числе возведение новых конструктивных элементов) стоимость которых определена по соответствующим сборникам ФЕР, кроме сборника № 46 «Работы при реконструкции зданий и сооружений» | CO66: 0 | CP66: =(P66+Q66+S66) -> 225.56 | CQ66: =AC66*BC66 -> 5.0688 | CR66: =AD66*BB66 -> 18.5856 | CS66: =AE66*BS66 -> 0 | CT66: =AF66*BA66 -> 89.1264 | CU66: =AG66 -> 0 | CV66: =AH66 -> 1.2765 | CW66: =AI66 -> 0 | CX66: =AJ66 -> 0 | CY66: =(((S66+R66)*AT66)/100) -> 144.3825 | CZ66: =(((S66+R66)*AU66)/100) -> 128.34 | DE66: )*1,25 | DF66: )*1,25 | DG66: )*1,15 | DI66: )*1,15 | DJ66: )*1,25 | DN66: 0 | DO66: 0 | DP66: 1 | DQ66: 1 | DU66: 1013 | DV66: ШТ | DW66: ШТ | DX66: 1 | EE66: 16609106 | EF66: 2 | EG66: Общестроительные работы | EH66: 0 | EJ66: 1 | EK66: 9001 | EL66: Металлические конструкции | EM66: ФЕР-09 | EO66: Поправка: МДС 81-35.2004, п.4.7 | EQ66: 131072 | ER66: 13.84 | ES66: 0.72 | ET66: 2.11 | EU66: 0 | EV66: 11.01 | EW66: 1.11 | EX66: 0 | EY66: 0 | FQ66: 0 | FR66: =ROUND(IF(AND(BH66=3,BI66=3),P66,0),2) -> 0 | FS66: 0 | FT66: *0,9 | FU66: *0,85 | FX66: 81 | FY66: 72.25 | GD66: 0 | GF66: -418508909 | GG66: 1 | GH66: 1 | GI66: 4 | GJ66: 0 | GK66: =ROUND(R66*(R12)/100,2) -> 0 | GL66: =ROUND(IF(AND(BH66=3,BI66=3,FS66<>0),P66,0),2) -> 0 | GM66: =ROUND(O66+X66+Y66+GK66,2)+GX66 -> 498.28 | GN66: =IF(OR(BI66=0,BI66=1),ROUND(O66+X66+Y66+GK66,2),0) -> 498.28 | GO66: =IF(BI66=2,ROUND(O66+X66+Y66+GK66,2),0) -> 0 | GP66: =IF(BI66=4,ROUND(O66+X66+Y66+GK66,2)+GX66,0) -> 0 | GR66: 0 | GS66: 3 | GT66: 0 | GV66: =ROUND(GT66,2) -> 0 | GW66: 1 | GX66: =ROUND(GV66*GW66*I66,2) -> 0 | HA66: 0 | HB66: 0 | IK66: 0
A67: 18 | B67: 1 | C67: 133 | E67: 26,1 | F67: 01.7.04.01-0001 | G67: Доводчик дверной DS 73 BC "Серия Premium", усилие закрывания EN2-5 | H67: шт. | I67: =I66*J67 -> 2 | J67: 1 | O67: =ROUND(CP67,2) -> 5226.5 | P67: =ROUND(CQ67*I67,2) -> 5226.5 | Q67: =ROUND(CR67*I67,2) -> 0 | R67: =ROUND(CS67*I67,2) -> 0 | S67: =ROUND(CT67*I67,2) -> 0 | T67: =ROUND(CU67*I67,2) -> 0 | U67: =CV67*I67 -> 0 | V67: =CW67*I67 -> 0 | W67: =ROUND(CX67*I67,2) -> 0 | X67: =ROUND(CY67,2) -> 0 | Y67: =ROUND(CZ67,2) -> 0 | AA67: 16612262 | AB67: =ROUND((AC67+AD67+AF67),2) -> 371.2 | AC67: =ROUND((ES67),2) -> 371.2 | AD67: =ROUND((((ET67)-(EU67))+AE67),2) -> 0 | AE67: =ROUND((EU67),2) -> 0 | AF67: =ROUND((EV67),2) -> 0 | AG67: =ROUND((AP67),2) -> 0 | AH67: =(EW67) -> 0 | AI67: =(EX67) -> 0 | AJ67: =ROUND((AS67),2) -> 0 | AK67: 371.2 | AL67: 371.2 | AM67: 0 | AN67: 0 | AO67: 0 | AP67: 0 | AQ67: 0 | AR67: 0 | AS67: 0 | AT67: 81 | AU67: 72 | AV67: 1 | AW67: 1 | AZ67: 7.04 | BA67: 1 | BB67: 1 | BC67: 7.04 | BH67: 3 | BI67: 1 | BJ67: ФССЦ-2001, 01.7.04.01-0001, приказ Минстроя России №1039/пр от 30.12.2016г. | BM67: 9001 | BN67: 0 | BP67: 0 | BQ67: 2 | BR67: 0 | BS67: 1 | BT67: 1 | BU67: 1 | BV67: 1 | BW67: 1 | BX67: 1 | BZ67: 90 | CA67: 85 | CF67: 0 | CG67: 0 | CM67: 0 | CO67: 0 | CP67: =(P67+Q67+S67) -> 5226.5 | CQ67: =AC67*BC67 -> 2613.248 | CR67: =AD67*BB67 -> 0 | CS67: =AE67*BS67 -> 0 | CT67: =AF67*BA67 -> 0 | CU67: =AG67 -> 0 | CV67: =AH67 -> 0 | CW67: =AI67 -> 0 | CX67: =AJ67 -> 0 | CY67: =(((S67+R67)*AT67)/100) -> 0 | CZ67: =(((S67+R67)*AU67)/100) -> 0 | DN67: 0 | DO67: 0 | DP67: 1 | DQ67: 1 | DU67: 1010 | DV67: шт. | DW67: шт. | DX67: 1 | EE67: 16609106 | EF67: 2 | EG67: Общестроительные работы | EH67: 0 | EJ67: 1 | EK67: 9001 | EL67: Металлические конструкции | EM67: ФЕР-09 | EQ67: 0 | ER67: 371.2 | ES67: 371.2 | ET67: 0 | EU67: 0 | EV67: 0 | EW67: 0 | EX67: 0 | FQ67: 0 | FR67: =ROUND(IF(AND(BH67=3,BI67=3),P67,0),2) -> 0 | FS67: 0 | FT67: *0,9 | FU67: *0,85 | FX67: 81 | FY67: 72.25 | GD67: 0 | GF67: -462216632 | GG67: 1 | GH67: 1 | GI67: 4 | GJ67: 0 | GK67: =ROUND(R67*(R12)/100,2) -> 0 | GL67: =ROUND(IF(AND(BH67=3,BI67=3,FS67<>0),P67,0),2) -> 0 | GM67: =ROUND(O67+X67+Y67+GK67,2)+GX67 -> 5226.5 | GN67: =IF(OR(BI67=0,BI67=1),ROUND(O67+X67+Y67+GK67,2),0) -> 5226.5 | GO67: =IF(BI67=2,ROUND(O67+X67+Y67+GK67,2),0) -> 0 | GP67: =IF(BI67=4,ROUND(O67+X67+Y67+GK67,2)+GX67,0) -> 0 | GR67: 0 | GS67: 3 | GT67: 0 | GV67: =ROUND(GT67,2) -> 0 | GW67: 1 | GX67: =ROUND(GV67*GW67*I67,2) -> 0 | HA67: 0 | HB67: 0 | IK67: 0
A68: 17 | B68: 1 | C68: =ROW(SmtRes!A143) -> 143 | D68: =ROW(EtalonRes!A154) -> 154 | E68: 27 | F68: 15-04-005-03 | G68: Окраска поливинилацетатными водоэмульсионными составами улучшенная по штукатурке откосов | H68: 100 м2 | I68: =ROUND(32.16/100,9) -> 0.3216 | J68: 0 | O68: =ROUND(CP68,2) -> 1666.22 | P68: =ROUND(CQ68*I68,2) -> 634.62 | Q68: =ROUND(CR68*I68,2) -> 29.68 | R68: =ROUND(CS68*I68,2) -> 5.68 | S68: =ROUND(CT68*I68,2) -> 1001.92 | T68: =ROUND(CU68*I68,2) -> 0 | U68: =CV68*I68 -> 15.866136 | V68: =CW68*I68 -> 0.06834 | W68: =ROUND(CX68*I68,2) -> 0 | X68: =ROUND(CY68,2) -> 957.22 | Y68: =ROUND(CZ68,2) -> 473.57 | AA68: 16612262 | AB68: =ROUND((AC68+AD68+AF68),2) -> 735.94 | AC68: =ROUND((ES68),2) -> 280.3 | AD68: =ROUND(((((ET68*1.25))-((EU68*1.25)))+AE68),2) -> 13.11 | AE68: =ROUND(((EU68*1.25)),2) -> 2.51 | AF68: =ROUND(((EV68*1.15)),2) -> 442.53 | AG68: =ROUND((AP68),2) -> 0 | AH68: =((EW68*1.15)) -> 49.335 | AI68: =((EX68*1.25)) -> 0.2125 | AJ68: =ROUND((AS68),2) -> 0 | AK68: 675.6 | AL68: 280.3 | AM68: 10.49 | AN68: 2.01 | AO68: 384.81 | AP68: 0 | AQ68: 42.9 | AR68: 0.17 | AS68: 0 | AT68: 95 | AU68: 47 | AV68: 1 | AW68: 1 | AZ68: 7.04 | BA68: 7.04 | BB68: 7.04 | BC68: 7.04 | BH68: 0 | BI68: 1 | BJ68: ФЕР-2001, 15-04-005-03, приказ Минстроя России №1039/пр от 30.12.2016г. | BM68: 15001 | BN68: 0 | BP68: 0 | BQ68: 2 | BR68: 0 | BS68: 7.04 | BT68: 1 | BU68: 1 | BV68: 1 | BW68: 1 | BX68: 1 | BZ68: 105 | CA68: 55 | CF68: 0 | CG68: 0 | CM68: 0 | CN68: Поправка: МДС 81-35.2004, п.4.7 Наименование: Работы, выполняемые при реконструкции зданий и сооружений работы, аналогичные технологическим процессам в новом строительстве (в том числе возведение новых конструктивных элементов) стоимость которых определена по соответствующим сборникам ФЕР, кроме сборника № 46 «Работы при реконструкции зданий и сооружений» | CO68: 0 | CP68: =(P68+Q68+S68) -> 1666.22 | CQ68: =AC68*BC68 -> 1973.312 | CR68: =AD68*BB68 -> 92.2944 | CS68: =AE68*BS68 -> 17.6704 | CT68: =AF68*BA68 -> 3115.4112 | CU68: =AG68 -> 0 | CV68: =AH68 -> 49.335 | CW68: =AI68 -> 0.2125 | CX68: =AJ68 -> 0 | CY68: =(((S68+R68)*AT68)/100) -> 957.22 | CZ68: =(((S68+R68)*AU68)/100) -> 473.572 | DE68: )*1,25 | DF68: )*1,25 | DG68: )*1,15 | DI68: )*1,15 | DJ68: )*1,25 | DN68: 0 | DO68: 0 | DP68: 1 | DQ68: 1 | DU68: 1005 | DV68: 100 м2 | DW68: 100 м2 | DX68: 100 | EE68: 16609130 | EF68: 2 | EG68: Общестроительные работы | EH68: 0 | EJ68: 1 | EK68: 15001 | EL68: Отделочные работы | EM68: ФЕР-15 | EO68: Поправка: МДС 81-35.2004, п.4.7 | EQ68: 131072 | ER68: 675.6 | ES68: 280.3 | ET68: 10.49 | EU68: 2.01 | EV68: 384.81 | EW68: 42.9 | EX68: 0.17 | EY68: 0 | FQ68: 0 | FR68: =ROUND(IF(AND(BH68=3,BI68=3),P68,0),2) -> 0 | FS68: 0 | FT68: *0,9 | FU68: *0,85 | FX68: 94.5 | FY68: 46.75 | GD68: 0 | GF68: 1944878748 | GG68: 1 | GH68: 1 | GI68: 4 | GJ68: 0 | GK68: =ROUND(R68*(R12)/100,2) -> 0 | GL68: =ROUND(IF(AND(BH68=3,BI68=3,FS68<>0),P68,0),2) -> 0 | GM68: =ROUND(O68+X68+Y68+GK68,2)+GX68 -> 3097.01 | GN68: =IF(OR(BI68=0,BI68=1),ROUND(O68+X68+Y68+GK68,2),0) -> 3097.01 | GO68: =IF(BI68=2,ROUND(O68+X68+Y68+GK68,2),0) -> 0 | GP68: =IF(BI68=4,ROUND(O68+X68+Y68+GK68,2)+GX68,0) -> 0 | GR68: 0 | GS68: 3 | GT68: 0 | GV68: =ROUND(GT68,2) -> 0 | GW68: 1 | GX68: =ROUND(GV68*GW68*I68,2) -> 0 | HA68: 0 | HB68: 0 | IK68: 0
A69: 18 | B69: 1 | C69: 142 | E69: 27,1 | F69: 14.3.02.01-0219 | G69: Краска акриловая "Олимп Гамма" | H69: т | I69: =I68*J69 -> 0.020261 | J69: 0.063000622 | O69: =ROUND(CP69,2) -> 2208.17 | P69: =ROUND(CQ69*I69,2) -> 2208.17 | Q69: =ROUND(CR69*I69,2) -> 0 | R69: =ROUND(CS69*I69,2) -> 0 | S69: =ROUND(CT69*I69,2) -> 0 | T69: =ROUND(CU69*I69,2) -> 0 | U69: =CV69*I69 -> 0 | V69: =CW69*I69 -> 0 | W69: =ROUND(CX69*I69,2) -> 0 | X69: =ROUND(CY69,2) -> 0 | Y69: =ROUND(CZ69,2) -> 0 | AA69: 16612262 | AB69: =ROUND((AC69+AD69+AF69),2) -> 15481 | AC69: =ROUND((ES69),2) -> 15481 | AD69: =ROUND((((ET69)-(EU69))+AE69),2) -> 0 | AE69: =ROUND((EU69),2) -> 0 | AF69: =ROUND((EV69),2) -> 0 | AG69: =ROUND((AP69),2) -> 0 | AH69: =(EW69) -> 0 | AI69: =(EX69) -> 0 | AJ69: =ROUND((AS69),2) -> 0 | AK69: 15481 | AL69: 15481 | AM69: 0 | AN69: 0 | AO69: 0 | AP69: 0 | AQ69: 0 | AR69: 0 | AS69: 0 | AT69: 95 | AU69: 47 | AV69: 1 | AW69: 1 | AZ69: 7.04 | BA69: 1 | BB69: 1 | BC69: 7.04 | BH69: 3 | BI69: 1 | BJ69: ФССЦ-2001, 14.3.02.01-0219, приказ Минстроя России №1039/пр от 30.12.2016г. | BM69: 15001 | BN69: 0 | BP69: 0 | BQ69: 2 | BR69: 0 | BS69: 1 | BT69: 1 | BU69: 1 | BV69: 1 | BW69: 1 | BX69: 1 | BZ69: 105 | CA69: 55 | CF69: 0 | CG69: 0 | CM69: 0 | CO69: 0 | CP69: =(P69+Q69+S69) -> 2208.17 | CQ69: =AC69*BC69 -> 108986.24 | CR69: =AD69*BB69 -> 0 | CS69: =AE69*BS69 -> 0 | CT69: =AF69*BA69 -> 0 | CU69: =AG69 -> 0 | CV69: =AH69 -> 0 | CW69: =AI69 -> 0 | CX69: =AJ69 -> 0 | CY69: =(((S69+R69)*AT69)/100) -> 0 | CZ69: =(((S69+R69)*AU69)/100) -> 0 | DN69: 0 | DO69: 0 | DP69: 1 | DQ69: 1 | DU69: 1009 | DV69: т | DW69: т | DX69: 1000 | EE69: 16609130 | EF69: 2 | EG69: Общестроительные работы | EH69: 0 | EJ69: 1 | EK69: 15001 | EL69: Отделочные работы | EM69: ФЕР-15 | EQ69: 0 | ER69: 15481 | ES69: 15481 | ET69: 0 | EU69: 0 | EV69: 0 | EW69: 0 | EX69: 0 | FQ69: 0 | FR69: =ROUND(IF(AND(BH69=3,BI69=3),P69,0),2) -> 0 | FS69: 0 | FT69: *0,9 | FU69: *0,85 | FX69: 94.5 | FY69: 46.75 | GD69: 0 | GF69: 108915477 | GG69: 1 | GH69: 1 | GI69: 4 | GJ69: 0 | GK69: =ROUND(R69*(R12)/100,2) -> 0 | GL69: =ROUND(IF(AND(BH69=3,BI69=3,FS69<>0),P69,0),2) -> 0 | GM69: =ROUND(O69+X69+Y69+GK69,2)+GX69 -> 2208.17 | GN69: =IF(OR(BI69=0,BI69=1),ROUND(O69+X69+Y69+GK69,2),0) -> 2208.17 | GO69: =IF(BI69=2,ROUND(O69+X69+Y69+GK69,2),0) -> 0 | GP69: =IF(BI69=4,ROUND(O69+X69+Y69+GK69,2)+GX69,0) -> 0 | GR69: 0 | GS69: 3 | GT69: 0 | GV69: =ROUND(GT69,2) -> 0 | GW69: 1 | GX69: =ROUND(GV69*GW69*I69,2) -> 0 | HA69: 0 | HB69: 0 | IK69: 0
A70: 17 | B70: 1 | C70: =ROW(SmtRes!A147) -> 147 | D70: =ROW(EtalonRes!A157) -> 157 | E70: 28 | F70: 11-01-049-01 | G70: Укладка металлического накладного профиля (порога) | H70: 100 м | I70: =ROUND(28/100,9) -> 0.28 | J70: 0 | O70: =ROUND(CP70,2) -> 488.14 | P70: =ROUND(CQ70*I70,2) -> 158.48 | Q70: =ROUND(CR70*I70,2) -> 0 | R70: =ROUND(CS70*I70,2) -> 0 | S70: =ROUND(CT70*I70,2) -> 329.66 | T70: =ROUND(CU70*I70,2) -> 0 | U70: =CV70*I70 -> 5.35808 | V70: =CW70*I70 -> 0 | W70: =ROUND(CX70*I70,2) -> 0 | X70: =ROUND(CY70,2) -> 365.92 | Y70: =ROUND(CZ70,2) -> 210.98 | AA70: 16612262 | AB70: =ROUND((AC70+AD70+AF70),2) -> 247.64 | AC70: =ROUND((ES70),2) -> 80.4 | AD70: =ROUND(((((ET70*1.25))-((EU70*1.25)))+AE70),2) -> 0 | AE70: =ROUND(((EU70*1.25)),2) -> 0 | AF70: =ROUND(((EV70*1.15)),2) -> 167.24 | AG70: =ROUND((AP70),2) -> 0 | AH70: =((EW70*1.15)) -> 19.136 | AI70: =((EX70*1.25)) -> 0 | AJ70: =ROUND((AS70),2) -> 0 | AK70: 225.83 | AL70: 80.4 | AM70: 0 | AN70: 0 | AO70: 145.43 | AP70: 0 | AQ70: 16.64 | AR70: 0 | AS70: 0 | AT70: 111 | AU70: 64 | AV70: 1 | AW70: 1 | AZ70: 7.04 | BA70: 7.04 | BB70: 7.04 | BC70: 7.04 | BH70: 0 | BI70: 1 | BJ70: ФЕР-2001, 11-01-049-01, приказ Минстроя России №1039/пр от 30.12.2016г. | BM70: 11001 | BN70: 0 | BP70: 0 | BQ70: 2 | BR70: 0 | BS70: 7.04 | BT70: 1 | BU70: 1 | BV70: 1 | BW70: 1 | BX70: 1 | BZ70: 123 | CA70: 75 | CF70: 0 | CG70: 0 | CM70: 0 | CN70: Поправка: МДС 81-35.2004, п.4.7 Наименование: Работы, выполняемые при реконструкции зданий и сооружений работы, аналогичные технологическим процессам в новом строительстве (в том числе возведение новых конструктивных элементов) стоимость которых определена по соответствующим сборникам ФЕР, кроме сборника № 46 «Работы при реконструкции зданий и сооружений» | CO70: 0 | CP70: =(P70+Q70+S70) -> 488.14 | CQ70: =AC70*BC70 -> 566.016 | CR70: =AD70*BB70 -> 0 | CS70: =AE70*BS70 -> 0 | CT70: =AF70*BA70 -> 1177.3696 | CU70: =AG70 -> 0 | CV70: =AH70 -> 19.136 | CW70: =AI70 -> 0 | CX70: =AJ70 -> 0 | CY70: =(((S70+R70)*AT70)/100) -> 365.9226 | CZ70: =(((S70+R70)*AU70)/100) -> 210.9824 | DE70: )*1,25 | DF70: )*1,25 | DG70: )*1,15 | DI70: )*1,15 | DJ70: )*1,25 | DN70: 0 | DO70: 0 | DP70: 1 | DQ70: 1 | DU70: 1003 | DV70: 100 м | DW70: 100 м | DX70: 100 | EE70: 16609108 | EF70: 2 | EG70: Общестроительные работы | EH70: 0 | EJ70: 1 | EK70: 11001 | EL70: Полы | EM70: ФЕР-11 | EO70: Поправка: МДС 81-35.2004, п.4.7 | EQ70: 131072 | ER70: 225.83 | ES70: 80.4 | ET70: 0 | EU70: 0 | EV70: 145.43 | EW70: 16.64 | EX70: 0 | EY70: 0 | FQ70: 0 | FR70: =ROUND(IF(AND(BH70=3,BI70=3),P70,0),2) -> 0 | FS70: 0 | FT70: *0,9 | FU70: *0,85 | FX70: 110.7 | FY70: 63.75 | GD70: 0 | GF70: 30217037 | GG70: 1 | GH70: 1 | GI70: 4 | GJ70: 0 | GK70: =ROUND(R70*(R12)/100,2) -> 0 | GL70: =ROUND(IF(AND(BH70=3,BI70=3,FS70<>0),P70,0),2) -> 0 | GM70: =ROUND(O70+X70+Y70+GK70,2)+GX70 -> 1065.04 | GN70: =IF(OR(BI70=0,BI70=1),ROUND(O70+X70+Y70+GK70,2),0) -> 1065.04 | GO70: =IF(BI70=2,ROUND(O70+X70+Y70+GK70,2),0) -> 0 | GP70: =IF(BI70=4,ROUND(O70+X70+Y70+GK70,2)+GX70,0) -> 0 | GR70: 0 | GS70: 3 | GT70: 0 | GV70: =ROUND(GT70,2) -> 0 | GW70: 1 | GX70: =ROUND(GV70*GW70*I70,2) -> 0 | HA70: 0 | HB70: 0 | IK70: 0
A71: 18 | B71: 1 | C71: 146 | E71: 28,1 | F71: 09.2.03.02 | G71: Профили стыкоперекрывающие из алюминиевых сплавов (порожки) с покрытием | H71: м | I71: =I70*J71 -> 29.4 | J71: 105 | O71: =ROUND(CP71,2) -> 0 | P71: =ROUND(CQ71*I71,2) -> 0 | Q71: =ROUND(CR71*I71,2) -> 0 | R71: =ROUND(CS71*I71,2) -> 0 | S71: =ROUND(CT71*I71,2) -> 0 | T71: =ROUND(CU71*I71,2) -> 0 | U71: =CV71*I71 -> 0 | V71: =CW71*I71 -> 0 | W71: =ROUND(CX71*I71,2) -> 0 | X71: =ROUND(CY71,2) -> 0 | Y71: =ROUND(CZ71,2) -> 0 | AA71: 16612262 | AB71: =ROUND((AC71+AD71+AF71),2) -> 0 | AC71: =ROUND((ES71),2) -> 0 | AD71: =ROUND((((ET71)-(EU71))+AE71),2) -> 0 | AE71: =ROUND((EU71),2) -> 0 | AF71: =ROUND((EV71),2) -> 0 | AG71: =ROUND((AP71),2) -> 0 | AH71: =(EW71) -> 0 | AI71: =(EX71) -> 0 | AJ71: =ROUND((AS71),2) -> 0 | AK71: 0 | AL71: 0 | AM71: 0 | AN71: 0 | AO71: 0 | AP71: 0 | AQ71: 0 | AR71: 0 | AS71: 0 | AT71: 111 | AU71: 64 | AV71: 1 | AW71: 1 | AZ71: 7.04 | BA71: 1 | BB71: 1 | BC71: 7.04 | BH71: 3 | BI71: 1 | BM71: 11001 | BN71: 0 | BP71: 0 | BQ71: 2 | BR71: 0 | BS71: 1 | BT71: 1 | BU71: 1 | BV71: 1 | BW71: 1 | BX71: 1 | BZ71: 123 | CA71: 75 | CF71: 0 | CG71: 0 | CM71: 0 | CO71: 0 | CP71: =(P71+Q71+S71) -> 0 | CQ71: =AC71*BC71 -> 0 | CR71: =AD71*BB71 -> 0 | CS71: =AE71*BS71 -> 0 | CT71: =AF71*BA71 -> 0 | CU71: =AG71 -> 0 | CV71: =AH71 -> 0 | CW71: =AI71 -> 0 | CX71: =AJ71 -> 0 | CY71: =(((S71+R71)*AT71)/100) -> 0 | CZ71: =(((S71+R71)*AU71)/100) -> 0 | DN71: 0 | DO71: 0 | DP71: 1 | DQ71: 1 | DU71: 1003 | DV71: м | DW71: м | DX71: 1 | EE71: 16609108 | EF71: 2 | EG71: Общестроительные работы | EH71: 0 | EJ71: 1 | EK71: 11001 | EL71: Полы | EM71: ФЕР-11 | EQ71: 0 | ER71: 0 | ES71: 0 | ET71: 0 | EU71: 0 | EV71: 0 | EW71: 0 | EX71: 0 | FQ71: 0 | FR71: =ROUND(IF(AND(BH71=3,BI71=3),P71,0),2) -> 0 | FS71: 0 | FT71: *0,9 | FU71: *0,85 | FX71: 110.7 | FY71: 63.75 | GD71: 0 | GF71: 2101938969 | GG71: 1 | GH71: 1 | GI71: 4 | GJ71: 0 | GK71: =ROUND(R71*(R12)/100,2) -> 0 | GL71: =ROUND(IF(AND(BH71=3,BI71=3,FS71<>0),P71,0),2) -> 0 | GM71: =ROUND(O71+X71+Y71+GK71,2)+GX71 -> 0 | GN71: =IF(OR(BI71=0,BI71=1),ROUND(O71+X71+Y71+GK71,2),0) -> 0 | GO71: =IF(BI71=2,ROUND(O71+X71+Y71+GK71,2),0) -> 0 | GP71: =IF(BI71=4,ROUND(O71+X71+Y71+GK71,2)+GX71,0) -> 0 | GR71: 0 | GS71: 3 | GT71: 0 | GV71: =ROUND(GT71,2) -> 0 | GW71: 1 | GX71: =ROUND(GV71*GW71*I71,2) -> 0 | HA71: 0 | HB71: 0 | IK71: 0
A72: 18 | B72: 1 | C72: 147 | E72: 28,2 | F72: 09.2.03.02-0022 | G72: Профили стыкоперекрывающие из алюминиевых сплавов (порожки) с покрытием, шириной 60 мм | H72: м | I72: =I70*J72 -> 29.4 | J72: 105 | O72: =ROUND(CP72,2) -> 4673.52 | P72: =ROUND(CQ72*I72,2) -> 4673.52 | Q72: =ROUND(CR72*I72,2) -> 0 | R72: =ROUND(CS72*I72,2) -> 0 | S72: =ROUND(CT72*I72,2) -> 0 | T72: =ROUND(CU72*I72,2) -> 0 | U72: =CV72*I72 -> 0 | V72: =CW72*I72 -> 0 | W72: =ROUND(CX72*I72,2) -> 0 | X72: =ROUND(CY72,2) -> 0 | Y72: =ROUND(CZ72,2) -> 0 | AA72: 16612262 | AB72: =ROUND((AC72+AD72+AF72),2) -> 22.58 | AC72: =ROUND((ES72),2) -> 22.58 | AD72: =ROUND((((ET72)-(EU72))+AE72),2) -> 0 | AE72: =ROUND((EU72),2) -> 0 | AF72: =ROUND((EV72),2) -> 0 | AG72: =ROUND((AP72),2) -> 0 | AH72: =(EW72) -> 0 | AI72: =(EX72) -> 0 | AJ72: =ROUND((AS72),2) -> 0 | AK72: 22.58 | AL72: 22.58 | AM72: 0 | AN72: 0 | AO72: 0 | AP72: 0 | AQ72: 0 | AR72: 0 | AS72: 0 | AT72: 111 | AU72: 64 | AV72: 1 | AW72: 1 | AZ72: 7.04 | BA72: 1 | BB72: 1 | BC72: 7.04 | BH72: 3 | BI72: 1 | BJ72: ФССЦ-2001, 09.2.03.02-0022, приказ Минстроя России №1039/пр от 30.12.2016г. | BM72: 11001 | BN72: 0 | BP72: 0 | BQ72: 2 | BR72: 0 | BS72: 1 | BT72: 1 | BU72: 1 | BV72: 1 | BW72: 1 | BX72: 1 | BZ72: 123 | CA72: 75 | CF72: 0 | CG72: 0 | CM72: 0 | CO72: 0 | CP72: =(P72+Q72+S72) -> 4673.52 | CQ72: =AC72*BC72 -> 158.9632 | CR72: =AD72*BB72 -> 0 | CS72: =AE72*BS72 -> 0 | CT72: =AF72*BA72 -> 0 | CU72: =AG72 -> 0 | CV72: =AH72 -> 0 | CW72: =AI72 -> 0 | CX72: =AJ72 -> 0 | CY72: =(((S72+R72)*AT72)/100) -> 0 | CZ72: =(((S72+R72)*AU72)/100) -> 0 | DN72: 0 | DO72: 0 | DP72: 1 | DQ72: 1 | DU72: 1003 | DV72: м | DW72: м | DX72: 1 | EE72: 16609108 | EF72: 2 | EG72: Общестроительные работы | EH72: 0 | EJ72: 1 | EK72: 11001 | EL72: Полы | EM72: ФЕР-11 | EQ72: 0 | ER72: 22.58 | ES72: 22.58 | ET72: 0 | EU72: 0 | EV72: 0 | EW72: 0 | EX72: 0 | FQ72: 0 | FR72: =ROUND(IF(AND(BH72=3,BI72=3),P72,0),2) -> 0 | FS72: 0 | FT72: *0,9 | FU72: *0,85 | FX72: 110.7 | FY72: 63.75 | GD72: 0 | GF72: -208962189 | GG72: 1 | GH72: 1 | GI72: 4 | GJ72: 0 | GK72: =ROUND(R72*(R12)/100,2) -> 0 | GL72: =ROUND(IF(AND(BH72=3,BI72=3,FS72<>0),P72,0),2) -> 0 | GM72: =ROUND(O72+X72+Y72+GK72,2)+GX72 -> 4673.52 | GN72: =IF(OR(BI72=0,BI72=1),ROUND(O72+X72+Y72+GK72,2),0) -> 4673.52 | GO72: =IF(BI72=2,ROUND(O72+X72+Y72+GK72,2),0) -> 0 | GP72: =IF(BI72=4,ROUND(O72+X72+Y72+GK72,2)+GX72,0) -> 0 | GR72: 0 | GS72: 3 | GT72: 0 | GV72: =ROUND(GT72,2) -> 0 | GW72: 1 | GX72: =ROUND(GV72*GW72*I72,2) -> 0 | HA72: 0 | HB72: 0 | IK72: 0
A73: 17 | B73: 1 | C73: =ROW(SmtRes!A154) -> 154 | D73: =ROW(EtalonRes!A162) -> 162 | E73: 29 | F73: 10-01-060-01 | G73: Установка и крепление наличников | H73: 100 м | I73: =ROUND(557.84/100,9) -> 5.5784 | J73: 0 | O73: =ROUND(CP73,2) -> 3348.32 | P73: =ROUND(CQ73*I73,2) -> 333.81 | Q73: =ROUND(CR73*I73,2) -> 129.2 | R73: =ROUND(CS73*I73,2) -> 22.78 | S73: =ROUND(CT73*I73,2) -> 2885.31 | T73: =ROUND(CU73*I73,2) -> 0 | U73: =CV73*I73 -> 50.166551 | V73: =CW73*I73 -> 0.27892 | W73: =ROUND(CX73*I73,2) -> 0 | X73: =ROUND(CY73,2) -> 3082.58 | Y73: =ROUND(CZ73,2) -> 1570.37 | AA73: 16612262 | AB73: =ROUND((AC73+AD73+AF73),2) -> 85.26 | AC73: =ROUND((ES73),2) -> 8.5 | AD73: =ROUND(((((ET73*1.25))-((EU73*1.25)))+AE73),2) -> 3.29 | AE73: =ROUND(((EU73*1.25)),2) -> 0.58 | AF73: =ROUND(((EV73*1.15)),2) -> 73.47 | AG73: =ROUND((AP73),2) -> 0 | AH73: =((EW73*1.15)) -> 8.993 | AI73: =((EX73*1.25)) -> 0.05 | AJ73: =ROUND((AS73),2) -> 0 | AK73: 75.02 | AL73: 8.5 | AM73: 2.63 | AN73: 0.46 | AO73: 63.89 | AP73: 0 | AQ73: 7.82 | AR73: 0.04 | AS73: 0 | AT73: 106 | AU73: 54 | AV73: 1 | AW73: 1 | AZ73: 7.04 | BA73: 7.04 | BB73: 7.04 | BC73: 7.04 | BH73: 0 | BI73: 1 | BJ73: ФЕР-2001, 10-01-060-01, приказ Минстроя России №1039/пр от 30.12.2016г. | BM73: 10001 | BN73: 0 | BP73: 0 | BQ73: 2 | BR73: 0 | BS73: 7.04 | BT73: 1 | BU73: 1 | BV73: 1 | BW73: 1 | BX73: 1 | BZ73: 118 | CA73: 63 | CF73: 0 | CG73: 0 | CM73: 0 | CN73: Поправка: МДС 81-35.2004, п.4.7 Наименование: Работы, выполняемые при реконструкции зданий и сооружений работы, аналогичные технологическим процессам в новом строительстве (в том числе возведение новых конструктивных элементов) стоимость которых определена по соответствующим сборникам ФЕР, кроме сборника № 46 «Работы при реконструкции зданий и сооружений» | CO73: 0 | CP73: =(P73+Q73+S73) -> 3348.32 | CQ73: =AC73*BC73 -> 59.84 | CR73: =AD73*BB73 -> 23.1616 | CS73: =AE73*BS73 -> 4.0832 | CT73: =AF73*BA73 -> 517.2288 | CU73: =AG73 -> 0 | CV73: =AH73 -> 8.993 | CW73: =AI73 -> 0.05 | CX73: =AJ73 -> 0 | CY73: =(((S73+R73)*AT73)/100) -> 3082.5754 | CZ73: =(((S73+R73)*AU73)/100) -> 1570.3686 | DE73: )*1,25 | DF73: )*1,25 | DG73: )*1,15 | DI73: )*1,15 | DJ73: )*1,25 | DN73: 0 | DO73: 0 | DP73: 1 | DQ73: 1 | DU73: 1003 | DV73: 100 м | DW73: 100 м | DX73: 100 | EE73: 16609107 | EF73: 2 | EG73: Общестроительные работы | EH73: 0 | EJ73: 1 | EK73: 10001 | EL73: Деревянные конструкции | EM73: ФЕР-10 | EO73: Поправка: МДС 81-35.2004, п.4.7 | EQ73: 131072 | ER73: 75.02 | ES73: 8.5 | ET73: 2.63 | EU73: 0.46 | EV73: 63.89 | EW73: 7.82 | EX73: 0.04 | EY73: 0 | FQ73: 0 | FR73: =ROUND(IF(AND(BH73=3,BI73=3),P73,0),2) -> 0 | FS73: 0 | FT73: *0,9 | FU73: *0,85 | FX73: 106.2 | FY73: 53.55 | GD73: 0 | GF73: -971434034 | GG73: 1 | GH73: 1 | GI73: 4 | GJ73: 0 | GK73: =ROUND(R73*(R12)/100,2) -> 0 | GL73: =ROUND(IF(AND(BH73=3,BI73=3,FS73<>0),P73,0),2) -> 0 | GM73: =ROUND(O73+X73+Y73+GK73,2)+GX73 -> 8001.27 | GN73: =IF(OR(BI73=0,BI73=1),ROUND(O73+X73+Y73+GK73,2),0) -> 8001.27 | GO73: =IF(BI73=2,ROUND(O73+X73+Y73+GK73,2),0) -> 0 | GP73: =IF(BI73=4,ROUND(O73+X73+Y73+GK73,2)+GX73,0) -> 0 | GR73: 0 | GS73: 3 | GT73: 0 | GV73: =ROUND(GT73,2) -> 0 | GW73: 1 | GX73: =ROUND(GV73*GW73*I73,2) -> 0 | HA73: 0 | HB73: 0 | IK73: 0
A74: 18 | B74: 1 | C74: 152 | E74: 29,1 | F74: 11.1.01.10 | G74: Наличники | H74: м | I74: =I73*J74 -> 624.7808 | J74: 112 | O74: =ROUND(CP74,2) -> 0 | P74: =ROUND(CQ74*I74,2) -> 0 | Q74: =ROUND(CR74*I74,2) -> 0 | R74: =ROUND(CS74*I74,2) -> 0 | S74: =ROUND(CT74*I74,2) -> 0 | T74: =ROUND(CU74*I74,2) -> 0 | U74: =CV74*I74 -> 0 | V74: =CW74*I74 -> 0 | W74: =ROUND(CX74*I74,2) -> 0 | X74: =ROUND(CY74,2) -> 0 | Y74: =ROUND(CZ74,2) -> 0 | AA74: 16612262 | AB74: =ROUND((AC74+AD74+AF74),2) -> 0 | AC74: =ROUND((ES74),2) -> 0 | AD74: =ROUND((((ET74)-(EU74))+AE74),2) -> 0 | AE74: =ROUND((EU74),2) -> 0 | AF74: =ROUND((EV74),2) -> 0 | AG74: =ROUND((AP74),2) -> 0 | AH74: =(EW74) -> 0 | AI74: =(EX74) -> 0 | AJ74: =ROUND((AS74),2) -> 0 | AK74: 0 | AL74: 0 | AM74: 0 | AN74: 0 | AO74: 0 | AP74: 0 | AQ74: 0 | AR74: 0 | AS74: 0 | AT74: 106 | AU74: 54 | AV74: 1 | AW74: 1 | AZ74: 7.04 | BA74: 1 | BB74: 1 | BC74: 7.04 | BH74: 3 | BI74: 1 | BM74: 10001 | BN74: 0 | BP74: 0 | BQ74: 2 | BR74: 0 | BS74: 1 | BT74: 1 | BU74: 1 | BV74: 1 | BW74: 1 | BX74: 1 | BZ74: 118 | CA74: 63 | CF74: 0 | CG74: 0 | CM74: 0 | CO74: 0 | CP74: =(P74+Q74+S74) -> 0 | CQ74: =AC74*BC74 -> 0 | CR74: =AD74*BB74 -> 0 | CS74: =AE74*BS74 -> 0 | CT74: =AF74*BA74 -> 0 | CU74: =AG74 -> 0 | CV74: =AH74 -> 0 | CW74: =AI74 -> 0 | CX74: =AJ74 -> 0 | CY74: =(((S74+R74)*AT74)/100) -> 0 | CZ74: =(((S74+R74)*AU74)/100) -> 0 | DN74: 0 | DO74: 0 | DP74: 1 | DQ74: 1 | DU74: 1003 | DV74: м | DW74: м | DX74: 1 | EE74: 16609107 | EF74: 2 | EG74: Общестроительные работы | EH74: 0 | EJ74: 1 | EK74: 10001 | EL74: Деревянные конструкции | EM74: ФЕР-10 | EQ74: 0 | ER74: 0 | ES74: 0 | ET74: 0 | EU74: 0 | EV74: 0 | EW74: 0 | EX74: 0 | FQ74: 0 | FR74: =ROUND(IF(AND(BH74=3,BI74=3),P74,0),2) -> 0 | FS74: 0 | FT74: *0,9 | FU74: *0,85 | FX74: 106.2 | FY74: 53.55 | GD74: 0 | GF74: 1542502361 | GG74: 1 | GH74: 1 | GI74: 4 | GJ74: 0 | GK74: =ROUND(R74*(R12)/100,2) -> 0 | GL74: =ROUND(IF(AND(BH74=3,BI74=3,FS74<>0),P74,0),2) -> 0 | GM74: =ROUND(O74+X74+Y74+GK74,2)+GX74 -> 0 | GN74: =IF(OR(BI74=0,BI74=1),ROUND(O74+X74+Y74+GK74,2),0) -> 0 | GO74: =IF(BI74=2,ROUND(O74+X74+Y74+GK74,2),0) -> 0 | GP74: =IF(BI74=4,ROUND(O74+X74+Y74+GK74,2)+GX74,0) -> 0 | GR74: 0 | GS74: 3 | GT74: 0 | GV74: =ROUND(GT74,2) -> 0 | GW74: 1 | GX74: =ROUND(GV74*GW74*I74,2) -> 0 | HA74: 0 | HB74: 0 | IK74: 0
A75: 18 | B75: 1 | C75: 153 | E75: 29,2 | F75: 11.1.01.10-0003 | G75: Наличники из древесины | H75: м | I75: =I73*J75 -> 204 | J75: 36.569626 | O75: =ROUND(CP75,2) -> 5644.11 | P75: =ROUND(CQ75*I75,2) -> 5644.11 | Q75: =ROUND(CR75*I75,2) -> 0 | R75: =ROUND(CS75*I75,2) -> 0 | S75: =ROUND(CT75*I75,2) -> 0 | T75: =ROUND(CU75*I75,2) -> 0 | U75: =CV75*I75 -> 0 | V75: =CW75*I75 -> 0 | W75: =ROUND(CX75*I75,2) -> 0 | X75: =ROUND(CY75,2) -> 0 | Y75: =ROUND(CZ75,2) -> 0 | AA75: 16612262 | AB75: =ROUND((AC75+AD75+AF75),2) -> 3.93 | AC75: =ROUND((ES75),2) -> 3.93 | AD75: =ROUND((((ET75)-(EU75))+AE75),2) -> 0 | AE75: =ROUND((EU75),2) -> 0 | AF75: =ROUND((EV75),2) -> 0 | AG75: =ROUND((AP75),2) -> 0 | AH75: =(EW75) -> 0 | AI75: =(EX75) -> 0 | AJ75: =ROUND((AS75),2) -> 0 | AK75: 3.93 | AL75: 3.93 | AM75: 0 | AN75: 0 | AO75: 0 | AP75: 0 | AQ75: 0 | AR75: 0 | AS75: 0 | AT75: 106 | AU75: 54 | AV75: 1 | AW75: 1 | AZ75: 7.04 | BA75: 1 | BB75: 1 | BC75: 7.04 | BH75: 3 | BI75: 1 | BJ75: ФССЦ-2001, 11.1.01.10-0003, приказ Минстроя России №1039/пр от 30.12.2016г. | BM75: 10001 | BN75: 0 | BP75: 0 | BQ75: 2 | BR75: 0 | BS75: 1 | BT75: 1 | BU75: 1 | BV75: 1 | BW75: 1 | BX75: 1 | BZ75: 118 | CA75: 63 | CF75: 0 | CG75: 0 | CM75: 0 | CO75: 0 | CP75: =(P75+Q75+S75) -> 5644.11 | CQ75: =AC75*BC75 -> 27.6672 | CR75: =AD75*BB75 -> 0 | CS75: =AE75*BS75 -> 0 | CT75: =AF75*BA75 -> 0 | CU75: =AG75 -> 0 | CV75: =AH75 -> 0 | CW75: =AI75 -> 0 | CX75: =AJ75 -> 0 | CY75: =(((S75+R75)*AT75)/100) -> 0 | CZ75: =(((S75+R75)*AU75)/100) -> 0 | DN75: 0 | DO75: 0 | DP75: 1 | DQ75: 1 | DU75: 1003 | DV75: м | DW75: м | DX75: 1 | EE75: 16609107 | EF75: 2 | EG75: Общестроительные работы | EH75: 0 | EJ75: 1 | EK75: 10001 | EL75: Деревянные конструкции | EM75: ФЕР-10 | EQ75: 0 | ER75: 3.93 | ES75: 3.93 | ET75: 0 | EU75: 0 | EV75: 0 | EW75: 0 | EX75: 0 | FQ75: 0 | FR75: =ROUND(IF(AND(BH75=3,BI75=3),P75,0),2) -> 0 | FS75: 0 | FT75: *0,9 | FU75: *0,85 | FX75: 106.2 | FY75: 53.55 | GD75: 0 | GF75: 1426628376 | GG75: 1 | GH75: 1 | GI75: 4 | GJ75: 0 | GK75: =ROUND(R75*(R12)/100,2) -> 0 | GL75: =ROUND(IF(AND(BH75=3,BI75=3,FS75<>0),P75,0),2) -> 0 | GM75: =ROUND(O75+X75+Y75+GK75,2)+GX75 -> 5644.11 | GN75: =IF(OR(BI75=0,BI75=1),ROUND(O75+X75+Y75+GK75,2),0) -> 5644.11 | GO75: =IF(BI75=2,ROUND(O75+X75+Y75+GK75,2),0) -> 0 | GP75: =IF(BI75=4,ROUND(O75+X75+Y75+GK75,2)+GX75,0) -> 0 | GR75: 0 | GS75: 3 | GT75: 0 | GV75: =ROUND(GT75,2) -> 0 | GW75: 1 | GX75: =ROUND(GV75*GW75*I75,2) -> 0 | HA75: 0 | HB75: 0 | IK75: 0
A76: 18 | B76: 1 | C76: 154 | E76: 29,3 | F76: 11.3.03.02-0001 | G76: Наличники из ПВХ | H76: м | I76: =I73*J76 -> 353.84 | J76: 63.430374 | O76: =ROUND(CP76,2) -> 48251.32 | P76: =ROUND(CQ76*I76,2) -> 48251.32 | Q76: =ROUND(CR76*I76,2) -> 0 | R76: =ROUND(CS76*I76,2) -> 0 | S76: =ROUND(CT76*I76,2) -> 0 | T76: =ROUND(CU76*I76,2) -> 0 | U76: =CV76*I76 -> 0 | V76: =CW76*I76 -> 0 | W76: =ROUND(CX76*I76,2) -> 0 | X76: =ROUND(CY76,2) -> 0 | Y76: =ROUND(CZ76,2) -> 0 | AA76: 16612262 | AB76: =ROUND((AC76+AD76+AF76),2) -> 19.37 | AC76: =ROUND((ES76),2) -> 19.37 | AD76: =ROUND((((ET76)-(EU76))+AE76),2) -> 0 | AE76: =ROUND((EU76),2) -> 0 | AF76: =ROUND((EV76),2) -> 0 | AG76: =ROUND((AP76),2) -> 0 | AH76: =(EW76) -> 0 | AI76: =(EX76) -> 0 | AJ76: =ROUND((AS76),2) -> 0 | AK76: 19.37 | AL76: 19.37 | AM76: 0 | AN76: 0 | AO76: 0 | AP76: 0 | AQ76: 0 | AR76: 0 | AS76: 0 | AT76: 106 | AU76: 54 | AV76: 1 | AW76: 1 | AZ76: 7.04 | BA76: 1 | BB76: 1 | BC76: 7.04 | BH76: 3 | BI76: 1 | BJ76: ФССЦ-2001, 11.3.03.02-0001, приказ Минстроя России №1039/пр от 30.12.2016г. | BM76: 10001 | BN76: 0 | BP76: 0 | BQ76: 2 | BR76: 0 | BS76: 1 | BT76: 1 | BU76: 1 | BV76: 1 | BW76: 1 | BX76: 1 | BZ76: 118 | CA76: 63 | CF76: 0 | CG76: 0 | CM76: 0 | CO76: 0 | CP76: =(P76+Q76+S76) -> 48251.32 | CQ76: =AC76*BC76 -> 136.3648 | CR76: =AD76*BB76 -> 0 | CS76: =AE76*BS76 -> 0 | CT76: =AF76*BA76 -> 0 | CU76: =AG76 -> 0 | CV76: =AH76 -> 0 | CW76: =AI76 -> 0 | CX76: =AJ76 -> 0 | CY76: =(((S76+R76)*AT76)/100) -> 0 | CZ76: =(((S76+R76)*AU76)/100) -> 0 | DN76: 0 | DO76: 0 | DP76: 1 | DQ76: 1 | DU76: 1003 | DV76: м | DW76: м | DX76: 1 | EE76: 16609107 | EF76: 2 | EG76: Общестроительные работы | EH76: 0 | EJ76: 1 | EK76: 10001 | EL76: Деревянные конструкции | EM76: ФЕР-10 | EQ76: 0 | ER76: 19.37 | ES76: 19.37 | ET76: 0 | EU76: 0 | EV76: 0 | EW76: 0 | EX76: 0 | FQ76: 0 | FR76: =ROUND(IF(AND(BH76=3,BI76=3),P76,0),2) -> 0 | FS76: 0 | FT76: *0,9 | FU76: *0,85 | FX76: 106.2 | FY76: 53.55 | GD76: 0 | GF76: -1018238883 | GG76: 1 | GH76: 1 | GI76: 4 | GJ76: 0 | GK76: =ROUND(R76*(R12)/100,2) -> 0 | GL76: =ROUND(IF(AND(BH76=3,BI76=3,FS76<>0),P76,0),2) -> 0 | GM76: =ROUND(O76+X76+Y76+GK76,2)+GX76 -> 48251.32 | GN76: =IF(OR(BI76=0,BI76=1),ROUND(O76+X76+Y76+GK76,2),0) -> 48251.32 | GO76: =IF(BI76=2,ROUND(O76+X76+Y76+GK76,2),0) -> 0 | GP76: =IF(BI76=4,ROUND(O76+X76+Y76+GK76,2)+GX76,0) -> 0 | GR76: 0 | GS76: 3 | GT76: 0 | GV76: =ROUND(GT76,2) -> 0 | GW76: 1 | GX76: =ROUND(GV76*GW76*I76,2) -> 0 | HA76: 0 | HB76: 0 | IK76: 0
A77: 17 | B77: 1 | C77: =ROW(SmtRes!A165) -> 165 | D77: =ROW(EtalonRes!A173) -> 173 | E77: 30 | F77: 10-01-039-01 | G77: Установка блоков в наружных и внутренних дверных проемах в каменных стенах, площадь проема до 3 м2 | H77: 100 м2 | I77: =ROUND(63.42/100,9) -> 0.6342 | J77: 0 | O77: =ROUND(CP77,2) -> 17229.4 | P77: =ROUND(CQ77*I77,2) -> 7607.16 | Q77: =ROUND(CR77*I77,2) -> 5402.28 | R77: =ROUND(CS77*I77,2) -> 858.93 | S77: =ROUND(CT77*I77,2) -> 4219.96 | T77: =ROUND(CU77*I77,2) -> 0 | U77: =CV77*I77 -> 65.296915 | V77: =CW77*I77 -> 9.25932 | W77: =ROUND(CX77*I77,2) -> 0 | X77: =ROUND(CY77,2) -> 5383.62 | Y77: =ROUND(CZ77,2) -> 2742.6 | AA77: 16612262 | AB77: =ROUND((AC77+AD77+AF77),2) -> 3858.97 | AC77: =ROUND((ES77),2) -> 1703.82 | AD77: =ROUND(((((ET77*1.25))-((EU77*1.25)))+AE77),2) -> 1209.98 | AE77: =ROUND(((EU77*1.25)),2) -> 192.38 | AF77: =ROUND(((EV77*1.15)),2) -> 945.17 | AG77: =ROUND((AP77),2) -> 0 | AH77: =((EW77*1.15)) -> 102.9595 | AI77: =((EX77*1.25)) -> 14.6 | AJ77: =ROUND((AS77),2) -> 0 | AK77: 3493.69 | AL77: 1703.82 | AM77: 967.98 | AN77: 153.9 | AO77: 821.89 | AP77: 0 | AQ77: 89.53 | AR77: 11.68 | AS77: 0 | AT77: 106 | AU77: 54 | AV77: 1 | AW77: 1 | AZ77: 7.04 | BA77: 7.04 | BB77: 7.04 | BC77: 7.04 | BH77: 0 | BI77: 1 | BJ77: ФЕР-2001, 10-01-039-01, приказ Минстроя России №1039/пр от 30.12.2016г. | BM77: 10001 | BN77: 0 | BP77: 0 | BQ77: 2 | BR77: 0 | BS77: 7.04 | BT77: 1 | BU77: 1 | BV77: 1 | BW77: 1 | BX77: 1 | BZ77: 118 | CA77: 63 | CF77: 0 | CG77: 0 | CM77: 0 | CN77: Поправка: МДС 81-35.2004, п.4.7 Наименование: Работы, выполняемые при реконструкции зданий и сооружений работы, аналогичные технологическим процессам в новом строительстве (в том числе возведение новых конструктивных элементов) стоимость которых определена по соответствующим сборникам ФЕР, кроме сборника № 46 «Работы при реконструкции зданий и сооружений» | CO77: 0 | CP77: =(P77+Q77+S77) -> 17229.4 | CQ77: =AC77*BC77 -> 11994.893 | CR77: =AD77*BB77 -> 8518.2592 | CS77: =AE77*BS77 -> 1354.3552 | CT77: =AF77*BA77 -> 6653.9968 | CU77: =AG77 -> 0 | CV77: =AH77 -> 102.9595 | CW77: =AI77 -> 14.6 | CX77: =AJ77 -> 0 | CY77: =(((S77+R77)*AT77)/100) -> 5383.6234 | CZ77: =(((S77+R77)*AU77)/100) -> 2742.6006 | DE77: )*1,25 | DF77: )*1,25 | DG77: )*1,15 | DI77: )*1,15 | DJ77: )*1,25 | DN77: 0 | DO77: 0 | DP77: 1 | DQ77: 1 | DU77: 1005 | DV77: 100 м2 | DW77: 100 м2 | DX77: 100 | EE77: 16609107 | EF77: 2 | EG77: Общестроительные работы | EH77: 0 | EJ77: 1 | EK77: 10001 | EL77: Деревянные конструкции | EM77: ФЕР-10 | EO77: Поправка: МДС 81-35.2004, п.4.7 | EQ77: 131072 | ER77: 3493.69 | ES77: 1703.82 | ET77: 967.98 | EU77: 153.9 | EV77: 821.89 | EW77: 89.53 | EX77: 11.68 | EY77: 0 | FQ77: 0 | FR77: =ROUND(IF(AND(BH77=3,BI77=3),P77,0),2) -> 0 | FS77: 0 | FT77: *0,9 | FU77: *0,85 | FX77: 106.2 | FY77: 53.55 | GD77: 0 | GF77: -2063365966 | GG77: 1 | GH77: 1 | GI77: 4 | GJ77: 0 | GK77: =ROUND(R77*(R12)/100,2) -> 0 | GL77: =ROUND(IF(AND(BH77=3,BI77=3,FS77<>0),P77,0),2) -> 0 | GM77: =ROUND(O77+X77+Y77+GK77,2)+GX77 -> 25355.62 | GN77: =IF(OR(BI77=0,BI77=1),ROUND(O77+X77+Y77+GK77,2),0) -> 25355.62 | GO77: =IF(BI77=2,ROUND(O77+X77+Y77+GK77,2),0) -> 0 | GP77: =IF(BI77=4,ROUND(O77+X77+Y77+GK77,2)+GX77,0) -> 0 | GR77: 0 | GS77: 3 | GT77: 0 | GV77: =ROUND(GT77,2) -> 0 | GW77: 1 | GX77: =ROUND(GV77*GW77*I77,2) -> 0 | HA77: 0 | HB77: 0 | IK77: 0
A78: 18 | B78: 1 | C78: 159 | E78: 30,1 | F78: 01.7.04.07-0011 | G78: Скобяные изделия для блоков входных однопольных | H78: компл. | I78: =I77*J78 -> 36 | J78: 56.764428 | O78: =ROUND(CP78,2) -> 23995.7 | P78: =ROUND(CQ78*I78,2) -> 23995.7 | Q78: =ROUND(CR78*I78,2) -> 0 | R78: =ROUND(CS78*I78,2) -> 0 | S78: =ROUND(CT78*I78,2) -> 0 | T78: =ROUND(CU78*I78,2) -> 0 | U78: =CV78*I78 -> 0 | V78: =CW78*I78 -> 0 | W78: =ROUND(CX78*I78,2) -> 0 | X78: =ROUND(CY78,2) -> 0 | Y78: =ROUND(CZ78,2) -> 0 | AA78: 16612262 | AB78: =ROUND((AC78+AD78+AF78),2) -> 94.68 | AC78: =ROUND((ES78),2) -> 94.68 | AD78: =ROUND((((ET78)-(EU78))+AE78),2) -> 0 | AE78: =ROUND((EU78),2) -> 0 | AF78: =ROUND((EV78),2) -> 0 | AG78: =ROUND((AP78),2) -> 0 | AH78: =(EW78) -> 0 | AI78: =(EX78) -> 0 | AJ78: =ROUND((AS78),2) -> 0 | AK78: 94.68 | AL78: 94.68 | AM78: 0 | AN78: 0 | AO78: 0 | AP78: 0 | AQ78: 0 | AR78: 0 | AS78: 0 | AT78: 106 | AU78: 54 | AV78: 1 | AW78: 1 | AZ78: 7.04 | BA78: 1 | BB78: 1 | BC78: 7.04 | BH78: 3 | BI78: 1 | BJ78: ФССЦ-2001, 01.7.04.07-0011, приказ Минстроя России №1039/пр от 30.12.2016г. | BM78: 10001 | BN78: 0 | BP78: 0 | BQ78: 2 | BR78: 0 | BS78: 1 | BT78: 1 | BU78: 1 | BV78: 1 | BW78: 1 | BX78: 1 | BZ78: 118 | CA78: 63 | CF78: 0 | CG78: 0 | CM78: 0 | CO78: 0 | CP78: =(P78+Q78+S78) -> 23995.7 | CQ78: =AC78*BC78 -> 666.5472 | CR78: =AD78*BB78 -> 0 | CS78: =AE78*BS78 -> 0 | CT78: =AF78*BA78 -> 0 | CU78: =AG78 -> 0 | CV78: =AH78 -> 0 | CW78: =AI78 -> 0 | CX78: =AJ78 -> 0 | CY78: =(((S78+R78)*AT78)/100) -> 0 | CZ78: =(((S78+R78)*AU78)/100) -> 0 | DN78: 0 | DO78: 0 | DP78: 1 | DQ78: 1 | DU78: 1013 | DV78: компл. | DW78: компл. | DX78: 1 | EE78: 16609107 | EF78: 2 | EG78: Общестроительные работы | EH78: 0 | EJ78: 1 | EK78: 10001 | EL78: Деревянные конструкции | EM78: ФЕР-10 | EQ78: 0 | ER78: 94.68 | ES78: 94.68 | ET78: 0 | EU78: 0 | EV78: 0 | EW78: 0 | EX78: 0 | FQ78: 0 | FR78: =ROUND(IF(AND(BH78=3,BI78=3),P78,0),2) -> 0 | FS78: 0 | FT78: *0,9 | FU78: *0,85 | FX78: 106.2 | FY78: 53.55 | GD78: 0 | GF78: -347778458 | GG78: 1 | GH78: 1 | GI78: 4 | GJ78: 0 | GK78: =ROUND(R78*(R12)/100,2) -> 0 | GL78: =ROUND(IF(AND(BH78=3,BI78=3,FS78<>0),P78,0),2) -> 0 | GM78: =ROUND(O78+X78+Y78+GK78,2)+GX78 -> 23995.7 | GN78: =IF(OR(BI78=0,BI78=1),ROUND(O78+X78+Y78+GK78,2),0) -> 23995.7 | GO78: =IF(BI78=2,ROUND(O78+X78+Y78+GK78,2),0) -> 0 | GP78: =IF(BI78=4,ROUND(O78+X78+Y78+GK78,2)+GX78,0) -> 0 | GR78: 0 | GS78: 3 | GT78: 0 | GV78: =ROUND(GT78,2) -> 0 | GW78: 1 | GX78: =ROUND(GV78*GW78*I78,2) -> 0 | HA78: 0 | HB78: 0 | IK78: 0
A79: 18 | B79: 1 | C79: 164 | E79: 30,2 | F79: 11.3.01.05-0021 | G79: Двери композитные "КАПЕЛЬ" (полотно, коробка, 2 петли, магнитный механизм замка) с вентиляционной решеткой | H79: компл. | I79: =I77*J79 -> 16 | J79: 25.228635 | O79: =ROUND(CP79,2) -> 86068.22 | P79: =ROUND(CQ79*I79,2) -> 86068.22 | Q79: =ROUND(CR79*I79,2) -> 0 | R79: =ROUND(CS79*I79,2) -> 0 | S79: =ROUND(CT79*I79,2) -> 0 | T79: =ROUND(CU79*I79,2) -> 0 | U79: =CV79*I79 -> 0 | V79: =CW79*I79 -> 0 | W79: =ROUND(CX79*I79,2) -> 0 | X79: =ROUND(CY79,2) -> 0 | Y79: =ROUND(CZ79,2) -> 0 | AA79: 16612262 | AB79: =ROUND((AC79+AD79+AF79),2) -> 764.1 | AC79: =ROUND((ES79),2) -> 764.1 | AD79: =ROUND((((ET79)-(EU79))+AE79),2) -> 0 | AE79: =ROUND((EU79),2) -> 0 | AF79: =ROUND((EV79),2) -> 0 | AG79: =ROUND((AP79),2) -> 0 | AH79: =(EW79) -> 0 | AI79: =(EX79) -> 0 | AJ79: =ROUND((AS79),2) -> 0 | AK79: 764.1 | AL79: 764.1 | AM79: 0 | AN79: 0 | AO79: 0 | AP79: 0 | AQ79: 0 | AR79: 0 | AS79: 0 | AT79: 106 | AU79: 54 | AV79: 1 | AW79: 1 | AZ79: 7.04 | BA79: 1 | BB79: 1 | BC79: 7.04 | BH79: 3 | BI79: 1 | BJ79: ФССЦ-2001, 11.3.01.05-0021, приказ Минстроя России №1039/пр от 30.12.2016г. | BM79: 10001 | BN79: 0 | BP79: 0 | BQ79: 2 | BR79: 0 | BS79: 1 | BT79: 1 | BU79: 1 | BV79: 1 | BW79: 1 | BX79: 1 | BZ79: 118 | CA79: 63 | CF79: 0 | CG79: 0 | CM79: 0 | CO79: 0 | CP79: =(P79+Q79+S79) -> 86068.22 | CQ79: =AC79*BC79 -> 5379.264 | CR79: =AD79*BB79 -> 0 | CS79: =AE79*BS79 -> 0 | CT79: =AF79*BA79 -> 0 | CU79: =AG79 -> 0 | CV79: =AH79 -> 0 | CW79: =AI79 -> 0 | CX79: =AJ79 -> 0 | CY79: =(((S79+R79)*AT79)/100) -> 0 | CZ79: =(((S79+R79)*AU79)/100) -> 0 | DN79: 0 | DO79: 0 | DP79: 1 | DQ79: 1 | DU79: 1013 | DV79: компл. | DW79: компл. | DX79: 1 | EE79: 16609107 | EF79: 2 | EG79: Общестроительные работы | EH79: 0 | EJ79: 1 | EK79: 10001 | EL79: Деревянные конструкции | EM79: ФЕР-10 | EQ79: 0 | ER79: 764.1 | ES79: 764.1 | ET79: 0 | EU79: 0 | EV79: 0 | EW79: 0 | EX79: 0 | FQ79: 0 | FR79: =ROUND(IF(AND(BH79=3,BI79=3),P79,0),2) -> 0 | FS79: 0 | FT79: *0,9 | FU79: *0,85 | FX79: 106.2 | FY79: 53.55 | GD79: 0 | GF79: -645619761 | GG79: 1 | GH79: 1 | GI79: 4 | GJ79: 0 | GK79: =ROUND(R79*(R12)/100,2) -> 0 | GL79: =ROUND(IF(AND(BH79=3,BI79=3,FS79<>0),P79,0),2) -> 0 | GM79: =ROUND(O79+X79+Y79+GK79,2)+GX79 -> 86068.22 | GN79: =IF(OR(BI79=0,BI79=1),ROUND(O79+X79+Y79+GK79,2),0) -> 86068.22 | GO79: =IF(BI79=2,ROUND(O79+X79+Y79+GK79,2),0) -> 0 | GP79: =IF(BI79=4,ROUND(O79+X79+Y79+GK79,2)+GX79,0) -> 0 | GR79: 0 | GS79: 3 | GT79: 0 | GV79: =ROUND(GT79,2) -> 0 | GW79: 1 | GX79: =ROUND(GV79*GW79*I79,2) -> 0 | HA79: 0 | HB79: 0 | IK79: 0
A80: 18 | B80: 1 | C80: 163 | E80: 30,3 | F80: 11.2.02.01-0072 | G80: Блоки дверные однопольные с полотном глухим, массив сосны ДГ 21-9, площадь 1,80 м2; ДГ 21-10, площадь 2,01 м2 с замком Apecs 1226/60-CR | H80: м2 | I80: =I77*J80 -> 37.8 | J80: 59.602649 | O80: =ROUND(CP80,2) -> 57134.25 | P80: =ROUND(CQ80*I80,2) -> 57134.25 | Q80: =ROUND(CR80*I80,2) -> 0 | R80: =ROUND(CS80*I80,2) -> 0 | S80: =ROUND(CT80*I80,2) -> 0 | T80: =ROUND(CU80*I80,2) -> 0 | U80: =CV80*I80 -> 0 | V80: =CW80*I80 -> 0 | W80: =ROUND(CX80*I80,2) -> 0 | X80: =ROUND(CY80,2) -> 0 | Y80: =ROUND(CZ80,2) -> 0 | AA80: 16612262 | AB80: =ROUND((AC80+AD80+AF80),2) -> 214.7 | AC80: =ROUND((ES80),2) -> 214.7 | AD80: =ROUND((((ET80)-(EU80))+AE80),2) -> 0 | AE80: =ROUND((EU80),2) -> 0 | AF80: =ROUND((EV80),2) -> 0 | AG80: =ROUND((AP80),2) -> 0 | AH80: =(EW80) -> 0 | AI80: =(EX80) -> 0 | AJ80: =ROUND((AS80),2) -> 0 | AK80: 214.7 | AL80: 214.7 | AM80: 0 | AN80: 0 | AO80: 0 | AP80: 0 | AQ80: 0 | AR80: 0 | AS80: 0 | AT80: 106 | AU80: 54 | AV80: 1 | AW80: 1 | AZ80: 7.04 | BA80: 1 | BB80: 1 | BC80: 7.04 | BH80: 3 | BI80: 1 | BJ80: ФССЦ-2001, 11.2.02.01-0072, приказ Минстроя России №1039/пр от 30.12.2016г. | BM80: 10001 | BN80: 0 | BP80: 0 | BQ80: 2 | BR80: 0 | BS80: 1 | BT80: 1 | BU80: 1 | BV80: 1 | BW80: 1 | BX80: 1 | BZ80: 118 | CA80: 63 | CF80: 0 | CG80: 0 | CM80: 0 | CO80: 0 | CP80: =(P80+Q80+S80) -> 57134.25 | CQ80: =AC80*BC80 -> 1511.488 | CR80: =AD80*BB80 -> 0 | CS80: =AE80*BS80 -> 0 | CT80: =AF80*BA80 -> 0 | CU80: =AG80 -> 0 | CV80: =AH80 -> 0 | CW80: =AI80 -> 0 | CX80: =AJ80 -> 0 | CY80: =(((S80+R80)*AT80)/100) -> 0 | CZ80: =(((S80+R80)*AU80)/100) -> 0 | DN80: 0 | DO80: 0 | DP80: 1 | DQ80: 1 | DU80: 1005 | DV80: м2 | DW80: м2 | DX80: 1 | EE80: 16609107 | EF80: 2 | EG80: Общестроительные работы | EH80: 0 | EJ80: 1 | EK80: 10001 | EL80: Деревянные конструкции | EM80: ФЕР-10 | EQ80: 0 | ER80: 214.7 | ES80: 214.7 | ET80: 0 | EU80: 0 | EV80: 0 | EW80: 0 | EX80: 0 | FQ80: 0 | FR80: =ROUND(IF(AND(BH80=3,BI80=3),P80,0),2) -> 0 | FS80: 0 | FT80: *0,9 | FU80: *0,85 | FX80: 106.2 | FY80: 53.55 | GD80: 0 | GF80: 892629792 | GG80: 1 | GH80: 1 | GI80: 4 | GJ80: 0 | GK80: =ROUND(R80*(R12)/100,2) -> 0 | GL80: =ROUND(IF(AND(BH80=3,BI80=3,FS80<>0),P80,0),2) -> 0 | GM80: =ROUND(O80+X80+Y80+GK80,2)+GX80 -> 57134.25 | GN80: =IF(OR(BI80=0,BI80=1),ROUND(O80+X80+Y80+GK80,2),0) -> 57134.25 | GO80: =IF(BI80=2,ROUND(O80+X80+Y80+GK80,2),0) -> 0 | GP80: =IF(BI80=4,ROUND(O80+X80+Y80+GK80,2)+GX80,0) -> 0 | GR80: 0 | GS80: 3 | GT80: 0 | GV80: =ROUND(GT80,2) -> 0 | GW80: 1 | GX80: =ROUND(GV80*GW80*I80,2) -> 0 | HA80: 0 | HB80: 0 | IK80: 0
A81: 17 | B81: 1 | C81: =ROW(SmtRes!A173) -> 173 | D81: =ROW(EtalonRes!A182) -> 182 | E81: 31 | F81: 09-04-012-01 | G81: Установка металлических дверных блоков в готовые проемы | H81: м2 | I81: 7.56 | J81: 0 | O81: =ROUND(CP81,2) -> 3784.65 | P81: =ROUND(CQ81*I81,2) -> 1368.88 | Q81: =ROUND(CR81*I81,2) -> 958.54 | R81: =ROUND(CS81*I81,2) -> 130.93 | S81: =ROUND(CT81*I81,2) -> 1457.23 | T81: =ROUND(CU81*I81,2) -> 0 | U81: =CV81*I81 -> 20.8656 | V81: =CW81*I81 -> 1.6065 | W81: =ROUND(CX81*I81,2) -> 0 | X81: =ROUND(CY81,2) -> 1286.41 | Y81: =ROUND(CZ81,2) -> 1143.48 | AA81: 16612262 | AB81: =ROUND((AC81+AD81+AF81),2) -> 71.11 | AC81: =ROUND((ES81),2) -> 25.72 | AD81: =ROUND(((((ET81*1.25))-((EU81*1.25)))+AE81),2) -> 18.01 | AE81: =ROUND(((EU81*1.25)),2) -> 2.46 | AF81: =ROUND(((EV81*1.15)),2) -> 27.38 | AG81: =ROUND((AP81),2) -> 0 | AH81: =((EW81*1.15)) -> 2.76 | AI81: =((EX81*1.25)) -> 0.2125 | AJ81: =ROUND((AS81),2) -> 0 | AK81: 63.94 | AL81: 25.72 | AM81: 14.41 | AN81: 1.97 | AO81: 23.81 | AP81: 0 | AQ81: 2.4 | AR81: 0.17 | AS81: 0 | AT81: 81 | AU81: 72 | AV81: 1 | AW81: 1 | AZ81: 7.04 | BA81: 7.04 | BB81: 7.04 | BC81: 7.04 | BH81: 0 | BI81: 1 | BJ81: ФЕР-2001, 09-04-012-01, приказ Минстроя России №1039/пр от 30.12.2016г. | BM81: 9001 | BN81: 0 | BP81: 0 | BQ81: 2 | BR81: 0 | BS81: 7.04 | BT81: 1 | BU81: 1 | BV81: 1 | BW81: 1 | BX81: 1 | BZ81: 90 | CA81: 85 | CF81: 0 | CG81: 0 | CM81: 0 | CN81: Поправка: МДС 81-35.2004, п.4.7 Наименование: Работы, выполняемые при реконструкции зданий и сооружений работы, аналогичные технологическим процессам в новом строительстве (в том числе возведение новых конструктивных элементов) стоимость которых определена по соответствующим сборникам ФЕР, кроме сборника № 46 «Работы при реконструкции зданий и сооружений» | CO81: 0 | CP81: =(P81+Q81+S81) -> 3784.65 | CQ81: =AC81*BC81 -> 181.0688 | CR81: =AD81*BB81 -> 126.7904 | CS81: =AE81*BS81 -> 17.3184 | CT81: =AF81*BA81 -> 192.7552 | CU81: =AG81 -> 0 | CV81: =AH81 -> 2.76 | CW81: =AI81 -> 0.2125 | CX81: =AJ81 -> 0 | CY81: =(((S81+R81)*AT81)/100) -> 1286.4096 | CZ81: =(((S81+R81)*AU81)/100) -> 1143.4752 | DE81: )*1,25 | DF81: )*1,25 | DG81: )*1,15 | DI81: )*1,15 | DJ81: )*1,25 | DN81: 0 | DO81: 0 | DP81: 1 | DQ81: 1 | DU81: 1005 | DV81: м2 | DW81: м2 | DX81: 1 | EE81: 16609106 | EF81: 2 | EG81: Общестроительные работы | EH81: 0 | EJ81: 1 | EK81: 9001 | EL81: Металлические конструкции | EM81: ФЕР-09 | EO81: Поправка: МДС 81-35.2004, п.4.7 | EQ81: 131072 | ER81: 63.94 | ES81: 25.72 | ET81: 14.41 | EU81: 1.97 | EV81: 23.81 | EW81: 2.4 | EX81: 0.17 | EY81: 0 | FQ81: 0 | FR81: =ROUND(IF(AND(BH81=3,BI81=3),P81,0),2) -> 0 | FS81: 0 | FT81: *0,9 | FU81: *0,85 | FX81: 81 | FY81: 72.25 | GD81: 0 | GF81: 1555078569 | GG81: 1 | GH81: 1 | GI81: 4 | GJ81: 0 | GK81: =ROUND(R81*(R12)/100,2) -> 0 | GL81: =ROUND(IF(AND(BH81=3,BI81=3,FS81<>0),P81,0),2) -> 0 | GM81: =ROUND(O81+X81+Y81+GK81,2)+GX81 -> 6214.54 | GN81: =IF(OR(BI81=0,BI81=1),ROUND(O81+X81+Y81+GK81,2),0) -> 6214.54 | GO81: =IF(BI81=2,ROUND(O81+X81+Y81+GK81,2),0) -> 0 | GP81: =IF(BI81=4,ROUND(O81+X81+Y81+GK81,2)+GX81,0) -> 0 | GR81: 0 | GS81: 3 | GT81: 0 | GV81: =ROUND(GT81,2) -> 0 | GW81: 1 | GX81: =ROUND(GV81*GW81*I81,2) -> 0 | HA81: 0 | HB81: 0 | IK81: 0
A82: 18 | B82: 1 | C82: 171 | E82: 31,1 | F82: 07.1.01.03-0001 | G82: Блок дверной стальной внутренний однопольный ДСВ, площадь 2,1 м2 (ГОСТ 31173-2003) | H82: м2 | I82: =I81*J82 -> 7.56 | J82: 1 | O82: =ROUND(CP82,2) -> 95754.55 | P82: =ROUND(CQ82*I82,2) -> 95754.55 | Q82: =ROUND(CR82*I82,2) -> 0 | R82: =ROUND(CS82*I82,2) -> 0 | S82: =ROUND(CT82*I82,2) -> 0 | T82: =ROUND(CU82*I82,2) -> 0 | U82: =CV82*I82 -> 0 | V82: =CW82*I82 -> 0 | W82: =ROUND(CX82*I82,2) -> 0 | X82: =ROUND(CY82,2) -> 0 | Y82: =ROUND(CZ82,2) -> 0 | AA82: 16612262 | AB82: =ROUND((AC82+AD82+AF82),2) -> 1799.14 | AC82: =ROUND((ES82),2) -> 1799.14 | AD82: =ROUND((((ET82)-(EU82))+AE82),2) -> 0 | AE82: =ROUND((EU82),2) -> 0 | AF82: =ROUND((EV82),2) -> 0 | AG82: =ROUND((AP82),2) -> 0 | AH82: =(EW82) -> 0 | AI82: =(EX82) -> 0 | AJ82: =ROUND((AS82),2) -> 0 | AK82: 1799.14 | AL82: 1799.14 | AM82: 0 | AN82: 0 | AO82: 0 | AP82: 0 | AQ82: 0 | AR82: 0 | AS82: 0 | AT82: 81 | AU82: 72 | AV82: 1 | AW82: 1 | AZ82: 7.04 | BA82: 1 | BB82: 1 | BC82: 7.04 | BH82: 3 | BI82: 1 | BJ82: ФССЦ-2001, 07.1.01.03-0001, приказ Минстроя России №1039/пр от 30.12.2016г. | BM82: 9001 | BN82: 0 | BP82: 0 | BQ82: 2 | BR82: 0 | BS82: 1 | BT82: 1 | BU82: 1 | BV82: 1 | BW82: 1 | BX82: 1 | BZ82: 90 | CA82: 85 | CF82: 0 | CG82: 0 | CM82: 0 | CO82: 0 | CP82: =(P82+Q82+S82) -> 95754.55 | CQ82: =AC82*BC82 -> 12665.946 | CR82: =AD82*BB82 -> 0 | CS82: =AE82*BS82 -> 0 | CT82: =AF82*BA82 -> 0 | CU82: =AG82 -> 0 | CV82: =AH82 -> 0 | CW82: =AI82 -> 0 | CX82: =AJ82 -> 0 | CY82: =(((S82+R82)*AT82)/100) -> 0 | CZ82: =(((S82+R82)*AU82)/100) -> 0 | DN82: 0 | DO82: 0 | DP82: 1 | DQ82: 1 | DU82: 1005 | DV82: м2 | DW82: м2 | DX82: 1 | EE82: 16609106 | EF82: 2 | EG82: Общестроительные работы | EH82: 0 | EJ82: 1 | EK82: 9001 | EL82: Металлические конструкции | EM82: ФЕР-09 | EQ82: 0 | ER82: 1799.14 | ES82: 1799.14 | ET82: 0 | EU82: 0 | EV82: 0 | EW82: 0 | EX82: 0 | FQ82: 0 | FR82: =ROUND(IF(AND(BH82=3,BI82=3),P82,0),2) -> 0 | FS82: 0 | FT82: *0,9 | FU82: *0,85 | FX82: 81 | FY82: 72.25 | GD82: 0 | GF82: 883638919 | GG82: 1 | GH82: 1 | GI82: 4 | GJ82: 0 | GK82: =ROUND(R82*(R12)/100,2) -> 0 | GL82: =ROUND(IF(AND(BH82=3,BI82=3,FS82<>0),P82,0),2) -> 0 | GM82: =ROUND(O82+X82+Y82+GK82,2)+GX82 -> 95754.55 | GN82: =IF(OR(BI82=0,BI82=1),ROUND(O82+X82+Y82+GK82,2),0) -> 95754.55 | GO82: =IF(BI82=2,ROUND(O82+X82+Y82+GK82,2),0) -> 0 | GP82: =IF(BI82=4,ROUND(O82+X82+Y82+GK82,2)+GX82,0) -> 0 | GR82: 0 | GS82: 3 | GT82: 0 | GV82: =ROUND(GT82,2) -> 0 | GW82: 1 | GX82: =ROUND(GV82*GW82*I82,2) -> 0 | HA82: 0 | HB82: 0 | IK82: 0
A83: 17 | B83: 1 | C83: =ROW(SmtRes!A178) -> 178 | D83: =ROW(EtalonRes!A189) -> 189 | E83: 32 | F83: 57-10-3 | G83: Заделка выбоин в полах цементных площадью до 1,0 м2 | H83: 100 мест | I83: =ROUND(8/100,9) -> 0.08 | J83: 0 | O83: =ROUND(CP83,2) -> 623.4 | P83: =ROUND(CQ83*I83,2) -> 0.14 | Q83: =ROUND(CR83*I83,2) -> 26.45 | R83: =ROUND(CS83*I83,2) -> 0 | S83: =ROUND(CT83*I83,2) -> 596.81 | T83: =ROUND(CU83*I83,2) -> 0 | U83: =CV83*I83 -> 9.9384 | V83: =CW83*I83 -> 0 | W83: =ROUND(CX83*I83,2) -> 0 | X83: =ROUND(CY83,2) -> 477.45 | Y83: =ROUND(CZ83,2) -> 405.83 | AA83: 16612262 | AB83: =ROUND((AC83+AD83+AF83),2) -> 1106.88 | AC83: =ROUND((ES83),2) -> 0.24 | AD83: =ROUND((((ET83)-(EU83))+AE83),2) -> 46.96 | AE83: =ROUND((EU83),2) -> 0 | AF83: =ROUND((EV83),2) -> 1059.68 | AG83: =ROUND((AP83),2) -> 0 | AH83: =(EW83) -> 124.23 | AI83: =(EX83) -> 0 | AJ83: =ROUND((AS83),2) -> 0 | AK83: 1106.88 | AL83: 0.24 | AM83: 46.96 | AN83: 0 | AO83: 1059.68 | AP83: 0 | AQ83: 124.23 | AR83: 0 | AS83: 0 | AT83: 80 | AU83: 68 | AV83: 1 | AW83: 1 | AZ83: 7.04 | BA83: 7.04 | BB83: 7.04 | BC83: 7.04 | BH83: 0 | BI83: 1 | BJ83: ФЕР-2001, 57-10-3, приказ Минстроя России №1039/пр от 30.12.2016г. | BM83: 57001 | BN83: 0 | BP83: 0 | BQ83: 6 | BR83: 0 | BS83: 7.04 | BT83: 1 | BU83: 1 | BV83: 1 | BW83: 1 | BX83: 1 | BZ83: 80 | CA83: 68 | CF83: 0 | CG83: 0 | CM83: 0 | CO83: 0 | CP83: =(P83+Q83+S83) -> 623.4 | CQ83: =AC83*BC83 -> 1.6896 | CR83: =AD83*BB83 -> 330.5984 | CS83: =AE83*BS83 -> 0 | CT83: =AF83*BA83 -> 7460.1472 | CU83: =AG83 -> 0 | CV83: =AH83 -> 124.23 | CW83: =AI83 -> 0 | CX83: =AJ83 -> 0 | CY83: =(((S83+R83)*AT83)/100) -> 477.448 | CZ83: =(((S83+R83)*AU83)/100) -> 405.8308 | DN83: 0 | DO83: 0 | DP83: 1 | DQ83: 1 | DU83: 1013 | DV83: 100 мест | DW83: 100 мест | DX83: 1 | EE83: 16609182 | EF83: 6 | EG83: Ремонтно-строительные работы | EH83: 0 | EJ83: 1 | EK83: 57001 | EL83: Полы | EM83: рФЕР-57 | EQ83: 131072 | ER83: 1106.88 | ES83: 0.24 | ET83: 46.96 | EU83: 0 | EV83: 1059.68 | EW83: 124.23 | EX83: 0 | EY83: 0 | FQ83: 0 | FR83: =ROUND(IF(AND(BH83=3,BI83=3),P83,0),2) -> 0 | FS83: 0 | FX83: 80 | FY83: 68 | GD83: 0 | GF83: 424324215 | GG83: 1 | GH83: 1 | GI83: 4 | GJ83: 0 | GK83: =ROUND(R83*(R12)/100,2) -> 0 | GL83: =ROUND(IF(AND(BH83=3,BI83=3,FS83<>0),P83,0),2) -> 0 | GM83: =ROUND(O83+X83+Y83+GK83,2)+GX83 -> 1506.68 | GN83: =IF(OR(BI83=0,BI83=1),ROUND(O83+X83+Y83+GK83,2),0) -> 1506.68 | GO83: =IF(BI83=2,ROUND(O83+X83+Y83+GK83,2),0) -> 0 | GP83: =IF(BI83=4,ROUND(O83+X83+Y83+GK83,2)+GX83,0) -> 0 | GR83: 0 | GS83: 3 | GT83: 0 | GV83: =ROUND(GT83,2) -> 0 | GW83: 1 | GX83: =ROUND(GV83*GW83*I83,2) -> 0 | HA83: 0 | HB83: 0 | IK83: 0
A84: 18 | B84: 1 | C84: 178 | E84: 32,1 | F84: 04.3.01.09-0001 | G84: Раствор готовый кладочный тяжелый цементный | H84: м3 | I84: =I83*J84 -> 0.1712 | J84: 2.14 | O84: =ROUND(CP84,2) -> 512.09 | P84: =ROUND(CQ84*I84,2) -> 512.09 | Q84: =ROUND(CR84*I84,2) -> 0 | R84: =ROUND(CS84*I84,2) -> 0 | S84: =ROUND(CT84*I84,2) -> 0 | T84: =ROUND(CU84*I84,2) -> 0 | U84: =CV84*I84 -> 0 | V84: =CW84*I84 -> 0 | W84: =ROUND(CX84*I84,2) -> 0 | X84: =ROUND(CY84,2) -> 0 | Y84: =ROUND(CZ84,2) -> 0 | AA84: 16612262 | AB84: =ROUND((AC84+AD84+AF84),2) -> 424.88 | AC84: =ROUND((ES84),2) -> 424.88 | AD84: =ROUND((((ET84)-(EU84))+AE84),2) -> 0 | AE84: =ROUND((EU84),2) -> 0 | AF84: =ROUND((EV84),2) -> 0 | AG84: =ROUND((AP84),2) -> 0 | AH84: =(EW84) -> 0 | AI84: =(EX84) -> 0 | AJ84: =ROUND((AS84),2) -> 0 | AK84: 424.88 | AL84: 424.88 | AM84: 0 | AN84: 0 | AO84: 0 | AP84: 0 | AQ84: 0 | AR84: 0 | AS84: 0 | AT84: 80 | AU84: 68 | AV84: 1 | AW84: 1 | AZ84: 7.04 | BA84: 1 | BB84: 1 | BC84: 7.04 | BH84: 3 | BI84: 1 | BJ84: ФССЦ-2001, 04.3.01.09-0001, приказ Минстроя России №1039/пр от 30.12.2016г. | BM84: 57001 | BN84: 0 | BP84: 0 | BQ84: 6 | BR84: 0 | BS84: 1 | BT84: 1 | BU84: 1 | BV84: 1 | BW84: 1 | BX84: 1 | BZ84: 80 | CA84: 68 | CF84: 0 | CG84: 0 | CM84: 0 | CO84: 0 | CP84: =(P84+Q84+S84) -> 512.09 | CQ84: =AC84*BC84 -> 2991.1552 | CR84: =AD84*BB84 -> 0 | CS84: =AE84*BS84 -> 0 | CT84: =AF84*BA84 -> 0 | CU84: =AG84 -> 0 | CV84: =AH84 -> 0 | CW84: =AI84 -> 0 | CX84: =AJ84 -> 0 | CY84: =(((S84+R84)*AT84)/100) -> 0 | CZ84: =(((S84+R84)*AU84)/100) -> 0 | DN84: 0 | DO84: 0 | DP84: 1 | DQ84: 1 | DU84: 1007 | DV84: м3 | DW84: м3 | DX84: 1 | EE84: 16609182 | EF84: 6 | EG84: Ремонтно-строительные работы | EH84: 0 | EJ84: 1 | EK84: 57001 | EL84: Полы | EM84: рФЕР-57 | EQ84: 0 | ER84: 424.88 | ES84: 424.88 | ET84: 0 | EU84: 0 | EV84: 0 | EW84: 0 | EX84: 0 | FQ84: 0 | FR84: =ROUND(IF(AND(BH84=3,BI84=3),P84,0),2) -> 0 | FS84: 0 | FX84: 80 | FY84: 68 | GD84: 0 | GF84: -1048055182 | GG84: 1 | GH84: 1 | GI84: 4 | GJ84: 0 | GK84: =ROUND(R84*(R12)/100,2) -> 0 | GL84: =ROUND(IF(AND(BH84=3,BI84=3,FS84<>0),P84,0),2) -> 0 | GM84: =ROUND(O84+X84+Y84+GK84,2)+GX84 -> 512.09 | GN84: =IF(OR(BI84=0,BI84=1),ROUND(O84+X84+Y84+GK84,2),0) -> 512.09 | GO84: =IF(BI84=2,ROUND(O84+X84+Y84+GK84,2),0) -> 0 | GP84: =IF(BI84=4,ROUND(O84+X84+Y84+GK84,2)+GX84,0) -> 0 | GR84: 0 | GS84: 3 | GT84: 0 | GV84: =ROUND(GT84,2) -> 0 | GW84: 1 | GX84: =ROUND(GV84*GW84*I84,2) -> 0 | HA84: 0 | HB84: 0 | IK84: 0
